Workbook

Sheet 200 DESONERADO
B1: COMPANHIA DE DESENVOLVIMENTO HABITACIONAL E URBANO
A2: DO ESTADO DE SÃO PAULO
A3: BOLETIM REFERENCIAL DE CUSTOS - TABELA DE SERVIÇOS
A4: COM DESONERAÇÃO
F5: Versão 200
E6: Data Base: | F6: NOV/25
C7: BDI : | D7: 0 | E7: L.S.: | F7: 1.0539
A8: Referência | B8: Descrição | C8: Un | D8: Material | E8: Mão de Obra | F8: Custo Total
A9: 01 | B9: SERVICO TECNICO ESPECIALIZADO
A10: 01.02 | B10: Parecer técnico
A11: 01.02.071 | B11: Parecer técnico de fundações, contenções e recomendações gerais, para empreendimentos com área construída até 1.000 m² | C11: UN | E11: 6483.99 | F11: 6483.99 | G11: 15
A12: 01.02.081 | B12: Parecer técnico de fundações, contenções e recomendações gerais, para empreendimentos com área construída de 1.001 a 2.000 m² | C12: UN | E12: 8622.44 | F12: 8622.44 | G12: 15
A13: 01.02.091 | B13: Parecer técnico de fundações, contenções e recomendações gerais, para empreendimentos com área construída de 2.001 a 5.000 m² | C13: UN | E13: 14729.05 | F13: 14729.05 | G13: 15
A14: 01.02.101 | B14: Parecer técnico de fundações, contenções e recomendações gerais, para empreendimentos com área construída de 5.001 a 10.000 m² | C14: UN | E14: 20195.27 | F14: 20195.27 | G14: 15
A15: 01.02.111 | B15: Parecer técnico de fundações, contenções e recomendações gerais, para empreendimentos com área construída acima de 10.000 m² | C15: UN | E15: 23534.46 | F15: 23534.46 | G15: 15
A16: 01.06 | B16: Projeto de instalações elétricas
A17: 01.06.021 | B17: Elaboração de projeto de adequação de entrada de energia elétrica junto a concessionária, com medição em baixa tensão e demanda até 75 kVA | C17: UN | E17: 8281.6 | F17: 8281.6 | G17: 15
A18: 01.06.031 | B18: Elaboração de projeto de adequação de entrada de energia elétrica junto a concessionária, com medição em média tensão, subestação simplificada e demanda de 75 kVA a 300 kVA | C18: UN | E18: 14027.58 | F18: 14027.58 | G18: 15
A19: 01.06.032 | B19: Elaboração de projeto de adequação de entrada de energia elétrica junto a concessionária, com medição em média tensão e demanda de 75 kVA a 300 kVA | C19: UN | E19: 18981.8 | F19: 18981.8 | G19: 15
A20: 01.06.041 | B20: Elaboração de projeto de adequação de entrada de energia elétrica junto a concessionária, com medição em média tensão e demanda acima de 300 kVA a 2 MVA | C20: UN | E20: 25247.9 | F20: 25247.9 | G20: 15
A21: 01.17 | B21: Projeto executivo
A22: 01.17.031 | B22: Projeto executivo de arquitetura em formato A1 | C22: UN | E22: 3262 | F22: 3262 | G22: 15
A23: 01.17.041 | B23: Projeto executivo de arquitetura em formato A0 | C23: UN | E23: 4409.93 | F23: 4409.93 | G23: 15
A24: 01.17.051 | B24: Projeto executivo de estrutura em formato A1 | C24: UN | E24: 2392.32 | F24: 2392.32 | G24: 15
A25: 01.17.061 | B25: Projeto executivo de estrutura em formato A0 | C25: UN | E25: 3273.17 | F25: 3273.17 | G25: 15
A26: 01.17.071 | B26: Projeto executivo de instalações hidráulicas em formato A1 | C26: UN | E26: 1027.03 | F26: 1027.03 | G26: 15
A27: 01.17.081 | B27: Projeto executivo de instalações hidráulicas em formato A0 | C27: UN | E27: 1367.12 | F27: 1367.12 | G27: 15
A28: 01.17.111 | B28: Projeto executivo de instalações elétricas em formato A1 | C28: UN | E28: 1140.48 | F28: 1140.48 | G28: 15
A29: 01.17.121 | B29: Projeto executivo de instalações elétricas em formato A0 | C29: UN | E29: 1581.35 | F29: 1581.35 | G29: 15
A30: 01.17.151 | B30: Projeto executivo de climatização em formato A1 | C30: UN | E30: 2195.21 | F30: 2195.21 | G30: 15
A31: 01.17.161 | B31: Projeto executivo de climatização em formato A0 | C31: UN | E31: 2992.33 | F31: 2992.33 | G31: 15
A32: 01.17.171 | B32: Projeto executivo de chuveiros automáticos em formato A1 | C32: UN | E32: 1895.21 | F32: 1895.21 | G32: 15
A33: 01.17.181 | B33: Projeto executivo de chuveiros automáticos em formato A0 | C33: UN | E33: 2449.64 | F33: 2449.64 | G33: 15
A34: 01.20 | B34: Levantamento topográfico e geofísico
A35: 01.20.010 | B35: Taxa de mobilização e desmobilização de equipamentos para execução de levantamento topográfico | C35: TX | D35: 1150.83 | F35: 1150.83 | G35: 15
A36: 01.20.280 | B36: Levantamento planimétrico de área pavimentada para veículo e pedestre | C36: M2 | D36: 0.07 | E36: 0.16 | F36: 0.23 | G36: 15
A37: 01.20.691 | B37: Levantamento planimétrico cadastral com áreas ocupadas predominantemente por comunidades - área até 20.000 m² (mínimo de 3.500 m²) | C37: M2 | D37: 0.41 | E37: 0.53 | F37: 0.94 | G37: 15
A38: 01.20.701 | B38: Levantamento planimétrico cadastral com áreas ocupadas predominantemente por comunidades - área acima de 20.000 m² até 200.000 m² | C38: M2 | D38: 0.32 | E38: 0.42 | F38: 0.74 | G38: 15
A39: 01.20.711 | B39: Levantamento planimétrico cadastral com áreas ocupadas predominantemente por comunidades - área acima de 200.000 m² | C39: M2 | D39: 0.27 | E39: 0.35 | F39: 0.62 | G39: 15
A40: 01.20.721 | B40: Levantamento planimétrico cadastral com áreas até 50% de ocupação - área até 20.000 m² (mínimo de 3.500 m²) | C40: M2 | D40: 0.37 | E40: 0.46 | F40: 0.83 | G40: 15
A41: 01.20.731 | B41: Levantamento planimétrico cadastral com áreas até 50% de ocupação - área acima de 20.000 m² até 200.000 m² | C41: M2 | D41: 0.17 | E41: 0.51 | F41: 0.68 | G41: 15
A42: 01.20.741 | B42: Levantamento planimétrico cadastral com áreas até 50% de ocupação - área acima de 200.000 m² | C42: M2 | D42: 0.23 | E42: 0.28 | F42: 0.51 | G42: 15
A43: 01.20.751 | B43: Levantamento planimétrico cadastral com áreas acima de 50% de ocupação - área até 20.000 m² (mínimo de 4.000 m²) | C43: M2 | D43: 0.32 | E43: 0.42 | F43: 0.74 | G43: 15
A44: 01.20.761 | B44: Levantamento planimétrico cadastral com áreas acima de 50% de ocupação - área acima de 20.000 m² até 200.000 m² | C44: M2 | D44: 0.28 | E44: 0.35 | F44: 0.63 | G44: 15
A45: 01.20.771 | B45: Levantamento planimétrico cadastral com áreas acima de 50% de ocupação - área acima de 200.000 m² | C45: M2 | D45: 0.27 | E45: 0.35 | F45: 0.62 | G45: 15
A46: 01.20.781 | B46: Levantamento planialtimétrico cadastral com áreas ocupadas predominantemente por comunidades - área até 20.000 m² (mínimo de 3.500 m²) | C46: M2 | D46: 0.45 | E46: 0.56 | F46: 1.01 | G46: 15
A47: 01.20.791 | B47: Levantamento planialtimétrico cadastral com áreas ocupadas predominantemente por comunidades - área acima de 20.000 m² até 200.000 m² | C47: M2 | D47: 0.36 | E47: 0.45 | F47: 0.81 | G47: 15
... A60: 01.20.921 | B60: Implantação de marcos através de levantamento com GPS (mínimo de 3 marcos) | C60: UN | D60: 711.95 | E60: 462.94 | F60: 1174.89 | G60: 15
A61: 01.21 | B61: Estudo geotecnico (sondagem)
A62: 01.21.010 | B62: Taxa de mobilização e desmobilização de equipamentos para execução de sondagem | C62: TX | D62: 1342.33 | F62: 1342.33 | G62: 15
A63: 01.21.090 | B63: Taxa de mobilização e desmobilização de equipamentos para execução de sondagem rotativa | C63: TX | D63: 6995.32 | F63: 6995.32 | G63: 15
A64: 01.21.100 | B64: Sondagem do terreno a trado | C64: M | D64: 104.58 | F64: 104.58 | G64: 15
A65: 01.21.110 | B65: Sondagem do terreno à percussão (mínimo de 30 m) | C65: M | D65: 91.32 | F65: 91.32 | G65: 15
A66: 01.21.120 | B66: Sondagem do terreno rotativa em solo | C66: M | D66: 412.79 | F66: 412.79 | G66: 15
A67: 01.21.130 | B67: Sondagem do terreno rotativa em rocha | C67: M | D67: 653.01 | F67: 653.01 | G67: 15
A68: 01.21.140 | B68: Sondagem do terreno à percussão com a utilização de torquímetro (mínimo de 30 m) | C68: M | D68: 101.61 | F68: 101.61 | G68: 15
A69: 01.23 | B69: Tratamento, recuperação e trabalhos especiais em concreto
A70: 01.23.010 | B70: Taxa de mobilização e desmobilização de equipamentos para execução de corte em concreto armado | C70: TX | D70: 421.15 | F70: 421.15 | G70: 15
A71: 01.23.020 | B71: Limpeza de armadura com escova de aço | C71: M2 | D71: 3.09 | E71: 6.13 | F71: 9.22 | G71: 15
A72: 01.23.030 | B72: Preparo de ponte de aderência com adesivo a base de epóxi | C72: M2 | D72: 100.85 | E72: 45.31 | F72: 146.16 | G72: 15
A73: 01.23.056 | B73: Tratamento de armadura com produto anticorrosivo a base de zinco | C73: M2 | D73: 22.13 | E73: 43.21 | F73: 65.34 | G73: 15
A74: 01.23.060 | B74: Corte de concreto deteriorado inclusive remoção dos detritos | C74: M2 | E74: 30.66 | F74: 30.66 | G74: 15
A75: 01.23.070 | B75: Demarcação de área com disco de corte diamantado | C75: M | D75: 1.07 | E75: 4.53 | F75: 5.6 | G75: 15
A76: 01.23.100 | B76: Demolição de concreto armado com preservação de armadura, para reforço e recuperação estrutural | C76: M3 | E76: 462.76 | F76: 462.76 | G76: 15
A77: 01.23.140 | B77: Furação de 1 1/4´ em concreto armado | C77: M | D77: 270.07 | F77: 270.07 | G77: 15
A78: 01.23.150 | B78: Furação de 1 1/2´ em concreto armado | C78: M | D78: 272.4 | F78: 272.4 | G78: 15
A79: 01.23.160 | B79: Furação de 2 1/4´ em concreto armado | C79: M | D79: 377.36 | F79: 377.36 | G79: 15
A80: 01.23.190 | B80: Furação de 2 1/2´ em concreto armado | C80: M | D80: 387.85 | F80: 387.85 | G80: 15
A81: 01.23.200 | B81: Taxa de mobilização e desmobilização de equipamentos para execução de perfuração em concreto | C81: TX | D81: 227.04 | F81: 227.04 | G81: 15
A82: 01.23.221 | B82: Furação para até 10mm x 100mm em concreto armado, inclusive colagem de armadura (para até 8mm) | C82: UN | D82: 13.6 | F82: 13.6 | G82: 15
A83: 01.23.222 | B83: Furação para 12,5mm x 100mm em concreto armado, inclusive colagem de armadura (para 10mm) | C83: UN | D83: 15.81 | F83: 15.81 | G83: 15
A84: 01.23.223 | B84: Furação para 16mm x 100mm em concreto armado, inclusive colagem de armadura (para 12,5mm) | C84: UN | D84: 16.31 | F84: 16.31 | G84: 15
A85: 01.23.231 | B85: Furação para até 10mm x 150mm em concreto armado, inclusive colagem de armadura (para até 8mm) | C85: UN | D85: 21.13 | F85: 21.13 | G85: 15
A86: 01.23.232 | B86: Furação para 12,5mm x 150mm em concreto armado, inclusive colagem de armadura (para 10mm) | C86: UN | D86: 21.92 | F86: 21.92 | G86: 15
A87: 01.23.233 | B87: Furação para 16mm x 150mm em concreto armado, inclusive colagem de armadura (para 12,5mm) | C87: UN | D87: 25.63 | F87: 25.63 | G87: 15
A88: 01.23.234 | B88: Furação para 20mm x 150mm em concreto armado, inclusive colagem de armadura (para 16mm) | C88: UN | D88: 27.79 | F88: 27.79 | G88: 15
... A99: 01.23.510 | B99: Corte vertical em concreto armado, espessura de 15 cm | C99: M | D99: 226.39 | F99: 226.39 | G99: 15
A100: 01.23.700 | B100: Taxa de mobilização e desmobilização para reforço estrutural com fibra de carbono | C100: TX | D100: 1629.92 | E100: 4159.8 | F100: 5789.72 | G100: 15
A101: 01.23.701 | B101: Preparação de substrato para colagem de fibra de carbono, mediante lixamento e/ou apicoamento e escovação | C101: M2 | D101: 7.49 | E101: 44.29 | F101: 51.78 | G101: 15
A102: 01.23.702 | B102: Fibra de carbono para reforço estrutural de alta resistência - 300 g/m² | C102: M2 | D102: 163.19 | E102: 315.13 | F102: 478.32 | G102: 15
A103: 01.27 | B103: Estudo e programa ambientais
A104: 01.27.011 | B104: Projeto e implementação de gerenciamento integrado de resíduos sólidos e gestão de perdas | C104: UN | D104: 196.55 | E104: 9191.49 | F104: 9388.04 | G104: 15
A105: 01.27.021 | B105: Projeto e implementação de educação ambiental | C105: UN | D105: 196.55 | E105: 12312.08 | F105: 12508.63 | G105: 15
A106: 01.27.031 | B106: Projeto e implementação de controle ambiental de obra | C106: UN | D106: 196.55 | E106: 10894.29 | F106: 11090.84 | G106: 15
A107: 01.27.041 | B107: Laudo de caracterização de vegetação | C107: UN | D107: 569.3 | E107: 25369.8 | F107: 25939.1 | G107: 15
A108: 01.27.051 | B108: Laudo de caracterização da fauna associada à flora | C108: UN | D108: 569.3 | E108: 38929.39 | F108: 39498.69 | G108: 15
A109: 01.27.061 | B109: Projeto e implementação de monitoramento da fauna durante a obra | C109: UN | D109: 569.3 | E109: 15432.67 | F109: 16001.97 | G109: 15
A110: 01.27.071 | B110: Laudo de autodepuração | C110: UN | D110: 462.8 | E110: 18522.79 | F110: 18985.59 | G110: 15
A111: 01.27.091 | B111: Estudo de impacto de vizinhança, em área urbana até 10.000 m² | C111: UN | D111: 281.75 | E111: 30001.4 | F111: 30283.15 | G111: 15
A112: 01.28 | B112: Poço profundo
A113: 01.28.010 | B113: Taxa de mobilização e desmobilização de equipamentos para execução de perfuração para poço profundo - profundidade até 200 m | C113: TX | D113: 8405.03 | F113: 8405.03 | G113: 15
A114: 01.28.020 | B114: Taxa de mobilização e desmobilização de equipamentos para execução de perfuração para poço profundo - profundidade acima de 200 m e até 300 m | C114: TX | D114: 13648.77 | F114: 13648.77 | G114: 15
A115: 01.28.030 | B115: Taxa de mobilização e desmobilização de equipamentos para execução de perfuração para poço profundo - profundidade acima de 300 m | C115: TX | D115: 13560.03 | F115: 13560.03 | G115: 15
A116: 01.28.040 | B116: Perfuração rotativa para poço profundo em camadas de solos sedimentares, diâmetro de 8 1/2" (215,90 mm) | C116: M | D116: 732.99 | F116: 732.99 | G116: 15
A117: 01.28.050 | B117: Perfuração rotativa para poço profundo em aluvião, arenito, ou solos sedimentados em geral, diâmetro de 10" (250 mm) | C117: M | D117: 517.99 | F117: 517.99 | G117: 15
A118: 01.28.060 | B118: Perfuração rotativa para poço profundo em aluvião, arenito, ou solos sedimentados em geral, diâmetro de 12" (300 mm) | C118: M | D118: 1288.52 | F118: 1288.52 | G118: 15
A119: 01.28.070 | B119: Perfuração rotativa para poço profundo em aluvião, arenito, ou solos sedimentados em geral, diâmetro de 14" (350 mm) | C119: M | D119: 1394.38 | F119: 1394.38 | G119: 15
A120: 01.28.080 | B120: Perfuração rotativa para poço profundo em aluvião, arenito, ou solos sedimentados em geral, diâmetro de 16" (400 mm) | C120: M | D120: 1733.69 | F120: 1733.69 | G120: 15
A121: 01.28.090 | B121: Perfuração rotativa para poço profundo em aluvião, arenito, ou solos sedimentados em geral, diâmetro de 18" (450 mm) | C121: M | D121: 2219.14 | F121: 2219.14 | G121: 15
A122: 01.28.100 | B122: Perfuração rotativa para poço profundo em aluvião, arenito, ou solos sedimentados em geral, diâmetro de 20" (500 mm) | C122: M | D122: 2510.5 | F122: 2510.5 | G122: 15
...

Sheet BDI DESON.
B2: DEMONSTRATIVO DE COMPOSIÇÃO DO BDI (acórdào 2622/2013-TCU-Plenário)
B4: Prefeitura do Município de Santa Branca
B5: Processo nº ST-PRC_2021-00146-DM
B6: Convênio nº
B7: Data da Elaboração: 02/09/2021
B8: Objeto: XXXXXXXXXXXXX
B10: Cálculo do BDI - COM DESONERAÇÃO Fórmula e parâmetros estabelecidos pelo Acórdão 2622/2013-TCU-Plenário
B11: Item | C11: 1º quartil | D11: 3º quartil | E11: Médio | F11: Identificação
B12: AC | C12: 3.8 | D12: 4.67 | E12: 4.5 | F12: Administração Central
B13: S e G | C13: 0.32 | D13: 0.74 | E13: 0.55 | F13: Seguro e Garantia
B14: R | C14: 0.5 | D14: 0.97 | E14: 0.68 | F14: Risco
B15: DF | C15: 1.02 | D15: 1.21 | E15: 1.02 | F15: Despesas Financeiras
B16: L | C16: 6.64 | D16: 8.69 | E16: 6 | F16: Lucro
B17: I * | C17: conforme legislação | E17: =C24 -> 10.15 | F17: Tributos *
B19: TRIBUTOS | C19: %
B20: PIS** | C20: 0.65
B21: COFINS** | C21: 3
B22: Cont. Previd. | C22: 4.5 | D22: (Contribuição Previdenciária sobre a receita bruta, no caso de desoneração na folha)
B23: ISS | C23: =IF(OR(H27="",J26=""),"",IF(ROUND(J26*H27*100,2)>5,"ERRO",(ROUND(J26*H27*100,2)))) -> 2
B24: Total | C24: =IF(C23="","",SUM(C20:C23)) -> 10.15
B26: Declaramos que, conforme legislação tributária municipal, a base de cálculo do ISS é de | J26: 1
B27: sobre o valor da obra e a aliquota do ISS aplicável no Município é de | H27: 0.02 | I27: ← (limitado a 5,00%)
D29: TOTAL | E29: =IF(OR(C23="",E12="",E13="",E14="",E15="",E16=""),0,ROUND((((1+E12/100+E13/100+E14/100)*(1+E15/100)*(1+E16/100)/(1-(C24/100)))-1)*100,2)) -> 26.01 | F29: BDI A SER ADOTADO (com desoneração)
B31: Verificação: | C31: =IF(OR(C23="",E12="",E13="",E14="",E15="",E16=""),0,IF(OR(ROUND((((1+E12/100+E13/100+E14/100)*(1+E15/100)*(1+E16/100)/(1-((C24-C22)/100)))-1)*100,2)>24.23,ROUND((((1+E12/100+E13/100+E14/100)*(1+E15/100)*(1+E16/100)/(1-((C24-C22)/100)))-1)*100,2)<19.6),"FORA DO LIMITE !",ROUND((((1+E12/100+E13/100+E14/100)*(1+E15/100)*(1+E16/100)/(1-((C24-C22)/100)))-1)*100,2))) -> 20 | D31: ← limite 19,60% a 24,23% (com desoneração)
B33: FÓRMULA
B35: BDI calculado pela expressão: BDI = { [ (1+AC/100+S/100+R/100+G/100) x (1+DF/100) x (1+L/100) / (1-I/100)] -1} x 100
B39: Declaramos sob pena da Lei que a alternativa adotada pela Prefeitura do Município de Santa Branca é Sem Desoneração e que é a mais vantajosa para a Administração Pública.
J41: Santa Branca, 02 de setembro de 2021.
B46: Arthur Ribeiro Alvares Pimenta | G46: Hudson de Melo Domiciano
B47: Responsável Técnico | G47: Gestor Contábil
B48: CREA/SP: 5069103559 | G48: CRC-SP 1SP302996/O-1
A738: 13.01.190 | B738: Laje pré-fabricada mista vigota treliçada/lajota cerâmica - LT 24 (20+4) e capa com concreto de 25 MPa | C738: M2 | D738: 141,86 | E738: 30,41 | F738: 172,27
A739: 13.01.210 | B739: Laje pré-fabricada mista vigota treliçada/lajota cerâmica - LT 30 (24+6) e capa com concreto de 25 MPa | C739: M2 | D739: 178,03 | E739: 33,38 | F739: 211,41
A740: 13.01.310 | B740: Laje pré-fabricada unidirecional em viga treliçada/lajota em EPS LT 12 (8 + 4), com capa de concreto de 25 MPa | C740: M2 | D740: 102,42 | E740: 25,75 | F740: 128,17
A741: 13.01.320 | B741: Laje pré-fabricada unidirecional em viga treliçada/lajota em EPS LT 16 (12 + 4), com capa de concreto de 25 MPa | C741: M2 | D741: 119,56 | E741: 25,75 | F741: 145,31
A742: 13.01.330 | B742: Laje pré-fabricada unidirecional em viga treliçada/lajota em EPS LT 20 (16 + 4), com capa de concreto de 25 MPa | C742: M2 | D742: 163,32 | E742: 28,08 | F742: 191,40
A743: 13.01.340 | B743: Laje pré-fabricada unidirecional em viga treliçada/lajota em EPS LT 25 (20 + 5), com capa de concreto de 25 MPa | C743: M2 | D743: 152,83 | E743: 30,41 | F743: 183,24
A744: 13.01.350 | B744: Laje pré-fabricada unidirecional em viga treliçada/lajota em EPS LT 30 (25 + 5), com capa de concreto de 25 MPa | C744: M2 | D744: 240,53 | E744: 33,38 | F744: 273,91
A745: 13.02 | B745: Laje pre-fabricada mista em vigotas protendidas e lajotas
A746: 13.02.150 | B746: Laje pré-fabricada mista vigota protendida/lajota cerâmica - LP 12 (8+4) e capa com concreto de 25 MPa | C746: M2 | D746: 114,25 | E746: 25,75 | F746: 140,00
A747: 13.02.170 | B747: Laje pré-fabricada mista vigota protendida/lajota cerâmica - LP 16 (12+4) e capa com concreto de 25 MPa | C747: M2 | D747: 131,21 | E747: 28,08 | F747: 159,29
A748: 13.02.190 | B748: Laje pré-fabricada mista vigota protendida/lajota cerâmica - LP 20 (16+4) e capa com concreto de 25 MPa | C748: M2 | D748: 141,10 | E748: 30,41 | F748: 171,51
A749: 13.02.210 | B749: Laje pré-fabricada mista vigota protendida/lajota cerâmica - LP 25 (20+5) e capa com concreto de 25 MPa | C749: M2 | D749: 152,71 | E749: 33,38 | F749: 186,09
A750: 13.05 | B750: Pre-laje
A751: 13.05.084 | B751: Pré-laje em painel pré-fabricado treliçado, com EPS, H= 12 cm | C751: M2 | D751: 129,94 | E751: 7,85 | F751: 137,79
A752: 13.05.090 | B752: Pré-laje em painel pré-fabricado treliçado, com EPS, H= 16 cm | C752: M2 | D752: 134,52 | E752: 8,26 | F752: 142,78
A753: 13.05.094 | B753: Pré-laje em painel pré-fabricado treliçado, com EPS, H= 20 cm | C753: M2 | D753: 146,74 | E753: 8,66 | F753: 155,40
A754: 13.05.096 | B754: Pré-laje em painel pré-fabricado treliçado, com EPS, H= 25 cm | C754: M2 | D754: 169,79 | E754: 8,82 | F754: 178,61
A755: 13.05.110 | B755: Pré-laje em painel pré-fabricado treliçado, H= 12 cm | C755: M2 | D755: 121,44 | E755: 7,85 | F755: 129,29
A756: 13.05.150 | B756: Pré-laje em painel pré-fabricado treliçado, H= 16 cm | C756: M2 | D756: 131,40 | E756: 8,25 | F756: 139,65
A757: 14 | B757: ALVENARIA E ELEMENTO DIVISOR
A758: 14.01 | B758: Alvenaria de fundação (embasamento)
A759: 14.01.020 | B759: Alvenaria de embasamento em tijolo maciço comum | C759: M3 | D759: 459,31 | E759: 266,50 | F759: 725,81
A760: 14.01.050 | B760: Alvenaria de embasamento em bloco de concreto de 14 x 19 x 39 cm - classe A | C760: M2 | D760: 47,06 | E760: 25,57 | F760: 72,63
A761: 14.01.060 | B761: Alvenaria de embasamento em bloco de concreto de 19 x 19 x 39 cm - classe A | C761: M2 | D761: 61,29 | E761: 26,15 | F761: 87,44
A762: 14.02 | B762: Alvenaria com tijolo maciço comum ou especial
A763: 14.02.020 | B763: Alvenaria de elevação de 1/4 tijolo maciço comum | C763: M2 | D763: 28,34 | E763: 32,90 | F763: 61,24
A764: 14.02.030 | B764: Alvenaria de elevação de 1/2 tijolo maciço comum | C764: M2 | D764: 39,03 | E764: 52,07 | F764: 91,10
A765: 14.02.040 | B765: Alvenaria de elevação de 1 tijolo maciço comum | C765: M2 | D765: 86,16 | E765: 84,51 | F765: 170,67
A766: 14.02.050 | B766: Alvenaria de elevação de 1 1/2 tijolo maciço comum | C766: M2 | D766: 124,59 | E766: 104,22 | F766: 228,81
A767: 14.02.070 | B767: Alvenaria de elevação de 1/2 tijolo maciço aparente | C767: M2 | D767: 108,04 | E767: 52,07 | F767: 160,11
A768: 14.02.080 | B768: Alvenaria de elevação de 1 tijolo maciço aparente | C768: M2 | D768: 244,78 | E768: 84,51 | F768: 329,29
A769: 14.03 | B769: Alvenaria com tijolo laminado aparente
A770: 14.03.020 | B770: Alvenaria de elevação de 1/4 tijolo laminado | C770: M2 | D770: 96,71 | E770: 46,41 | F770: 143,12
A771: 14.03.040 | B771: Alvenaria de elevação de 1/2 tijolo laminado | C771: M2 | D771: 182,47 | E771: 87,53 | F771: 270,00
A772: 14.03.060 | B772: Alvenaria de elevação de 1 tijolo laminado | C772: M2 | D772: 377,90 | E772: 122,43 | F772: 500,33
A773: 14.04 | B773: Alvenaria com bloco cerâmico de vedação
A774: 14.04.200 | B774: Alvenaria de bloco cerâmico de vedação, uso revestido, de 9 cm | C774: M2 | D774: 27,45 | E774: 23,56 | F774: 51,01
A775: 14.04.210 | B775: Alvenaria de bloco cerâmico de vedação, uso revestido, de 14 cm | C775: M2 | D775: 37,83 | E775: 25,57 | F775: 63,40
A776: 14.04.220 | B776: Alvenaria de bloco cerâmico de vedação, uso revestido, de 19 cm | C776: M2 | D776: 38,67 | E776: 27,44 | F776: 66,11
A777: 14.05 | B777: Alvenaria com bloco cerâmico estrutural
A778: 14.05.050 | B778: Alvenaria de bloco cerâmico estrutural, uso revestido, de 14 cm | C778: M2 | D778: 30,14 | E778: 25,57 | F778: 55,71
A779: 14.05.060 | B779: Alvenaria de bloco cerâmico estrutural, uso revestido, de 19 cm | C779: M2 | D779: 37,73 | E779: 27,44 | F779: 65,17
A780: 14.1 | B780: Alvenaria com bloco de concreto de vedação
A781: 14.10.101 | B781: Alvenaria de bloco de concreto de vedação de 9 x 19 x 39 cm - classe C | C781: M2 | D781: 27,05 | E781: 23,56 | F781: 50,61
A782: 14.10.111 | B782: Alvenaria de bloco de concreto de vedação de 14 x 19 x 39 cm - classe C | C782: M2 | D782: 33,61 | E782: 25,57 | F782: 59,18
A783: 14.10.121 | B783: Alvenaria de bloco de concreto de vedação de 19 x 19 x 39 cm - classe C | C783: M2 | D783: 43,32 | E783: 26,15 | F783: 69,47
A784: 14.11 | B784: Alvenaria com bloco de concreto estrutural
A785: 14.11.221 | B785: Alvenaria de bloco de concreto estrutural 14 x 19 x 39 cm - classe B | C785: M2 | D785: 42,24 | E785: 28,78 | F785: 71,02
A786: 14.11.231 | B786: Alvenaria de bloco de concreto estrutural 19 x 19 x 39 cm - classe B | C786: M2 | D786: 56,67 | E786: 29,51 | F786: 86,18
A787: 14.11.261 | B787: Alvenaria de bloco de concreto estrutural 14 x 19 x 39 cm - classe A | C787: M2 | D787: 48,09 | E787: 38,11 | F787: 86,20
A788: 14.11.271 | B788: Alvenaria de bloco de concreto estrutural 19 x 19 x 39 cm - classe A | C788: M2 | D788: 62,78 | E788: 40,63 | F788: 103,41
A789: 14.15 | B789: Alvenaria de concreto celular ou silico calcário
A790: 14.15.060 | B790: Alvenaria em bloco de concreto celular autoclavado de 10 cm, uso revestido - classe C25 | C790: M2 | D790: 77,00 | E790: 11,16 | F790: 88,16
A791: 14.15.100 | B791: Alvenaria em bloco de concreto celular autoclavado de 12,5 cm, uso revestido - classe C25 | C791: M2 | D791: 92,60 | E791: 11,45 | F791: 104,05
A792: 14.15.120 | B792: Alvenaria em bloco de concreto celular autoclavado de 15 cm, uso revestido - classe C25 | C792: M2 | D792: 113,65 | E792: 11,59 | F792: 125,24
A793: 14.15.140 | B793: Alvenaria em bloco de concreto celular autoclavado de 20 cm, uso revestido - classe C25 | C793: M2 | D793: 142,25 | E793: 12,03 | F793: 154,28
A794: 14.2 | B794: Pecas moldadas no local (vergas, pilaretes, etc.)
A795: 14.20.010 | B795: Vergas, contravergas e pilaretes de concreto armado | C795: M3 | D795: 1.003,12 | E795: 608,31 | F795: 1.611,43
A796: 14.20.020 | B796: Cimalha em concreto com pingadeira | C796: M | D796: 2,96 | E796: 5,50 | F796: 8,46
A797: 14.28 | B797: Elementos vazados (concreto, cerâmica e vidros)
A798: 14.28.030 | B798: Elemento vazado em concreto, tipo quadriculado de 39 x 39 x 10 cm | C798: M2 | D798: 109,45 | E798: 48,00 | F798: 157,45
A799: 14.28.096 | B799: Elemento vazado em concreto, tipo veneziana de 39 x 39 x 10 cm | C799: M2 | D799: 130,45 | E799: 48,00 | F799: 178,45
A800: 14.28.100 | B800: Elemento vazado em vidro, tipo veneziana capelinha de 20 x 10 x 10 cm | C800: M2 | D800: 1.248,66 | E800: 130,18 | F800: 1.378,84
A801: 14.28.140 | B801: Elemento vazado em vidro, tipo veneziana de 20 x 20 x 6 cm | C801: M2 | D801: 831,98 | E801: 86,44 | F801: 918,42
A802: 14.3 | B802: Divisória e fechamento
A803: 14.30.010 | B803: Divisória em placas de granito com espessura de 3 cm | C803: M2 | D803: 765,82 | E803: 56,02 | F803: 821,84
A804: 14.30.020 | B804: Divisória em placas de granilite com espessura de 3 cm | C804: M2 | D804: 208,28 | F804: 208,28
A805: 14.30.070 | B805: Divisória sanitária em painel laminado melamínico estrutural com perfis em alumínio, inclusive ferragem completa para vão de porta | C805: M2 | D805: 523,08 | F805: 523,08
A806: 14.30.080 | B806: Divisão para mictório em placas de mármore branco, com espessura de 3 cm | C806: M2 | D806: 875,82 | E806: 56,02 | F806: 931,84
...

Sheet P.O.-DES
D1: MUNICÍPIO DE SANTA BRANCA - Secretaria Municipal de Serviços, Obras e Transportes
D2: RUA PRUDENTE DE MORAES, 93, CENTRO, CEP 12380-970 - SANTA BRANCA - SP
D3: LOCAL DA OBRA: RUA PADRE ÁLVARO RUIZ, JARDIM OLÍMPIA - SANTA BRANCA - SP
D4: PLANILHA ORÇAMENTÁRIA - RECOMPOSIÇÃO ASFÁLTICA DE TRECHO DE VIA PÚBLICA | I4: BDI adotado
D5: BASE: CDHU - BOLETIM 187 COM DESONERAÇÃO / SIURB 07-2021 COM DESONERAÇÃO | I5: =ROUND('BDI DESON.'!E29/100,4) -> 0.2601
A6: ITEM | B6: FONTE | C6: CÓDIGO | D6: DESCRIÇÃO | E6: UNID. | F6: QUANT. | G6: VALOR UNIT. | H6: VALOR COM BDI | I6: TOTAL
A7: 1.0 | D7: SERVIÇOS PRELIMINARES | I7: =SUBTOTAL(9,I8:I11) -> 34643.5
A8: 1.1 | B8: CDHU | C8: 02.08.040 | D8: =IF($B8="","",VLOOKUP($C8,'200 DESONERADO'!$A$3:$G$4201,2,0)) -> Placa em lona com impressão digital e requadro em metalon | E8: =IF($B8="","",VLOOKUP($C8,'200 ONERADO'!$A$3:$G$4201,3,0)) -> m² | F8: 6 | G8: =IF($B8="","",VLOOKUP($C8,'200 DESONERADO'!$A$3:$H$4201,6,0)) -> 440.98 | H8: =ROUND(G8*(1+$I$5),2) -> 555.68 | I8: =IF($B8="","",ROUND(F8*H8,2)) -> 3334.08
A9: 1.2 | B9: CDHU | C9: 02.02.130 | D9: =IF($B9="","",VLOOKUP($C9,'200 DESONERADO'!$A$3:$G$4201,2,0)) -> Locação de container tipo escritório com 1 vaso sanitário, 1 lavatório e 1 ponto para chuveiro - área mínima de 13,80 m² | E9: =IF($B9="","",VLOOKUP($C9,'200 ONERADO'!$A$3:$G$4201,3,0)) -> un.mês | F9: 6 | G9: =IF($B9="","",VLOOKUP($C9,'200 DESONERADO'!$A$3:$H$4201,6,0)) -> 1548.92 | H9: =ROUND(G9*(1+$I$5),2) -> 1951.79 | I9: =IF($B9="","",ROUND(F9*H9,2)) -> 11710.74
A10: 1.3 | B10: CDHU | C10: 02.10.020 | D10: =IF($B10="","",VLOOKUP($C10,'200 DESONERADO'!$A$3:$G$4201,2,0)) -> Locação de obra de edificação | E10: =IF($B10="","",VLOOKUP($C10,'200 ONERADO'!$A$3:$G$4201,3,0)) -> m² | F10: 180.86 | G10: =IF($B10="","",VLOOKUP($C10,'200 DESONERADO'!$A$3:$H$4201,6,0)) -> 17.2 | H10: =ROUND(G10*(1+$I$5),2) -> 21.67 | I10: =IF($B10="","",ROUND(F10*H10,2)) -> 3919.24
A11: 1.4 | B11: CDHU | C11: 02.03.120 | D11: =IF($B11="","",VLOOKUP($C11,'200 DESONERADO'!$A$3:$G$4201,2,0)) -> Tapume fixo para fechamento de áreas, com portão | E11: =IF($B11="","",VLOOKUP($C11,'200 ONERADO'!$A$3:$G$4201,3,0)) -> m² | F11: =2*61 -> 122 | G11: =IF($B11="","",VLOOKUP($C11,'200 DESONERADO'!$A$3:$H$4201,6,0)) -> 101.99 | H11: =ROUND(G11*(1+$I$5),2) -> 128.52 | I11: =IF($B11="","",ROUND(F11*H11,2)) -> 15679.44
A12: 2.0 | D12: FUNDAÇÃO | I12: =SUBTOTAL(9,I13:I21) -> 182701.99
A13: 2.1 | B13: CDHU | C13: 06.02.020 | D13: =IF($B13="","",VLOOKUP($C13,'200 DESONERADO'!$A$3:$G$4201,2,0)) -> Escavação manual em solo de 1ª e 2ª categoria em vala ou cava até 1,5 m | E13: =IF($B13="","",VLOOKUP($C13,'200 ONERADO'!$A$3:$G$4201,3,0)) -> m³ | F13: =INFRAESTRUTURA!H55+INFRAESTRUTURA!R29 -> 29.52 | G13: =IF($B13="","",VLOOKUP($C13,'200 DESONERADO'!$A$3:$H$4201,6,0)) -> 61.32 | H13: =ROUND(G13*(1+$I$5),2) -> 77.27 | I13: =IF($B13="","",ROUND(F13*H13,2)) -> 2281.01
A14: 2.2 | B14: CDHU | C14: 12.05.010 | D14: =IF($B14="","",VLOOKUP($C14,'200 DESONERADO'!$A$3:$G$4201,2,0)) -> Taxa de mobilização e desmobilização de equipamentos para execução de estaca escavada | E14: =IF($B14="","",VLOOKUP($C14,'200 ONERADO'!$A$3:$G$4201,3,0)) -> tx | F14: 1 | G14: =IF($B14="","",VLOOKUP($C14,'200 DESONERADO'!$A$3:$H$4201,6,0)) -> 2552.3 | H14: =ROUND(G14*(1+$I$5),2) -> 3216.15 | I14: =IF($B14="","",ROUND(F14*H14,2)) -> 3216.15
A15: 2.3 | B15: CDHU | C15: 12.05.030 | D15: =IF($B15="","",VLOOKUP($C15,'200 DESONERADO'!$A$3:$G$4201,2,0)) -> Estaca escavada mecanicamente, diâmetro de 30 cm até 30 t | E15: =IF($B15="","",VLOOKUP($C15,'200 ONERADO'!$A$3:$G$4201,3,0)) -> m | F15: =INFRAESTRUTURA!C142 -> 408 | G15: =IF($B15="","",VLOOKUP($C15,'200 DESONERADO'!$A$3:$H$4201,6,0)) -> 80.74 | H15: =ROUND(G15*(1+$I$5),2) -> 101.74 | I15: =IF($B15="","",ROUND(F15*H15,2)) -> 41509.92
A16: 2.4 | B16: CDHU | C16: 11.18.040 | D16: =IF($B16="","",VLOOKUP($C16,'200 DESONERADO'!$A$3:$G$4201,2,0)) -> Lastro de pedra britada | E16: =IF($B16="","",VLOOKUP($C16,'200 ONERADO'!$A$3:$G$4201,3,0)) -> m³ | F16: =INFRAESTRUTURA!G55+INFRAESTRUTURA!P29+INFRAESTRUTURA!X32 -> 12.81 | G16: =IF($B16="","",VLOOKUP($C16,'200 DESONERADO'!$A$3:$H$4201,6,0)) -> 215.62 | H16: =ROUND(G16*(1+$I$5),2) -> 271.7 | I16: =IF($B16="","",ROUND(F16*H16,2)) -> 3480.48
A17: 2.5 | B17: CDHU | C17: 09.01.020 | D17: =IF($B17="","",VLOOKUP($C17,'200 DESONERADO'!$A$3:$G$4201,2,0)) -> Forma em madeira comum para fundação | E17: =IF($B17="","",VLOOKUP($C17,'200 ONERADO'!$A$3:$G$4201,3,0)) -> m² | F17: =INFRAESTRUTURA!F55+INFRAESTRUTURA!Q29 -> 202.56 | G17: =IF($B17="","",VLOOKUP($C17,'200 DESONERADO'!$A$3:$H$4201,6,0)) -> 103.51 | H17: =ROUND(G17*(1+$I$5),2) -> 130.43 | I17: =IF($B17="","",ROUND(F17*H17,2)) -> 26419.9
A18: 2.6 | B18: CDHU | C18: 11.01.160 | D18: =IF($B18="","",VLOOKUP($C18,'200 DESONERADO'!$A$3:$G$4201,2,0)) -> Concreto usinado, fck = 30 MPa | E18: =IF($B18="","",VLOOKUP($C18,'200 ONERADO'!$A$3:$G$4201,3,0)) -> m³ | F18: =INFRAESTRUTURA!H55+INFRAESTRUTURA!R29+INFRAESTRUTURA!Z32 -> 48.79 | G18: =IF($B18="","",VLOOKUP($C18,'200 DESONERADO'!$A$3:$H$4201,6,0)) -> 544.1 | H18: =ROUND(G18*(1+$I$5),2) -> 685.62 | I18: =IF($B18="","",ROUND(F18*H18,2)) -> 33451.4
A19: 2.7 | B19: CDHU | C19: 11.16.040 | D19: =IF($B19="","",VLOOKUP($C19,'200 DESONERADO'!$A$3:$G$4201,2,0)) -> Lançamento e adensamento de concreto ou massa em fundação | E19: =IF($B19="","",VLOOKUP($C19,'200 ONERADO'!$A$3:$G$4201,3,0)) -> m³ | F19: =F18 -> 48.79 | G19: =IF($B19="","",VLOOKUP($C19,'200 DESONERADO'!$A$3:$H$4201,6,0)) -> 172.38 | H19: =ROUND(G19*(1+$I$5),2) -> 217.22 | I19: =IF($B19="","",ROUND(F19*H19,2)) -> 10598.16
A20: 2.8 | B20: CDHU | C20: 10.01.040 | D20: =IF($B20="","",VLOOKUP($C20,'200 DESONERADO'!$A$3:$G$4201,2,0)) -> Armadura em barra de aço CA-50 (A ou B) fyk = 500 MPa | E20: =IF($B20="","",VLOOKUP($C20,'200 ONERADO'!$A$3:$G$4201,3,0)) -> kg | F20: =INFRAESTRUTURA!J55+INFRAESTRUTURA!T29+INFRAESTRUTURA!F142 -> 4500.77 | G20: =IF($B20="","",VLOOKUP($C20,'200 DESONERADO'!$A$3:$H$4201,6,0)) -> 9.84 | H20: =ROUND(G20*(1+$I$5),2) -> 12.4 | I20: =IF($B20="","",ROUND(F20*H20,2)) -> 55809.55
A21: 2.9 | B21: CDHU | C21: 10.02.020 | D21: =IF($B21="","",VLOOKUP($C21,'200 DESONERADO'!$A$3:$G$4201,2,0)) -> Armadura em tela soldada de aço | E21: =IF($B21="","",VLOOKUP($C21,'200 ONERADO'!$A$3:$G$4201,3,0)) -> kg | F21: =INFRAESTRUTURA!AC32 -> 484.92 | G21: =IF($B21="","",VLOOKUP($C21,'200 DESONERADO'!$A$3:$H$4201,6,0)) -> 9.71 | H21: =ROUND(G21*(1+$I$5),2) -> 12.24 | I21: =IF($B21="","",ROUND(F21*H21,2)) -> 5935.42
A22: 3.0 | D22: CONTRA-PISO | I22: =SUBTOTAL(9,I23:I26) -> 21940.43
A23: 3.1 | B23: CDHU | C23: 11.18.040 | D23: =IF($B23="","",VLOOKUP($C23,'200 DESONERADO'!$A$3:$G$4201,2,0)) -> Lastro de pedra britada | E23: =IF($B23="","",VLOOKUP($C23,'200 ONERADO'!$A$3:$G$4201,3,0)) -> m³ | F23: =PAGINAÇÃO!E67 -> 8.72 | G23: =IF($B23="","",VLOOKUP($C23,'200 DESONERADO'!$A$3:$H$4201,6,0)) -> 215.62 | H23: =ROUND(G23*(1+$I$5),2) -> 271.7 | I23: =IF($B23="","",ROUND(F23*H23,2)) -> 2369.22
A24: 3.2 | B24: CDHU | C24: 11.01.160 | D24: =IF($B24="","",VLOOKUP($C24,'200 DESONERADO'!$A$3:$G$4201,2,0)) -> Concreto usinado, fck = 30 MPa | E24: =IF($B24="","",VLOOKUP($C24,'200 ONERADO'!$A$3:$G$4201,3,0)) -> m³ | F24: =PAGINAÇÃO!E5 -> 10.61 | G24: =IF($B24="","",VLOOKUP($C24,'200 DESONERADO'!$A$3:$H$4201,6,0)) -> 544.1 | H24: =ROUND(G24*(1+$I$5),2) -> 685.62 | I24: =IF($B24="","",ROUND(F24*H24,2)) -> 7274.43
A25: 3.3 | B25: CDHU | C25: 11.16.040 | D25: =IF($B25="","",VLOOKUP($C25,'200 DESONERADO'!$A$3:$G$4201,2,0)) -> Lançamento e adensamento de concreto ou massa em fundação | E25: =IF($B25="","",VLOOKUP($C25,'200 ONERADO'!$A$3:$G$4201,3,0)) -> m³ | F25: =PAGINAÇÃO!E6 -> 36.27 | G25: =IF($B25="","",VLOOKUP($C25,'200 DESONERADO'!$A$3:$H$4201,6,0)) -> 172.38 | H25: =ROUND(G25*(1+$I$5),2) -> 217.22 | I25: =IF($B25="","",ROUND(F25*H25,2)) -> 7878.57
A26: 3.4 | B26: CDHU | C26: 17.01.020 | D26: =IF($B26="","",VLOOKUP($C26,'200 DESONERADO'!$A$3:$G$4201,2,0)) -> Argamassa de regularização e/ou proteção | E26: =IF($B26="","",VLOOKUP($C26,'200 ONERADO'!$A$3:$G$4201,3,0)) -> m³ | F26: =INFRAESTRUTURA!AH28 -> 4.34 | G26: =IF($B26="","",VLOOKUP($C26,'200 DESONERADO'!$A$3:$H$4201,6,0)) -> 807.89 | H26: =ROUND(G26*(1+$I$5),2) -> 1018.02 | I26: =IF($B26="","",ROUND(F26*H26,2)) -> 4418.21
A27: 4.0 | D27: ALVENARIA ESTRUTURAL | I27: =SUBTOTAL(9,I28:I31) -> 175727.21
A28: 4.1 | B28: CDHU | C28: 14.11.221 | D28: =IF($B28="","",VLOOKUP($C28,'200 DESONERADO'!$A$3:$G$4201,2,0)) -> Alvenaria de bloco de concreto estrutural 14 cm - classe B | E28: =IF($B28="","",VLOOKUP($C28,'200 ONERADO'!$A$3:$G$4201,3,0)) -> m² | F28: =PAGINAÇÃO!E73 -> 424.01 | G28: =IF($B28="","",VLOOKUP($C28,'200 DESONERADO'!$A$3:$H$4201,6,0)) -> 114.64 | H28: =ROUND(G28*(1+$I$5),2) -> 144.46 | I28: =IF($B28="","",ROUND(F28*H28,2)) -> 61252.48
A29: 4.2 | B29: CDHU | C29: 14.11.231 | D29: =IF($B29="","",VLOOKUP($C29,'200 DESONERADO'!$A$3:$G$4201,2,0)) -> Alvenaria de bloco de concreto estrutural 19 cm - classe B | E29: =IF($B29="","",VLOOKUP($C29,'200 ONERADO'!$A$3:$G$4201,3,0)) -> m² | F29: =PAGINAÇÃO!E11 -> 246.48 | G29: =IF($B29="","",VLOOKUP($C29,'200 DESONERADO'!$A$3:$H$4201,6,0)) -> 127.86 | H29: =ROUND(G29*(1+$I$5),2) -> 161.12 | I29: =IF($B29="","",ROUND(F29*H29,2)) -> 39712.86
A30: 4.3 | B30: CDHU | C30: 11.05.040 | D30: =IF($B30="","",VLOOKUP($C30,'200 DESONERADO'!$A$3:$G$4201,2,0)) -> Argamassa graute | E30: =IF($B30="","",VLOOKUP($C30,'200 ONERADO'!$A$3:$G$4201,3,0)) -> m³ | F30: =PAGINAÇÃO!K50+PAGINAÇÃO!K150 -> 48.18 | G30: =IF($B30="","",VLOOKUP($C30,'200 DESONERADO'!$A$3:$H$4201,6,0)) -> 444.19 | H30: =ROUND(G30*(1+$I$5),2) -> 559.72 | I30: =IF($B30="","",ROUND(F30*H30,2)) -> 26967.31
A31: 4.4 | B31: CDHU | C31: 10.01.040 | D31: =IF($B31="","",VLOOKUP($C31,'200 DESONERADO'!$A$3:$G$4201,2,0)) -> Armadura em barra de aço CA-50 (A ou B) fyk = 500 MPa | E31: =IF($B31="","",VLOOKUP($C31,'200 ONERADO'!$A$3:$G$4201,3,0)) -> kg | F31: =F30*80 -> 3854.4 | G31: =IF($B31="","",VLOOKUP($C31,'200 DESONERADO'!$A$3:$H$4201,6,0)) -> 9.84 | H31: =ROUND(G31*(1+$I$5),2) -> 12.4 | I31: =IF($B31="","",ROUND(F31*H31,2)) -> 47794.56
A32: 5.0 | D32: CONCRETO ARMADO - VIGAS | I32: =SUBTOTAL(9,I33:I42) -> 50971.49
A33: 5.1 | D33: 1º PAVIMENTO | I33: =SUBTOTAL(9,I34:I37) -> 37320.43
A34: 5.1.1 | B34: CDHU | C34: 09.01.020 | D34: =IF($B34="","",VLOOKUP($C34,'200 DESONERADO'!$A$3:$G$4201,2,0)) -> Forma em madeira comum para fundação | E34: =IF($B34="","",VLOOKUP($C34,'200 ONERADO'!$A$3:$G$4201,3,0)) -> m² | F34: =CIMBRAMENTO!F28 -> 139.92 | G34: =IF($B34="","",VLOOKUP($C34,'200 DESONERADO'!$A$3:$H$4201,6,0)) -> 103.51 | H34: =ROUND(G34*(1+$I$5),2) -> 130.43 | I34: =IF($B34="","",ROUND(F34*H34,2)) -> 18249.77
A35: 5.1.2 | B35: CDHU | C35: 11.01.160 | D35: =IF($B35="","",VLOOKUP($C35,'200 DESONERADO'!$A$3:$G$4201,2,0)) -> Concreto usinado, fck = 30 MPa | E35: =IF($B35="","",VLOOKUP($C35,'200 ONERADO'!$A$3:$G$4201,3,0)) -> m³ | F35: =CIMBRAMENTO!G28 -> 11.16 | G35: =IF($B35="","",VLOOKUP($C35,'200 DESONERADO'!$A$3:$H$4201,6,0)) -> 544.1 | H35: =ROUND(G35*(1+$I$5),2) -> 685.62 | I35: =IF($B35="","",ROUND(F35*H35,2)) -> 7651.52
A36: 5.1.3 | B36: CDHU | C36: 11.16.040 | D36: =IF($B36="","",VLOOKUP($C36,'200 DESONERADO'!$A$3:$G$4201,2,0)) -> Lançamento e adensamento de concreto ou massa em fundação | E36: =IF($B36="","",VLOOKUP($C36,'200 ONERADO'!$A$3:$G$4201,3,0)) -> m³ | F36: =F35 -> 11.16 | G36: =IF($B36="","",VLOOKUP($C36,'200 DESONERADO'!$A$3:$H$4201,6,0)) -> 172.38 | H36: =ROUND(G36*(1+$I$5),2) -> 217.22 | I36: =IF($B36="","",ROUND(F36*H36,2)) -> 2424.18
A37: 5.1.4 | B37: CDHU | C37: 10.01.040 | D37: =IF($B37="","",VLOOKUP($C37,'200 DESONERADO'!$A$3:$G$4201,2,0)) -> Armadura em barra de aço CA-50 (A ou B) fyk = 500 MPa | E37: =IF($B37="","",VLOOKUP($C37,'200 ONERADO'!$A$3:$G$4201,3,0)) -> kg | F37: =CIMBRAMENTO!I28 -> 725.4 | G37: =IF($B37="","",VLOOKUP($C37,'200 DESONERADO'!$A$3:$H$4201,6,0)) -> 9.84 | H37: =ROUND(G37*(1+$I$5),2) -> 12.4 | I37: =IF($B37="","",ROUND(F37*H37,2)) -> 8994.96
A38: 5.2 | D38: 2º PAVIMENTO | I38: =SUBTOTAL(9,I39:I42) -> 13651.06
A39: 5.2.1 | B39: CDHU | C39: 09.01.020 | D39: =IF($B39="","",VLOOKUP($C39,'200 DESONERADO'!$A$3:$G$4201,2,0)) -> Forma em madeira comum para fundação | E39: =IF($B39="","",VLOOKUP($C39,'200 ONERADO'!$A$3:$G$4201,3,0)) -> m² | F39: =CIMBRAMENTO!F45 -> 47.67 | G39: =IF($B39="","",VLOOKUP($C39,'200 DESONERADO'!$A$3:$H$4201,6,0)) -> 103.51 | H39: =ROUND(G39*(1+$I$5),2) -> 130.43 | I39: =IF($B39="","",ROUND(F39*H39,2)) -> 6217.6
A40: 5.2.2 | B40: CDHU | C40: 11.01.160 | D40: =IF($B40="","",VLOOKUP($C40,'200 DESONERADO'!$A$3:$G$4201,2,0)) -> Concreto usinado, fck = 30 MPa | E40: =IF($B40="","",VLOOKUP($C40,'200 ONERADO'!$A$3:$G$4201,3,0)) -> m³ | F40: =CIMBRAMENTO!G45 -> 4.35 | G40: =IF($B40="","",VLOOKUP($C40,'200 DESONERADO'!$A$3:$H$4201,6,0)) -> 544.1 | H40: =ROUND(G40*(1+$I$5),2) -> 685.62 | I40: =IF($B40="","",ROUND(F40*H40,2)) -> 2982.45
A41: 5.2.3 | B41: CDHU | C41: 11.16.040 | D41: =IF($B41="","",VLOOKUP($C41,'200 DESONERADO'!$A$3:$G$4201,2,0)) -> Lançamento e adensamento de concreto ou massa em fundação | E41: =IF($B41="","",VLOOKUP($C41,'200 ONERADO'!$A$3:$G$4201,3,0)) -> m³ | F41: =F40 -> 4.35 | G41: =IF($B41="","",VLOOKUP($C41,'200 DESONERADO'!$A$3:$H$4201,6,0)) -> 172.38 | H41: =ROUND(G41*(1+$I$5),2) -> 217.22 | I41: =IF($B41="","",ROUND(F41*H41,2)) -> 944.91
A42: 5.2.4 | B42: CDHU | C42: 10.01.040 | D42: =IF($B42="","",VLOOKUP($C42,'200 DESONERADO'!$A$3:$G$4201,2,0)) -> Armadura em barra de aço CA-50 (A ou B) fyk = 500 MPa | E42: =IF($B42="","",VLOOKUP($C42,'200 ONERADO'!$A$3:$G$4201,3,0)) -> kg | F42: =CIMBRAMENTO!I45 -> 282.75 | G42: =IF($B42="","",VLOOKUP($C42,'200 DESONERADO'!$A$3:$H$4201,6,0)) -> 9.84 | H42: =ROUND(G42*(1+$I$5),2) -> 12.4 | I42: =IF($B42="","",ROUND(F42*H42,2)) -> 3506.1
A43: 6.0 | D43: LAJES | I43: =SUBTOTAL(9,I44:I48) -> 58228.16
A44: 6.1 | B44: CDHU | C44: 13.01.130 | D44: =IF($B44="","",VLOOKUP($C44,'200 DESONERADO'!$A$3:$G$4201,2,0)) -> Laje pré-fabricada mista vigota treliçada/lajota cerâmica - LT 12 (8+4) e capa com concreto de 25 MPa | E44: =IF($B44="","",VLOOKUP($C44,'200 ONERADO'!$A$3:$G$4201,3,0)) -> m² | F44: =LAJES!D40+LAJES!D41 -> 41.08 | G44: =IF($B44="","",VLOOKUP($C44,'200 DESONERADO'!$A$3:$H$4201,6,0)) -> 150.04 | H44: =ROUND(G44*(1+$I$5),2) -> 189.07 | I44: =IF($B44="","",ROUND(F44*H44,2)) -> 7767
A45: 6.2 | B45: CDHU | C45: 13.01.150 | D45: =IF($B45="","",VLOOKUP($C45,'200 DESONERADO'!$A$3:$G$4201,2,0)) -> Laje pré-fabricada mista vigota treliçada/lajota cerâmica - LT 16 (12+4) e capa com concreto de 25 MPa | E45: =IF($B45="","",VLOOKUP($C45,'200 ONERADO'!$A$3:$G$4201,3,0)) -> m² | F45: =LAJES!D25-LAJES!D26 -> 159.946 | G45: =IF($B45="","",VLOOKUP($C45,'200 DESONERADO'!$A$3:$H$4201,6,0)) -> 160.58 | H45: =ROUND(G45*(1+$I$5),2) -> 202.35 | I45: =IF($B45="","",ROUND(F45*H45,2)) -> 32365.07
A46: 6.3 | B46: CDHU | C46: 13.01.170 | D46: =IF($B46="","",VLOOKUP($C46,'200 DESONERADO'!$A$3:$G$4201,2,0)) -> Laje pré-fabricada mista vigota treliçada/lajota cerâmica - LT 20 (16+4) e capa com concreto de 25 MPa | E46: =IF($B46="","",VLOOKUP($C46,'200 ONERADO'!$A$3:$G$4201,3,0)) -> m² | F46: =LAJES!D26+LAJES!D42 -> 23.5 | G46: =IF($B46="","",VLOOKUP($C46,'200 DESONERADO'!$A$3:$H$4201,6,0)) -> 191.84 | H46: =ROUND(G46*(1+$I$5),2) -> 241.74 | I46: =IF($B46="","",ROUND(F46*H46,2)) -> 5680.89
A47: 6.4 | B47: CDHU | C47: 10.02.020 | D47: =IF($B47="","",VLOOKUP($C47,'200 DESONERADO'!$A$3:$G$4201,2,0)) -> Armadura em tela soldada de aço | E47: =IF($B47="","",VLOOKUP($C47,'200 ONERADO'!$A$3:$G$4201,3,0)) -> kg | F47: =LAJES!L25+LAJES!L39 -> 731.53 | G47: =IF($B47="","",VLOOKUP($C47,'200 DESONERADO'!$A$3:$H$4201,6,0)) -> 9.71 | H47: =ROUND(G47*(1+$I$5),2) -> 12.24 | I47: =IF($B47="","",ROUND(F47*H47,2)) -> 8953.93
A48: 6.5 | B48: CDHU | C48: 17.01.020 | D48: =IF($B48="","",VLOOKUP($C48,'200 DESONERADO'!$A$3:$G$4201,2,0)) -> Argamassa de regularização e/ou proteção | E48: =IF($B48="","",VLOOKUP($C48,'200 ONERADO'!$A$3:$G$4201,3,0)) -> m³ | F48: =LAJES!Q25 -> 3.4 | G48: =IF($B48="","",VLOOKUP($C48,'200 DESONERADO'!$A$3:$H$4201,6,0)) -> 807.89 | H48: =ROUND(G48*(1+$I$5),2) -> 1018.02 | I48: =IF($B48="","",ROUND(F48*H48,2)) -> 3461.27
A49: 7.0 | D49: LAJES | I49: =SUBTOTAL(9,I50:I59) -> 219342.82
A50: 7.1 | B50: CDHU | C50: 15.01.010 | D50: =IF($B50="","",VLOOKUP($C50,'200 DESONERADO'!$A$3:$G$4201,2,0)) -> Estrutura de madeira tesourada para telha de barro - vãos até 7,00 m | E50: =IF($B50="","",VLOOKUP($C50,'200 ONERADO'!$A$3:$G$4201,3,0)) -> m² | F50: =TELHADO!E10 -> 324.17 | G50: =IF($B50="","",VLOOKUP($C50,'200 DESONERADO'!$A$3:$H$4201,6,0)) -> 168.82 | H50: =ROUND(G50*(1+$I$5),2) -> 212.73 | I50: =IF($B50="","",ROUND(F50*H50,2)) -> 68960.68
A51: 7.2 | B51: CDHU | C51: 16.02.045 | D51: =IF($B51="","",VLOOKUP($C51,'200 DESONERADO'!$A$3:$G$4201,2,0)) -> Telha de barro colonial/paulista | E51: =IF($B51="","",VLOOKUP($C51,'200 ONERADO'!$A$3:$G$4201,3,0)) -> m² | F51: =TELHADO!J12 -> 377.44 | G51: =IF($B51="","",VLOOKUP($C51,'200 DESONERADO'!$A$3:$H$4201,6,0)) -> 137.6 | H51: =ROUND(G51*(1+$I$5),2) -> 173.39 | I51: =IF($B51="","",ROUND(F51*H51,2)) -> 65444.32
A52: 7.3 | B52: CDHU | C52: 16.02.120 | D52: =IF($B52="","",VLOOKUP($C52,'200 DESONERADO'!$A$3:$G$4201,2,0)) -> Emboçamento de beiral em telhas de barro | E52: =IF($B52="","",VLOOKUP($C52,'200 ONERADO'!$A$3:$G$4201,3,0)) -> m | F52: =TELHADO!R46 -> 60.87 | G52: =IF($B52="","",VLOOKUP($C52,'200 DESONERADO'!$A$3:$H$4201,6,0)) -> 15.5 | H52: =ROUND(G52*(1+$I$5),2) -> 19.53 | I52: =IF($B52="","",ROUND(F52*H52,2)) -> 1188.79
A53: 7.4 | B53: CDHU | C53: 16.02.230 | D53: =IF($B53="","",VLOOKUP($C53,'200 DESONERADO'!$A$3:$G$4201,2,0)) -> Cumeeira de barro emboçado tipos: plan, romana, italiana, francesa e paulistinha | E53: =IF($B53="","",VLOOKUP($C53,'200 ONERADO'!$A$3:$G$4201,3,0)) -> m | F53: 11.53 | G53: =IF($B53="","",VLOOKUP($C53,'200 DESONERADO'!$A$3:$H$4201,6,0)) -> 31.95 | H53: =ROUND(G53*(1+$I$5),2) -> 40.26 | I53: =IF($B53="","",ROUND(F53*H53,2)) -> 464.2
A54: 7.5 | B54: CDHU | C54: 16.33.052 | D54: =IF($B54="","",VLOOKUP($C54,'200 DESONERADO'!$A$3:$G$4201,2,0)) -> Calha, rufo, afins em chapa galvanizada nº 24 - corte 0,50 m | E54: =IF($B54="","",VLOOKUP($C54,'200 ONERADO'!$A$3:$G$4201,3,0)) -> m | F54: =TELHADO!U23 -> 110.84 | G54: =IF($B54="","",VLOOKUP($C54,'200 DESONERADO'!$A$3:$H$4201,6,0)) -> 153.86 | H54: =ROUND(G54*(1+$I$5),2) -> 193.88 | I54: =IF($B54="","",ROUND(F54*H54,2)) -> 21489.66
A55: 7.6 | B55: CDHU | C55: 46.03.050 | D55: =IF($B55="","",VLOOKUP($C55,'200 DESONERADO'!$A$3:$G$4201,2,0)) -> Tubo de PVC rígido PxB com virola e anel de borracha, linha esgoto série reforçada ´R´, DN= 100 mm, inclusive conexões | E55: =IF($B55="","",VLOOKUP($C55,'200 ONERADO'!$A$3:$G$4201,3,0)) -> m | F55: =TELHADO!Y26 -> 78.1 | G55: =IF($B55="","",VLOOKUP($C55,'200 DESONERADO'!$A$3:$H$4201,6,0)) -> 114.43 | H55: =ROUND(G55*(1+$I$5),2) -> 144.19 | I55: =IF($B55="","",ROUND(F55*H55,2)) -> 11261.24
A56: 7.7 | B56: CDHU | C56: 22.01.210 | D56: =IF($B56="","",VLOOKUP($C56,'200 DESONERADO'!$A$3:$G$4201,2,0)) -> Testeira em tábua aparelhada, largura até 20cm | E56: =IF($B56="","",VLOOKUP($C56,'200 ONERADO'!$A$3:$G$4201,3,0)) -> m | F56: =TELHADO!R27 -> 135.44 | G56: =IF($B56="","",VLOOKUP($C56,'200 DESONERADO'!$A$3:$H$4201,6,0)) -> 38.65 | H56: =ROUND(G56*(1+$I$5),2) -> 48.7 | I56: =IF($B56="","",ROUND(F56*H56,2)) -> 6595.93
A57: 7.8 | B57: CDHU | C57: 22.01.220 | D57: =IF($B57="","",VLOOKUP($C57,'200 DESONERADO'!$A$3:$G$4201,2,0)) -> Beiral em tábua de angelim-vermelho / bacuri / maçaranduba macho e fêmea com tarugamento | E57: =IF($B57="","",VLOOKUP($C57,'200 ONERADO'!$A$3:$G$4201,3,0)) -> m² | F57: =TELHADO!M32 -> 65.44 | G57: =IF($B57="","",VLOOKUP($C57,'200 DESONERADO'!$A$3:$H$4201,6,0)) -> 193.78 | H57: =ROUND(G57*(1+$I$5),2) -> 244.18 | I57: =IF($B57="","",ROUND(F57*H57,2)) -> 15979.14
A58: 7.9 | B58: CDHU | C58: 32.06.030 | D58: =IF($B58="","",VLOOKUP($C58,'200 DESONERADO'!$A$3:$G$4201,2,0)) -> Lã de vidro e/ou lã de rocha com espessura de 2´ | E58: =IF($B58="","",VLOOKUP($C58,'200 ONERADO'!$A$3:$G$4201,3,0)) -> m² | F58: =TELHADO!O11 -> 112.42 | G58: =IF($B58="","",VLOOKUP($C58,'200 DESONERADO'!$A$3:$H$4201,6,0)) -> 34.36 | H58: =ROUND(G58*(1+$I$5),2) -> 43.3 | I58: =IF($B58="","",ROUND(F58*H58,2)) -> 4867.79
A59: 7.10 | B59: CDHU | C59: 22.01.080 | D59: =IF($B59="","",VLOOKUP($C59,'200 DESONERADO'!$A$3:$G$4201,2,0)) -> Forro xadrez em ripas de angelim-vermelho / bacuri / maçaranduba tarugado | E59: =IF($B59="","",VLOOKUP($C59,'200 ONERADO'!$A$3:$G$4201,3,0)) -> m² | F59: =F58 -> 112.42 | G59: =IF($B59="","",VLOOKUP($C59,'200 DESONERADO'!$A$3:$H$4201,6,0)) -> 163 | H59: =ROUND(G59*(1+$I$5),2) -> 205.4 | I59: =IF($B59="","",ROUND(F59*H59,2)) -> 23091.07
A60: 8.0 | D60: HIDRÁULICA | G60: =IF($B60="","",VLOOKUP($C60,'[1]BOLETIM 161'!$A$7:$F$4000,6,0)) | I60: =SUBTOTAL(9,I62:I90) -> 116987.45
A61: 8.1 | D61: Instalações Hidráulicas | I61: =SUBTOTAL(9,I62:I76) -> 51830.78
A62: 8.1.1 | B62: CDHU | C62: 45.01.020 | D62: =IF($B62="","",VLOOKUP($C62,'200 DESONERADO'!$A$3:$G$4201,2,0)) -> Entrada completa de água com abrigo e registro de gaveta, DN= 3/4´ | E62: =IF($B62="","",VLOOKUP($C62,'200 ONERADO'!$A$3:$G$4201,3,0)) -> un | F62: 1 | G62: =IF($B62="","",VLOOKUP($C62,'200 DESONERADO'!$A$3:$H$4201,6,0)) -> 1469.24 | H62: =ROUND(G62*(1+$I$5),2) -> 1851.39 | I62: =IF($B62="","",ROUND(F62*H62,2)) -> 1851.39
A63: 8.1.2 | B63: CDHU | C63: 48.02.400 | D63: =IF($B63="","",VLOOKUP($C63,'200 DESONERADO'!$A$3:$G$4201,2,0)) -> Reservatório em polietileno com tampa de rosca - capacidade de 1.000 litros | E63: =IF($B63="","",VLOOKUP($C63,'200 ONERADO'!$A$3:$G$4201,3,0)) -> un | F63: 3 | G63: =IF($B63="","",VLOOKUP($C63,'200 DESONERADO'!$A$3:$H$4201,6,0)) -> 971.04 | H63: =ROUND(G63*(1+$I$5),2) -> 1223.61 | I63: =IF($B63="","",ROUND(F63*H63,2)) -> 3670.83
A64: 8.1.3 | B64: CDHU | C64: 48.02.401 | D64: =IF($B64="","",VLOOKUP($C64,'200 DESONERADO'!$A$3:$G$4201,2,0)) -> Reservatório em polietileno com tampa de rosca - capacidade de 500 litros | E64: =IF($B64="","",VLOOKUP($C64,'200 ONERADO'!$A$3:$G$4201,3,0)) -> un | F64: 1 | G64: =IF($B64="","",VLOOKUP($C64,'200 DESONERADO'!$A$3:$H$4201,6,0)) -> 618.31 | H64: =ROUND(G64*(1+$I$5),2) -> 779.13 | I64: =IF($B64="","",ROUND(F64*H64,2)) -> 779.13
A65: 8.1.4 | B65: CDHU | C65: 48.05.020 | D65: =IF($B65="","",VLOOKUP($C65,'200 DESONERADO'!$A$3:$G$4201,2,0)) -> Torneira de boia, DN= 1´ | E65: =IF($B65="","",VLOOKUP($C65,'200 ONERADO'!$A$3:$G$4201,3,0)) -> un | F65: 4 | G65: =IF($B65="","",VLOOKUP($C65,'200 DESONERADO'!$A$3:$H$4201,6,0)) -> 135.98 | H65: =ROUND(G65*(1+$I$5),2) -> 171.35 | I65: =IF($B65="","",ROUND(F65*H65,2)) -> 685.4
A66: 8.1.5 | B66: CDHU | C66: 47.01.190 | D66: =IF($B66="","",VLOOKUP($C66,'200 DESONERADO'!$A$3:$G$4201,2,0)) -> Válvula de esfera monobloco em latão, passagem plena, acionamento com alavanca, DN= 1´ | E66: =IF($B66="","",VLOOKUP($C66,'200 ONERADO'!$A$3:$G$4201,3,0)) -> un | F66: 4 | G66: =IF($B66="","",VLOOKUP($C66,'200 DESONERADO'!$A$3:$H$4201,6,0)) -> 92.84 | H66: =ROUND(G66*(1+$I$5),2) -> 116.99 | I66: =IF($B66="","",ROUND(F66*H66,2)) -> 467.96
A67: 8.1.6 | B67: CDHU | C67: 47.02.110 | D67: =IF($B67="","",VLOOKUP($C67,'200 DESONERADO'!$A$3:$G$4201,2,0)) -> Registro de pressão em latão fundido cromado com canopla, DN= 3/4´ - linha especial | E67: =IF($B67="","",VLOOKUP($C67,'200 ONERADO'!$A$3:$G$4201,3,0)) -> un | F67: =HIDRÁULICA!I66 -> 19 | G67: =IF($B67="","",VLOOKUP($C67,'200 DESONERADO'!$A$3:$H$4201,6,0)) -> 69.15 | H67: =ROUND(G67*(1+$I$5),2) -> 87.14 | I67: =IF($B67="","",ROUND(F67*H67,2)) -> 1655.66
A68: 8.1.7 | B68: CDHU | C68: 47.02.030 | D68: =IF($B68="","",VLOOKUP($C68,'200 DESONERADO'!$A$3:$G$4201,2,0)) -> Registro de gaveta em latão fundido cromado com canopla, DN= 1´ - linha especial | E68: =IF($B68="","",VLOOKUP($C68,'200 ONERADO'!$A$3:$G$4201,3,0)) -> un | F68: =HIDRÁULICA!H66 -> 13 | G68: =IF($B68="","",VLOOKUP($C68,'200 DESONERADO'!$A$3:$H$4201,6,0)) -> 109.98 | H68: =ROUND(G68*(1+$I$5),2) -> 138.59 | I68: =IF($B68="","",ROUND(F68*H68,2)) -> 1801.67
A69: 8.1.8 | B69: CDHU | C69: 49.01.030 | D69: =IF($B69="","",VLOOKUP($C69,'200 DESONERADO'!$A$3:$G$4201,2,0)) -> Caixa sifonada de PVC rígido de 150 x 150 x 50 mm, com grelha | E69: =IF($B69="","",VLOOKUP($C69,'200 ONERADO'!$A$3:$G$4201,3,0)) -> un | F69: =HIDRÁULICA!P66 -> 15 | G69: =IF($B69="","",VLOOKUP($C69,'200 DESONERADO'!$A$3:$H$4201,6,0)) -> 117.81 | H69: =ROUND(G69*(1+$I$5),2) -> 148.45 | I69: =IF($B69="","",ROUND(F69*H69,2)) -> 2226.75
A70: 8.1.9 | B70: CDHU | C70: 46.01.030 | D70: =IF($B70="","",VLOOKUP($C70,'200 DESONERADO'!$A$3:$G$4201,2,0)) -> Tubo de PVC rígido soldável marrom, DN= 32 mm, (1´), inclusive conexões | E70: =IF($B70="","",VLOOKUP($C70,'200 ONERADO'!$A$3:$G$4201,3,0)) -> m | F70: 60 | G70: =IF($B70="","",VLOOKUP($C70,'200 DESONERADO'!$A$3:$H$4201,6,0)) -> 38.9 | H70: =ROUND(G70*(1+$I$5),2) -> 49.02 | I70: =IF($B70="","",ROUND(F70*H70,2)) -> 2941.2
A71: 8.1.10 | B71: CDHU | C71: 46.01.020 | D71: =IF($B71="","",VLOOKUP($C71,'200 DESONERADO'!$A$3:$G$4201,2,0)) -> Tubo de PVC rígido soldável marrom, DN= 25 mm, (3/4´), inclusive conexões | E71: =IF($B71="","",VLOOKUP($C71,'200 ONERADO'!$A$3:$G$4201,3,0)) -> m | F71: =HIDRÁULICA!V66 -> 380 | G71: =IF($B71="","",VLOOKUP($C71,'200 DESONERADO'!$A$3:$H$4201,6,0)) -> 31.11 | H71: =ROUND(G71*(1+$I$5),2) -> 39.2 | I71: =IF($B71="","",ROUND(F71*H71,2)) -> 14896
A72: 8.1.11 | B72: CDHU | C72: 46.02.050 | D72: =IF($B72="","",VLOOKUP($C72,'200 DESONERADO'!$A$3:$G$4201,2,0)) -> Tubo de PVC rígido branco PxB com virola e anel de borracha, linha esgoto série normal, DN= 50 mm, inclusive conexões | E72: =IF($B72="","",VLOOKUP($C72,'200 ONERADO'!$A$3:$G$4201,3,0)) -> m | F72: =HIDRÁULICA!W66 -> 132 | G72: =IF($B72="","",VLOOKUP($C72,'200 DESONERADO'!$A$3:$H$4201,6,0)) -> 46.53 | H72: =ROUND(G72*(1+$I$5),2) -> 58.63 | I72: =IF($B72="","",ROUND(F72*H72,2)) -> 7739.16
A73: 8.1.12 | B73: CDHU | C73: 46.02.070 | D73: =IF($B73="","",VLOOKUP($C73,'200 DESONERADO'!$A$3:$G$4201,2,0)) -> Tubo de PVC rígido branco PxB com virola e anel de borracha, linha esgoto série normal, DN= 100 mm, inclusive conexões | E73: =IF($B73="","",VLOOKUP($C73,'200 ONERADO'!$A$3:$G$4201,3,0)) -> m | F73: =HIDRÁULICA!X66 -> 72 | G73: =IF($B73="","",VLOOKUP($C73,'200 DESONERADO'!$A$3:$H$4201,6,0)) -> 79.77 | H73: =ROUND(G73*(1+$I$5),2) -> 100.52 | I73: =IF($B73="","",ROUND(F73*H73,2)) -> 7237.44
A74: 8.1.13 | B74: CDHU | C74: 44.01.052 | D74: =IF($B74="","",VLOOKUP($C74,'200 DESONERADO'!$A$3:$G$4201,2,0)) -> Bacia sifonada de louça com tampa - 6 litros | E74: =IF($B74="","",VLOOKUP($C74,'200 ONERADO'!$A$3:$G$4201,3,0)) -> un | F74: =HIDRÁULICA!J66 -> 9 | G74: =IF($B74="","",VLOOKUP($C74,'200 DESONERADO'!$A$3:$H$4201,6,0)) -> 361.31 | H74: =ROUND(G74*(1+$I$5),2) -> 455.29 | I74: =IF($B74="","",ROUND(F74*H74,2)) -> 4097.61
A75: 8.1.14 | B75: CDHU | C75: 44.01.100 | D75: =IF($B75="","",VLOOKUP($C75,'200 DESONERADO'!$A$3:$G$4201,2,0)) -> Lavatório de louça sem coluna | E75: =IF($B75="","",VLOOKUP($C75,'200 ONERADO'!$A$3:$G$4201,3,0)) -> un | F75: 2 | G75: =IF($B75="","",VLOOKUP($C75,'200 DESONERADO'!$A$3:$H$4201,6,0)) -> 170.6 | H75: =ROUND(G75*(1+$I$5),2) -> 214.97 | I75: =IF($B75="","",ROUND(F75*H75,2)) -> 429.94
A76: 8.1.15 | B76: CDHU | C76: 44.01.310 | D76: =IF($B76="","",VLOOKUP($C76,'200 DESONERADO'!$A$3:$G$4201,2,0)) -> Tanque de louça com coluna de 30 litros | E76: =IF($B76="","",VLOOKUP($C76,'200 ONERADO'!$A$3:$G$4201,3,0)) -> un | F76: 1 | G76: =IF($B76="","",VLOOKUP($C76,'200 DESONERADO'!$A$3:$H$4201,6,0)) -> 1071.85 | H76: =ROUND(G76*(1+$I$5),2) -> 1350.64 | I76: =IF($B76="","",ROUND(F76*H76,2)) -> 1350.64
A77: 8.2 | D77: Divisórias e Bancadas | I77: =SUBTOTAL(9,I78:I83) -> 42286.47
A78: 8.2.1 | B78: CDHU | C78: 14.30.010 | D78: =IF($B78="","",VLOOKUP($C78,'200 DESONERADO'!$A$3:$G$4201,2,0)) -> Divisória em placas de granito com espessura de 3 cm | E78: =IF($B78="","",VLOOKUP($C78,'200 ONERADO'!$A$3:$G$4201,3,0)) -> m² | F78: =HIDRÁULICA!E6 -> 11.22 | G78: =IF($B78="","",VLOOKUP($C78,'200 DESONERADO'!$A$3:$H$4201,6,0)) -> 1278.52 | H78: =ROUND(G78*(1+$I$5),2) -> 1611.06 | I78: =IF($B78="","",ROUND(F78*H78,2)) -> 18076.09
A79: 8.2.2 | B79: CDHU | C79: 26.02.170 | D79: =IF($B79="","",VLOOKUP($C79,'200 DESONERADO'!$A$3:$G$4201,2,0)) -> Vidro temperado serigrafado incolor de 8 mm | E79: =IF($B79="","",VLOOKUP($C79,'200 ONERADO'!$A$3:$G$4201,3,0)) -> m² | F79: =HIDRÁULICA!E40 -> 13 | G79: =IF($B79="","",VLOOKUP($C79,'200 DESONERADO'!$A$3:$H$4201,6,0)) -> 507.45 | H79: =ROUND(G79*(1+$I$5),2) -> 639.44 | I79: =IF($B79="","",ROUND(F79*H79,2)) -> 8312.72
A80: 8.2.3 | B80: CDHU | C80: 28.01.070 | D80: =IF($B80="","",VLOOKUP($C80,'200 DESONERADO'!$A$3:$G$4201,2,0)) -> Ferragem completa para porta de box de WC tipo livre/ocupado | E80: =IF($B80="","",VLOOKUP($C80,'200 ONERADO'!$A$3:$G$4201,3,0)) -> cj | F80: 4 | G80: =IF($B80="","",VLOOKUP($C80,'200 DESONERADO'!$A$3:$H$4201,6,0)) -> 344.7 | H80: =ROUND(G80*(1+$I$5),2) -> 434.36 | I80: =IF($B80="","",ROUND(F80*H80,2)) -> 1737.44
A81: 8.2.4 | B81: CDHU | C81: 44.02.200 | D81: =IF($B81="","",VLOOKUP($C81,'200 DESONERADO'!$A$3:$G$4201,2,0)) -> Tampo/bancada em concreto armado, revestido em aço inoxidável fosco polido | E81: =IF($B81="","",VLOOKUP($C81,'200 ONERADO'!$A$3:$G$4201,3,0)) -> m² | F81: =HIDRÁULICA!E28 -> 3.68 | G81: =IF($B81="","",VLOOKUP($C81,'200 DESONERADO'!$A$3:$H$4201,6,0)) -> 1729.79 | H81: =ROUND(G81*(1+$I$5),2) -> 2179.71 | I81: =IF($B81="","",ROUND(F81*H81,2)) -> 8021.33
A82: 8.2.5 | B82: CDHU | C82: 44.01.270 | D82: =IF($B82="","",VLOOKUP($C82,'200 DESONERADO'!$A$3:$G$4201,2,0)) -> Cuba de louça de embutir oval | E82: =IF($B82="","",VLOOKUP($C82,'200 ONERADO'!$A$3:$G$4201,3,0)) -> un | F82: 6 | G82: =IF($B82="","",VLOOKUP($C82,'200 DESONERADO'!$A$3:$H$4201,6,0)) -> 141.92 | H82: =ROUND(G82*(1+$I$5),2) -> 178.83 | I82: =IF($B82="","",ROUND(F82*H82,2)) -> 1072.98
A83: 8.2.6 | B83: CDHU | C83: 44.04.030 | D83: =IF($B83="","",VLOOKUP($C83,'200 DESONERADO'!$A$3:$G$4201,2,0)) -> Prateleira em granito com espessura de 2 cm | E83: =IF($B83="","",VLOOKUP($C83,'200 ONERADO'!$A$3:$G$4201,3,0)) -> m² | F83: =HIDRÁULICA!L4 -> 6.5 | G83: =IF($B83="","",VLOOKUP($C83,'200 DESONERADO'!$A$3:$H$4201,6,0)) -> 618.5 | H83: =ROUND(G83*(1+$I$5),2) -> 779.37 | I83: =IF($B83="","",ROUND(F83*H83,2)) -> 5065.91
A84: 8.3 | D84: Dispositivos | I84: =SUBTOTAL(9,I85:I90) -> 22870.2
A85: 8.3.1 | B85: CDHU | C85: 44.03.050 | D85: =IF($B85="","",VLOOKUP($C85,'200 DESONERADO'!$A$3:$G$4201,2,0)) -> Dispenser papel higiênico em ABS para rolão 300 / 600 m, com visor | E85: =IF($B85="","",VLOOKUP($C85,'200 ONERADO'!$A$3:$G$4201,3,0)) -> un | F85: =HIDRÁULICA!AA64 -> 9 | G85: =IF($B85="","",VLOOKUP($C85,'200 DESONERADO'!$A$3:$H$4201,6,0)) -> 75.39 | H85: =ROUND(G85*(1+$I$5),2) -> 95 | I85: =IF($B85="","",ROUND(F85*H85,2)) -> 855
A86: 8.3.2 | B86: CDHU | C86: 44.03.180 | D86: =IF($B86="","",VLOOKUP($C86,'200 DESONERADO'!$A$3:$G$4201,2,0)) -> Dispenser toalheiro em ABS, para folhas | E86: =IF($B86="","",VLOOKUP($C86,'200 ONERADO'!$A$3:$G$4201,3,0)) -> un | F86: =HIDRÁULICA!AB64 -> 11 | G86: =IF($B86="","",VLOOKUP($C86,'200 DESONERADO'!$A$3:$H$4201,6,0)) -> 66.39 | H86: =ROUND(G86*(1+$I$5),2) -> 83.66 | I86: =IF($B86="","",ROUND(F86*H86,2)) -> 920.26
A87: 8.3.3 | B87: CDHU | C87: 44.03.130 | D87: =IF($B87="","",VLOOKUP($C87,'200 DESONERADO'!$A$3:$G$4201,2,0)) -> Saboneteira tipo dispenser, para refil de 800 ml | E87: =IF($B87="","",VLOOKUP($C87,'200 ONERADO'!$A$3:$G$4201,3,0)) -> un | F87: =HIDRÁULICA!AC64 -> 8 | G87: =IF($B87="","",VLOOKUP($C87,'200 DESONERADO'!$A$3:$H$4201,6,0)) -> 68.16 | H87: =ROUND(G87*(1+$I$5),2) -> 85.89 | I87: =IF($B87="","",ROUND(F87*H87,2)) -> 687.12
A88: 8.3.4 | B88: CDHU | C88: 44.03.920 | D88: =IF($B88="","",VLOOKUP($C88,'200 DESONERADO'!$A$3:$G$4201,2,0)) -> Ducha higiênica com registro | E88: =IF($B88="","",VLOOKUP($C88,'200 ONERADO'!$A$3:$G$4201,3,0)) -> un | F88: 2 | G88: =IF($B88="","",VLOOKUP($C88,'200 DESONERADO'!$A$3:$H$4201,6,0)) -> 256.7 | H88: =ROUND(G88*(1+$I$5),2) -> 323.47 | I88: =IF($B88="","",ROUND(F88*H88,2)) -> 646.94
A89: 8.3.5 | B89: CDHU | C89: 43.02.080 | D89: =IF($B89="","",VLOOKUP($C89,'200 DESONERADO'!$A$3:$G$4201,2,0)) -> Chuveiro elétrico de 6.500W / 220V com resistência blindada | E89: =IF($B89="","",VLOOKUP($C89,'200 ONERADO'!$A$3:$G$4201,3,0)) -> un | F89: 4 | G89: =IF($B89="","",VLOOKUP($C89,'200 DESONERADO'!$A$3:$H$4201,6,0)) -> 345.32 | H89: =ROUND(G89*(1+$I$5),2) -> 435.14 | I89: =IF($B89="","",ROUND(F89*H89,2)) -> 1740.56
A90: 8.3.6 | B90: CDHU | C90: 23.08.040 | D90: =IF($B90="","",VLOOKUP($C90,'200 DESONERADO'!$A$3:$G$4201,2,0)) -> Armário/gabinete embutido em MDF sob medida, revestido em laminado melamínico, com portas e prateleiras | E90: =IF($B90="","",VLOOKUP($C90,'200 ONERADO'!$A$3:$G$4201,3,0)) -> m² | F90: =HIDRÁULICA!E49 -> 5.28 | G90: =IF($B90="","",VLOOKUP($C90,'200 DESONERADO'!$A$3:$H$4201,6,0)) -> 2708.47 | H90: =ROUND(G90*(1+$I$5),2) -> 3412.94 | I90: =IF($B90="","",ROUND(F90*H90,2)) -> 18020.32
A91: 9.0 | D91: ELÉTRICA | G91: =IF($B91="","",VLOOKUP($C91,'[1]BOLETIM 161'!$A$7:$F$4000,6,0)) | I91: =SUBTOTAL(9,I94:I116) -> 96870.91
A92: 9.1 | B92: FDE | C92: 09.02.034 | D92: AE-33 Abrigo e entrada de energia padrão EDP - T7 - 200 A (Ver Modelo AE-21 do catálogo FDE) | E92: un | F92: 1 | G92: 9875.27 | H92: =ROUND(G92*(1+$I$5),2) -> 12443.83 | I92: =IF($B92="","",ROUND(F92*H92,2)) -> 12443.83
A93: 9.2 | B93: FDE | C93: 09.02.066 | D93: Conjunto 3 cabos p/ entrada de energia, secção 50 mm² c/ eletrodutos | E93: un | F93: 1 | G93: 2199.77 | H93: =ROUND(G93*(1+$I$5),2) -> 2771.93 | I93: =IF($B93="","",ROUND(F93*H93,2)) -> 2771.93
A94: 9.3 | B94: CDHU | C94: 37.03.200 | D94: =IF($B94="","",VLOOKUP($C94,'200 DESONERADO'!$A$3:$G$4201,2,0)) -> Quadro de distribuição universal de embutir, para disjuntores 16 DIN / 12 Bolt-on - 150 A - sem componentes | E94: =IF($B94="","",VLOOKUP($C94,'200 ONERADO'!$A$3:$G$4201,3,0)) -> un | F94: 2 | G94: =IF($B94="","",VLOOKUP($C94,'200 DESONERADO'!$A$3:$H$4201,6,0)) -> 554.56 | H94: =ROUND(G94*(1+$I$5),2) -> 698.8 | I94: =IF($B94="","",ROUND(F94*H94,2)) -> 1397.6
A95: 9.4 | B95: CDHU | C95: 37.03.220 | D95: =IF($B95="","",VLOOKUP($C95,'200 DESONERADO'!$A$3:$G$4201,2,0)) -> Quadro de distribuição universal de embutir, para disjuntores 34 DIN / 24 Bolt-on - 150 A - sem componentes | E95: =IF($B95="","",VLOOKUP($C95,'200 ONERADO'!$A$3:$G$4201,3,0)) -> un | F95: 1 | G95: =IF($B95="","",VLOOKUP($C95,'200 DESONERADO'!$A$3:$H$4201,6,0)) -> 811.76 | H95: =ROUND(G95*(1+$I$5),2) -> 1022.9 | I95: =IF($B95="","",ROUND(F95*H95,2)) -> 1022.9
A96: 9.5 | B96: CDHU | C96: 37.13.840 | D96: =IF($B96="","",VLOOKUP($C96,'200 DESONERADO'!$A$3:$G$4201,2,0)) -> Mini-disjuntor termomagnético, bipolar 220/380 V, corrente de 10 A até 32 A | E96: =IF($B96="","",VLOOKUP($C96,'200 ONERADO'!$A$3:$G$4201,3,0)) -> un | F96: =ILUMINAÇÃO!C71 -> 31 | G96: =IF($B96="","",VLOOKUP($C96,'200 DESONERADO'!$A$3:$H$4201,6,0)) -> 52.97 | H96: =ROUND(G96*(1+$I$5),2) -> 66.75 | I96: =IF($B96="","",ROUND(F96*H96,2)) -> 2069.25
A97: 9.6 | B97: CDHU | C97: 37.13.850 | D97: =IF($B97="","",VLOOKUP($C97,'200 DESONERADO'!$A$3:$G$4201,2,0)) -> Mini-disjuntor termomagnético, bipolar 220/380 V, corrente de 40 A até 50 A | E97: =IF($B97="","",VLOOKUP($C97,'200 ONERADO'!$A$3:$G$4201,3,0)) -> un | F97: 3 | G97: =IF($B97="","",VLOOKUP($C97,'200 DESONERADO'!$A$3:$H$4201,6,0)) -> 53.42 | H97: =ROUND(G97*(1+$I$5),2) -> 67.31 | I97: =IF($B97="","",ROUND(F97*H97,2)) -> 201.93
A98: 9.7 | B98: CDHU | C98: 37.13.870 | D98: =IF($B98="","",VLOOKUP($C98,'200 DESONERADO'!$A$3:$G$4201,2,0)) -> Mini-disjuntor termomagnético, bipolar 400 V, corrente de 80 A até 100 A | E98: =IF($B98="","",VLOOKUP($C98,'200 ONERADO'!$A$3:$G$4201,3,0)) -> un | F98: 2 | G98: =IF($B98="","",VLOOKUP($C98,'200 DESONERADO'!$A$3:$H$4201,6,0)) -> 146.98 | H98: =ROUND(G98*(1+$I$5),2) -> 185.21 | I98: =IF($B98="","",ROUND(F98*H98,2)) -> 370.42
A99: 9.8 | B99: CDHU | C99: 38.13.030 | D99: =IF($B99="","",VLOOKUP($C99,'200 DESONERADO'!$A$3:$G$4201,2,0)) -> Eletroduto corrugado em polietileno de alta densidade, DN= 75 mm, com acessórios | E99: =IF($B99="","",VLOOKUP($C99,'200 ONERADO'!$A$3:$G$4201,3,0)) -> m | F99: 50 | G99: =IF($B99="","",VLOOKUP($C99,'200 DESONERADO'!$A$3:$H$4201,6,0)) -> 16.85 | H99: =ROUND(G99*(1+$I$5),2) -> 21.23 | I99: =IF($B99="","",ROUND(F99*H99,2)) -> 1061.5
A100: 9.9 | B100: CDHU | C100: 38.19.040 | D100: =IF($B100="","",VLOOKUP($C100,'200 DESONERADO'!$A$3:$G$4201,2,0)) -> Eletroduto de PVC corrugado flexível leve, diâmetro externo de 32 mm | E100: =IF($B100="","",VLOOKUP($C100,'200 ONERADO'!$A$3:$G$4201,3,0)) -> m | F100: =ILUMINAÇÃO!G36 -> 1422 | G100: =IF($B100="","",VLOOKUP($C100,'200 DESONERADO'!$A$3:$H$4201,6,0)) -> 19.98 | H100: =ROUND(G100*(1+$I$5),2) -> 25.18 | I100: =IF($B100="","",ROUND(F100*H100,2)) -> 35805.96
...

Sheet 200 ONERADO
B1: COMPANHIA DE DESENVOLVIMENTO HABITACIONAL E URBANO
A2: DO ESTADO DE SÃO PAULO
A3: BOLETIM REFERENCIAL DE CUSTOS - TABELA DE SERVIÇOS
A4: SEM DESONERAÇÃO
F5: Versão 200
E6: Data Base: | F6: NOV/25
C7: BDI : | D7: 0 | E7: L.S.: | F7: 1.2823
A8: Referência | B8: Descrição | C8: Un | D8: Material | E8: Mão de Obra | F8: Custo Total
A9: 01 | B9: SERVICO TECNICO ESPECIALIZADO
A10: 01.02 | B10: Parecer técnico
A11: 01.02.071 | B11: Parecer técnico de fundações, contenções e recomendações gerais, para empreendimentos com área construída até 1.000 m² | C11: UN | E11: 7204.93 | F11: 7204.93 | G11: 15
A12: 01.02.081 | B12: Parecer técnico de fundações, contenções e recomendações gerais, para empreendimentos com área construída de 1.001 a 2.000 m² | C12: UN | E12: 9581.15 | F12: 9581.15 | G12: 15
A13: 01.02.091 | B13: Parecer técnico de fundações, contenções e recomendações gerais, para empreendimentos com área construída de 2.001 a 5.000 m² | C13: UN | E13: 16366.75 | F13: 16366.75 | G13: 15
A14: 01.02.101 | B14: Parecer técnico de fundações, contenções e recomendações gerais, para empreendimentos com área construída de 5.001 a 10.000 m² | C14: UN | E14: 22440.73 | F14: 22440.73 | G14: 15
A15: 01.02.111 | B15: Parecer técnico de fundações, contenções e recomendações gerais, para empreendimentos com área construída acima de 10.000 m² | C15: UN | E15: 26151.21 | F15: 26151.21 | G15: 15
A16: 01.06 | B16: Projeto de instalações elétricas
A17: 01.06.021 | B17: Elaboração de projeto de adequação de entrada de energia elétrica junto a concessionária, com medição em baixa tensão e demanda até 75 kVA | C17: UN | E17: 9202.36 | F17: 9202.36 | G17: 15
A18: 01.06.031 | B18: Elaboração de projeto de adequação de entrada de energia elétrica junto a concessionária, com medição em média tensão, subestação simplificada e demanda de 75 kVA a 300 kVA | C18: UN | E18: 15587.22 | F18: 15587.22 | G18: 15
A19: 01.06.032 | B19: Elaboração de projeto de adequação de entrada de energia elétrica junto a concessionária, com medição em média tensão e demanda de 75 kVA a 300 kVA | C19: UN | E19: 21092.24 | F19: 21092.24 | G19: 15
A20: 01.06.041 | B20: Elaboração de projeto de adequação de entrada de energia elétrica junto a concessionária, com medição em média tensão e demanda acima de 300 kVA a 2 MVA | C20: UN | E20: 28055 | F20: 28055 | G20: 15
A21: 01.17 | B21: Projeto executivo
A22: 01.17.031 | B22: Projeto executivo de arquitetura em formato A1 | C22: UN | E22: 3624.6 | F22: 3624.6 | G22: 15
A23: 01.17.041 | B23: Projeto executivo de arquitetura em formato A0 | C23: UN | E23: 4900.14 | F23: 4900.14 | G23: 15
A24: 01.17.051 | B24: Projeto executivo de estrutura em formato A1 | C24: UN | E24: 2658.26 | F24: 2658.26 | G24: 15
A25: 01.17.061 | B25: Projeto executivo de estrutura em formato A0 | C25: UN | E25: 3637.02 | F25: 3637.02 | G25: 15
A26: 01.17.071 | B26: Projeto executivo de instalações hidráulicas em formato A1 | C26: UN | E26: 1141.18 | F26: 1141.18 | G26: 15
A27: 01.17.081 | B27: Projeto executivo de instalações hidráulicas em formato A0 | C27: UN | E27: 1519.09 | F27: 1519.09 | G27: 15
A28: 01.17.111 | B28: Projeto executivo de instalações elétricas em formato A1 | C28: UN | E28: 1267.26 | F28: 1267.26 | G28: 15
A29: 01.17.121 | B29: Projeto executivo de instalações elétricas em formato A0 | C29: UN | E29: 1757.15 | F29: 1757.15 | G29: 15
A30: 01.17.151 | B30: Projeto executivo de climatização em formato A1 | C30: UN | E30: 2439.23 | F30: 2439.23 | G30: 15
A31: 01.17.161 | B31: Projeto executivo de climatização em formato A0 | C31: UN | E31: 3324.97 | F31: 3324.97 | G31: 15
A32: 01.17.171 | B32: Projeto executivo de chuveiros automáticos em formato A1 | C32: UN | E32: 2105.98 | F32: 2105.98 | G32: 15
A33: 01.17.181 | B33: Projeto executivo de chuveiros automáticos em formato A0 | C33: UN | E33: 2722.06 | F33: 2722.06 | G33: 15
A34: 01.20 | B34: Levantamento topográfico e geofísico
A35: 01.20.010 | B35: Taxa de mobilização e desmobilização de equipamentos para execução de levantamento topográfico | C35: TX | D35: 1150.83 | F35: 1150.83 | G35: 15
A36: 01.20.280 | B36: Levantamento planimétrico de área pavimentada para veículo e pedestre | C36: M2 | D36: 0.07 | E36: 0.18 | F36: 0.25 | G36: 15
A37: 01.20.691 | B37: Levantamento planimétrico cadastral com áreas ocupadas predominantemente por comunidades - área até 20.000 m² (mínimo de 3.500 m²) | C37: M2 | D37: 0.41 | E37: 0.59 | F37: 1 | G37: 15
A38: 01.20.701 | B38: Levantamento planimétrico cadastral com áreas ocupadas predominantemente por comunidades - área acima de 20.000 m² até 200.000 m² | C38: M2 | D38: 0.32 | E38: 0.46 | F38: 0.78 | G38: 15
A39: 01.20.711 | B39: Levantamento planimétrico cadastral com áreas ocupadas predominantemente por comunidades - área acima de 200.000 m² | C39: M2 | D39: 0.27 | E39: 0.37 | F39: 0.64 | G39: 15
A40: 01.20.721 | B40: Levantamento planimétrico cadastral com áreas até 50% de ocupação - área até 20.000 m² (mínimo de 3.500 m²) | C40: M2 | D40: 0.37 | E40: 0.51 | F40: 0.88 | G40: 15
A41: 01.20.731 | B41: Levantamento planimétrico cadastral com áreas até 50% de ocupação - área acima de 20.000 m² até 200.000 m² | C41: M2 | D41: 0.17 | E41: 0.57 | F41: 0.74 | G41: 15
A42: 01.20.741 | B42: Levantamento planimétrico cadastral com áreas até 50% de ocupação - área acima de 200.000 m² | C42: M2 | D42: 0.23 | E42: 0.32 | F42: 0.55 | G42: 15
A43: 01.20.751 | B43: Levantamento planimétrico cadastral com áreas acima de 50% de ocupação - área até 20.000 m² (mínimo de 4.000 m²) | C43: M2 | D43: 0.32 | E43: 0.46 | F43: 0.78 | G43: 15
A44: 01.20.761 | B44: Levantamento planimétrico cadastral com áreas acima de 50% de ocupação - área acima de 20.000 m² até 200.000 m² | C44: M2 | D44: 0.28 | E44: 0.4 | F44: 0.68 | G44: 15
A45: 01.20.771 | B45: Levantamento planimétrico cadastral com áreas acima de 50% de ocupação - área acima de 200.000 m² | C45: M2 | D45: 0.27 | E45: 0.38 | F45: 0.65 | G45: 15
A46: 01.20.781 | B46: Levantamento planialtimétrico cadastral com áreas ocupadas predominantemente por comunidades - área até 20.000 m² (mínimo de 3.500 m²) | C46: M2 | D46: 0.45 | E46: 0.63 | F46: 1.08 | G46: 15
A47: 01.20.791 | B47: Levantamento planialtimétrico cadastral com áreas ocupadas predominantemente por comunidades - área acima de 20.000 m² até 200.000 m² | C47: M2 | D47: 0.36 | E47: 0.5 | F47: 0.86 | G47: 15
... A60: 01.20.921 | B60: Implantação de marcos através de levantamento com GPS (mínimo de 3 marcos) | C60: UN | D60: 711.95 | E60: 514.39 | F60: 1226.34 | G60: 15
A61: 01.21 | B61: Estudo geotecnico (sondagem)
A62: 01.21.010 | B62: Taxa de mobilização e desmobilização de equipamentos para execução de sondagem | C62: TX | D62: 1342.33 | F62: 1342.33 | G62: 15
A63: 01.21.090 | B63: Taxa de mobilização e desmobilização de equipamentos para execução de sondagem rotativa | C63: TX | D63: 6995.32 | F63: 6995.32 | G63: 15
A64: 01.21.100 | B64: Sondagem do terreno a trado | C64: M | D64: 104.58 | F64: 104.58 | G64: 15
A65: 01.21.110 | B65: Sondagem do terreno à percussão (mínimo de 30 m) | C65: M | D65: 91.32 | F65: 91.32 | G65: 15
A66: 01.21.120 | B66: Sondagem do terreno rotativa em solo | C66: M | D66: 412.79 | F66: 412.79 | G66: 15
A67: 01.21.130 | B67: Sondagem do terreno rotativa em rocha | C67: M | D67: 653.01 | F67: 653.01 | G67: 15
A68: 01.21.140 | B68: Sondagem do terreno à percussão com a utilização de torquímetro (mínimo de 30 m) | C68: M | D68: 101.61 | F68: 101.61 | G68: 15
A69: 01.23 | B69: Tratamento, recuperação e trabalhos especiais em concreto
A70: 01.23.010 | B70: Taxa de mobilização e desmobilização de equipamentos para execução de corte em concreto armado | C70: TX | D70: 421.15 | F70: 421.15 | G70: 15
A71: 01.23.020 | B71: Limpeza de armadura com escova de aço | C71: M2 | D71: 3.09 | E71: 6.81 | F71: 9.9 | G71: 15
A72: 01.23.030 | B72: Preparo de ponte de aderência com adesivo a base de epóxi | C72: M2 | D72: 100.85 | E72: 50.35 | F72: 151.2 | G72: 15
A73: 01.23.056 | B73: Tratamento de armadura com produto anticorrosivo a base de zinco | C73: M2 | D73: 22.13 | E73: 48.01 | F73: 70.14 | G73: 15
A74: 01.23.060 | B74: Corte de concreto deteriorado inclusive remoção dos detritos | C74: M2 | E74: 34.07 | F74: 34.07 | G74: 15
A75: 01.23.070 | B75: Demarcação de área com disco de corte diamantado | C75: M | D75: 1.07 | E75: 5.03 | F75: 6.1 | G75: 15
A76: 01.23.100 | B76: Demolição de concreto armado com preservação de armadura, para reforço e recuperação estrutural | C76: M3 | E76: 514.15 | F76: 514.15 | G76: 15
A77: 01.23.140 | B77: Furação de 1 1/4´ em concreto armado | C77: M | D77: 270.07 | F77: 270.07 | G77: 15
A78: 01.23.150 | B78: Furação de 1 1/2´ em concreto armado | C78: M | D78: 272.4 | F78: 272.4 | G78: 15
A79: 01.23.160 | B79: Furação de 2 1/4´ em concreto armado | C79: M | D79: 377.36 | F79: 377.36 | G79: 15
A80: 01.23.190 | B80: Furação de 2 1/2´ em concreto armado | C80: M | D80: 387.85 | F80: 387.85 | G80: 15
A81: 01.23.200 | B81: Taxa de mobilização e desmobilização de equipamentos para execução de perfuração em concreto | C81: TX | D81: 227.04 | F81: 227.04 | G81: 15
A82: 01.23.221 | B82: Furação para até 10mm x 100mm em concreto armado, inclusive colagem de armadura (para até 8mm) | C82: UN | D82: 13.6 | F82: 13.6 | G82: 15
A83: 01.23.222 | B83: Furação para 12,5mm x 100mm em concreto armado, inclusive colagem de armadura (para 10mm) | C83: UN | D83: 15.81 | F83: 15.81 | G83: 15
A84: 01.23.223 | B84: Furação para 16mm x 100mm em concreto armado, inclusive colagem de armadura (para 12,5mm) | C84: UN | D84: 16.31 | F84: 16.31 | G84: 15
A85: 01.23.231 | B85: Furação para até 10mm x 150mm em concreto armado, inclusive colagem de armadura (para até 8mm) | C85: UN | D85: 21.13 | F85: 21.13 | G85: 15
A86: 01.23.232 | B86: Furação para 12,5mm x 150mm em concreto armado, inclusive colagem de armadura (para 10mm) | C86: UN | D86: 21.92 | F86: 21.92 | G86: 15
A87: 01.23.233 | B87: Furação para 16mm x 150mm em concreto armado, inclusive colagem de armadura (para 12,5mm) | C87: UN | D87: 25.63 | F87: 25.63 | G87: 15
A88: 01.23.234 | B88: Furação para 20mm x 150mm em concreto armado, inclusive colagem de armadura (para 16mm) | C88: UN | D88: 27.79 | F88: 27.79 | G88: 15
... A99: 01.23.510 | B99: Corte vertical em concreto armado, espessura de 15 cm | C99: M | D99: 226.39 | F99: 226.39 | G99: 15
A100: 01.23.700 | B100: Taxa de mobilização e desmobilização para reforço estrutural com fibra de carbono | C100: TX | D100: 1629.92 | E100: 4622.41 | F100: 6252.33 | G100: 15
A101: 01.23.701 | B101: Preparação de substrato para colagem de fibra de carbono, mediante lixamento e/ou apicoamento e escovação | C101: M2 | D101: 7.49 | E101: 49.21 | F101: 56.7 | G101: 15
A102: 01.23.702 | B102: Fibra de carbono para reforço estrutural de alta resistência - 300 g/m² | C102: M2 | D102: 163.19 | E102: 350.18 | F102: 513.37 | G102: 15
A103: 01.27 | B103: Estudo e programa ambientais
A104: 01.27.011 | B104: Projeto e implementação de gerenciamento integrado de resíduos sólidos e gestão de perdas | C104: UN | D104: 196.55 | E104: 10213.45 | F104: 10410 | G104: 15
A105: 01.27.021 | B105: Projeto e implementação de educação ambiental | C105: UN | D105: 196.55 | E105: 13680.99 | F105: 13877.54 | G105: 15
A106: 01.27.031 | B106: Projeto e implementação de controle ambiental de obra | C106: UN | D106: 196.55 | E106: 12105.6 | F106: 12302.15 | G106: 15
A107: 01.27.041 | B107: Laudo de caracterização de vegetação | C107: UN | D107: 569.3 | E107: 28190.53 | F107: 28759.83 | G107: 15
A108: 01.27.051 | B108: Laudo de caracterização da fauna associada à flora | C108: UN | D108: 569.3 | E108: 43257.71 | F108: 43827.01 | G108: 15
A109: 01.27.061 | B109: Projeto e implementação de monitoramento da fauna durante a obra | C109: UN | D109: 569.3 | E109: 17148.56 | F109: 17717.86 | G109: 15
A110: 01.27.071 | B110: Laudo de autodepuração | C110: UN | D110: 462.8 | E110: 20582.26 | F110: 21045.06 | G110: 15
A111: 01.27.091 | B111: Estudo de impacto de vizinhança, em área urbana até 10.000 m² | C111: UN | D111: 281.75 | E111: 33337.13 | F111: 33618.88 | G111: 15
A112: 01.28 | B112: Poço profundo
A113: 01.28.010 | B113: Taxa de mobilização e desmobilização de equipamentos para execução de perfuração para poço profundo - profundidade até 200 m | C113: TX | D113: 8405.03 | F113: 8405.03 | G113: 15
A114: 01.28.020 | B114: Taxa de mobilização e desmobilização de equipamentos para execução de perfuração para poço profundo - profundidade acima de 200 m e até 300 m | C114: TX | D114: 13648.77 | F114: 13648.77 | G114: 15
A115: 01.28.030 | B115: Taxa de mobilização e desmobilização de equipamentos para execução de perfuração para poço profundo - profundidade acima de 300 m | C115: TX | D115: 13560.03 | F115: 13560.03 | G115: 15
A116: 01.28.040 | B116: Perfuração rotativa para poço profundo em camadas de solos sedimentares, diâmetro de 8 1/2" (215,90 mm) | C116: M | D116: 732.99 | F116: 732.99 | G116: 15
A117: 01.28.050 | B117: Perfuração rotativa para poço profundo em aluvião, arenito, ou solos sedimentados em geral, diâmetro de 10" (250 mm) | C117: M | D117: 517.99 | F117: 517.99 | G117: 15
A118: 01.28.060 | B118: Perfuração rotativa para poço profundo em aluvião, arenito, ou solos sedimentados em geral, diâmetro de 12" (300 mm) | C118: M | D118: 1288.52 | F118: 1288.52 | G118: 15
A119: 01.28.070 | B119: Perfuração rotativa para poço profundo em aluvião, arenito, ou solos sedimentados em geral, diâmetro de 14" (350 mm) | C119: M | D119: 1394.38 | F119: 1394.38 | G119: 15
A120: 01.28.080 | B120: Perfuração rotativa para poço profundo em aluvião, arenito, ou solos sedimentados em geral, diâmetro de 16" (400 mm) | C120: M | D120: 1733.69 | F120: 1733.69 | G120: 15
A121: 01.28.090 | B121: Perfuração rotativa para poço profundo em aluvião, arenito, ou solos sedimentados em geral, diâmetro de 18" (450 mm) | C121: M | D121: 2219.14 | F121: 2219.14 | G121: 15
A122: 01.28.100 | B122: Perfuração rotativa para poço profundo em aluvião, arenito, ou solos sedimentados em geral, diâmetro de 20" (500 mm) | C122: M | D122: 2510.5 | F122: 2510.5 | G122: 15
...

Sheet BDI-ONER.
B2: DEMONSTRATIVO DE COMPOSIÇÃO DO BDI (acórdào 2622/2013-TCU-Plenário) | O2: =1100 -> 1100 | P2: 5.5 | Q2: =O2/P2 -> 200
B4: Prefeitura do Município de Santa Branca
B5: Processo nº | L5: Verificar!
B6: Convênio nº
B7: Data da Elaboração: 28/01/2022
B8: Objeto: RECOMPOSIÇÃO E RECAPEAMENTO DE PAVIMENTO ASFÁLTICO DE TRECHO DA RUA ANDRÉ IANICELLI E AVENIDA DEP. BENEDITO MATARAZZO, JD. PRADO - SANTA BRANCA - SP
B10: Cálculo do BDI - SEM DESONERAÇÃO Fórmula e parâmetros estabelecidos pelo Acórdão 2622/2013-TCU-Plenário
B12: Item | C12: 1º quartil | D12: 3º quartil | E12: Médio | F12: Identificação
B13: AC | C13: 3.8 | D13: 4.67 | E13: 4.5 | F13: Administração Central
B14: S e G | C14: 0.32 | D14: 0.74 | E14: 0.55 | F14: Seguro e Garantia
B15: R | C15: 0.5 | D15: 0.97 | E15: 0.68 | F15: Risco
B16: DF | C16: 1.02 | D16: 1.21 | E16: 1.02 | F16: Despesas Financeiras
B17: L | C17: 6.64 | D17: 8.69 | E17: 6 | F17: Lucro
B18: I * | C18: conforme legislação | E18: =C33 -> 5.65 | F18: Tributos *
D20: TOTAL | E20: =IF(OR(C32="",E13="",E14="",E15="",E16="",E17=""),0,ROUND((((1+E13/100+E14/100+E15/100)*(1+E16/100)*(1+E17/100)/(1-(C33/100)))-1)*100,2)) -> 20 | F20: BDI A SER ADOTADO (sem desoneração)
B22: Verificação: | C22: =IF(OR(C32="",E13="",E14="",E15="",E16="",E17=""),0,IF(OR(ROUND((((1+E13/100+E14/100+E15/100)*(1+E16/100)*(1+E17/100)/(1-((C33-C31)/100)))-1)*100,2)>24.23,ROUND((((1+E13/100+E14/100+E15/100)*(1+E16/100)*(1+E17/100)/(1-((C33-C31)/100)))-1)*100,2)<19.6),"FORA DO LIMITE !",ROUND((((1+E13/100+E14/100+E15/100)*(1+E16/100)*(1+E17/100)/(1-((C33-C31)/100)))-1)*100,2))) -> 20 | D22: ← limite 19,60% a 24,23% (sem desoneração)
C23: =IF(C22="FORA DO LIMITE !",ROUND((((1+E13/100+E14/100+E15/100)*(1+E16/100)*(1+E17/100)/(1-((C33-C31)/100)))-1)*100,2)/100,"")
B24: * Em geral, os tributos ( I ) aplicáveis são PIS (0,65%), COFINS (3%) e ISS (variável, conforme
B25: Município, de 2 a 5% e, em alguns casos, isento).
B26: ** Caso a empresa seja tributada de forma diferente, alterar os valores abaixo:
B28: TRIBUTOS | C28: %
B29: PIS** | C29: 0.65
B30: COFINS** | C30: 3
B31: Cont. Previd. | D31: (Contribuição Previdenciária sobre a receita bruta, no caso de desoneração na folha)
B32: ISS | C32: =IF(OR(H36="",J35=""),"",IF(ROUND(J35*H36*100,2)>5,"ERRO",(ROUND(J35*H36*100,2)))) -> 2
B33: Total | C33: =IF(C32="","",SUM(C29:C32)) -> 5.65
B35: Declaramos que, conforme legislação tributária municipal, a base de cálculo do ISS é de | J35: 1
B36: sobre o valor da obra e a aliquota do ISS aplicável no Município é de | H36: 0.02 | I36: ← (limitado a 5,00%)
B38: FÓRMULA
B40: BDI calculado pela expressão: BDI = { [ (1+AC/100+S/100+R/100+G/100) x (1+DF/100) x (1+L/100) / (1-I/100)] -1} x 100
B44: Declaramos sob pena da Lei que a alternativa adotada pela Prefeitura do Município de Santa Branca é Sem Desoneração e que é a mais vantajosa para a Administração Pública.
J46: Santa Branca, 28 de jameiro de 2022.
B51: Arthur Ribeiro Alvares Pimenta | G51: Hudson de Melo Domiciano
B52: Responsável Técnico | G52: Gestor Contábil
B53: CREA/SP: 5069103559 | G53: CRC-SP 1SP302996/O-1

Sheet P.O.
D1: MUNICÍPIO DE SANTA BRANCA - Secretaria Municipal de Serviços, Obras e Transportes
D2: RUA PRUDENTE DE MORAES, 93, CENTRO, CEP 12380-970 - SANTA BRANCA - SP
D3: LOCAL DA OBRA: RUA BRIGADEIRO AGUIAR, S/Nº, CENTRO - SANTA BRANCA - SP | L3: 2.203,73 m² de parque
D4: PLANILHA ORÇAMENTÁRIA - CONSTRUÇÃO DA BASE DA POLÍCIA MILITAR DE SANTA BRANCA -SP | I4: BDI adotado | L4: =2200*400 -> 880000
D5: BASE: CDHU 200 NÃO DESONERADA / FDE JAN/2026 | I5: ='BDI-ONER.'!E20/100 -> 0.2
A6: ITEM | B6: FONTE | C6: CÓDIGO | D6: DESCRIÇÃO | E6: UNID. | F6: QUANT. | G6: VALOR UNIT. | H6: VALOR COM BDI | I6: TOTAL
A7: 1.0 | D7: SERVIÇOS PRELIMINARES | G7: =IF($B7="","",VLOOKUP($C7,'[1]BOLETIM 161'!$A$7:$F$4000,6,0)) | I7: =SUBTOTAL(9,I8:I12) -> 45279.93 | K7: =ROUND(I7/$I$210,4) -> 0.0281
A8: 1.1 | B8: CDHU | C8: 02.08.040 | D8: =IF($B8="","",VLOOKUP($C8,'200 ONERADO'!$A$3:$G$4201,2,0)) -> Placa em lona com impressão digital e requadro em metalon | E8: =IF($B8="","",VLOOKUP($C8,'200 ONERADO'!$A$3:$G$4201,3,0)) -> m² | F8: 6 | G8: =IF($B8="","",VLOOKUP($C8,'200 ONERADO'!$A$3:$H$4201,6,0)) -> 443.92 | H8: =ROUND(G8*(1+$I$5),2) -> 532.7 | I8: =IF($B8="","",ROUND(F8*H8,2)) -> 3196.2 | K8: =ROUND(I8/$I$210,4) -> 0.002 | Q8: 1
A9: 1.2 | B9: CDHU | C9: 02.02.130 | D9: =IF($B9="","",VLOOKUP($C9,'200 ONERADO'!$A$3:$G$4201,2,0)) -> Locação de container tipo escritório com 1 vaso sanitário, 1 lavatório e 1 ponto para chuveiro - área mínima de 13,80 m² | E9: =IF($B9="","",VLOOKUP($C9,'200 ONERADO'!$A$3:$G$4201,3,0)) -> un.mês | F9: 6 | G9: =IF($B9="","",VLOOKUP($C9,'200 ONERADO'!$A$3:$H$4201,6,0)) -> 1564.5 | H9: =ROUND(G9*(1+$I$5),2) -> 1877.4 | I9: =IF($B9="","",ROUND(F9*H9,2)) -> 11264.4 | K9: =ROUND(I9/$I$210,4) -> 0.007 | M9: 40000000 | N9: =4000 -> 4000 | O9: =N9/M9 -> 0.0001 | Q9: 2
A10: 1.3 | B10: CDHU | C10: 02.10.020 | D10: =IF($B10="","",VLOOKUP($C10,'200 ONERADO'!$A$3:$G$4201,2,0)) -> Locação de obra de edificação | E10: =IF($B10="","",VLOOKUP($C10,'200 ONERADO'!$A$3:$G$4201,3,0)) -> m² | F10: =210.99+58.87 -> 269.86 | G10: =IF($B10="","",VLOOKUP($C10,'200 ONERADO'!$A$3:$H$4201,6,0)) -> 17.85 | H10: =ROUND(G10*(1+$I$5),2) -> 21.42 | I10: =IF($B10="","",ROUND(F10*H10,2)) -> 5780.4 | K10: =ROUND(I10/$I$210,4) -> 0.0036 | L10: =ROUND(20.25*8.85,2) -> 179.21 | M10: =0.025*M9 -> 1000000 | Q10: 3
A11: 1.4 | B11: CDHU | C11: 02.03.120 | D11: =IF($B11="","",VLOOKUP($C11,'200 ONERADO'!$A$3:$G$4201,2,0)) -> Tapume fixo para fechamento de áreas, com portão | E11: =IF($B11="","",VLOOKUP($C11,'200 ONERADO'!$A$3:$G$4201,3,0)) -> m² | F11: =2*61 -> 122 | G11: =IF($B11="","",VLOOKUP($C11,'200 ONERADO'!$A$3:$H$4201,6,0)) -> 108.01 | H11: =ROUND(G11*(1+$I$5),2) -> 129.61 | I11: =IF($B11="","",ROUND(F11*H11,2)) -> 15812.42 | K11: =ROUND(I11/$I$210,4) -> 0.0098 | Q11: 4
A12: 1.5 | B12: CDHU | C12: 03.07.010 | D12: =IF($B12="","",VLOOKUP($C12,'200 ONERADO'!$A$3:$G$4201,2,0)) -> Demolição (levantamento) mecanizada de pavimento asfáltico, inclusive carregamento, transporte até 1 quilômetro e descarregamento | E12: =IF($B12="","",VLOOKUP($C12,'200 ONERADO'!$A$3:$G$4201,3,0)) -> m² | F12: =F10 -> 269.86 | G12: =IF($B12="","",VLOOKUP($C12,'200 ONERADO'!$A$3:$H$4201,6,0)) -> 28.49 | H12: =ROUND(G12*(1+$I$5),2) -> 34.19 | I12: =IF($B12="","",ROUND(F12*H12,2)) -> 9226.51 | K12: =ROUND(I12/$I$210,4) -> 0.0057
A13: 2.0 | D13: FUNDAÇÃO | G13: =IF($B13="","",VLOOKUP($C13,'[1]BOLETIM 161'!$A$7:$F$4000,6,0)) | I13: =SUBTOTAL(9,I14:I21) -> 154616.39 | K13: =ROUND(I13/$I$210,4) -> 0.0961
A14: 2.1 | B14: CDHU | C14: 06.02.020 | D14: =IF($B14="","",VLOOKUP($C14,'200 ONERADO'!$A$3:$G$4201,2,0)) -> Escavação manual em solo de 1ª e 2ª categoria em vala ou cava até 1,5 m | E14: =IF($B14="","",VLOOKUP($C14,'200 ONERADO'!$A$3:$G$4201,3,0)) -> m³ | F14: =INFRAESTRUTURA!H55+INFRAESTRUTURA!R29 -> 29.52 | G14: =IF($B14="","",VLOOKUP($C14,'200 ONERADO'!$A$3:$H$4201,6,0)) -> 68.13 | H14: =ROUND(G14*(1+$I$5),2) -> 81.76 | I14: =IF($B14="","",ROUND(F14*H14,2)) -> 2413.56 | K14: =ROUND(I14/$I$210,4) -> 0.0015
A15: 2.2 | B15: CDHU | C15: 12.05.010 | D15: =IF($B15="","",VLOOKUP($C15,'200 ONERADO'!$A$3:$G$4201,2,0)) -> Taxa de mobilização e desmobilização de equipamentos para execução de estaca escavada | E15: =IF($B15="","",VLOOKUP($C15,'200 ONERADO'!$A$3:$G$4201,3,0)) -> tx | F15: 1 | G15: =IF($B15="","",VLOOKUP($C15,'200 ONERADO'!$A$3:$H$4201,6,0)) -> 2552.3 | H15: =ROUND(G15*(1+$I$5),2) -> 3062.76 | I15: =IF($B15="","",ROUND(F15*H15,2)) -> 3062.76 | K15: =ROUND(I15/$I$210,4) -> 0.0019 | L15: 8 | M15: =71400+11730 -> 83130 | N15: =M15*0.4 -> 33252
A16: 2.3 | B16: CDHU | C16: 12.05.030 | D16: =IF($B16="","",VLOOKUP($C16,'200 ONERADO'!$A$3:$G$4201,2,0)) -> Estaca escavada mecanicamente, diâmetro de 30 cm até 30 t | E16: =IF($B16="","",VLOOKUP($C16,'200 ONERADO'!$A$3:$G$4201,3,0)) -> m | F16: =INFRAESTRUTURA!C142 -> 408 | G16: =IF($B16="","",VLOOKUP($C16,'200 ONERADO'!$A$3:$H$4201,6,0)) -> 83.17 | H16: =ROUND(G16*(1+$I$5),2) -> 99.8 | I16: =IF($B16="","",ROUND(F16*H16,2)) -> 40718.4 | K16: =ROUND(I16/$I$210,4) -> 0.0253
A17: 2.4 | B17: CDHU | C17: 11.18.040 | D17: =IF($B17="","",VLOOKUP($C17,'200 ONERADO'!$A$3:$G$4201,2,0)) -> Lastro de pedra britada | E17: =IF($B17="","",VLOOKUP($C17,'200 ONERADO'!$A$3:$G$4201,3,0)) -> m³ | F17: =INFRAESTRUTURA!G55+INFRAESTRUTURA!P29 -> 3.18 | G17: =IF($B17="","",VLOOKUP($C17,'200 ONERADO'!$A$3:$H$4201,6,0)) -> 219.03 | H17: =ROUND(G17*(1+$I$5),2) -> 262.84 | I17: =IF($B17="","",ROUND(F17*H17,2)) -> 835.83 | K17: =ROUND(I17/$I$210,4) -> 0.0005 | L17: 10 | M17: =11280+14400+4116+25680+4116 -> 59592 | N17: =M17*0.62 -> 36947.04
A18: 2.5 | B18: CDHU | C18: 09.01.020 | D18: =IF($B18="","",VLOOKUP($C18,'200 ONERADO'!$A$3:$G$4201,2,0)) -> Forma em madeira comum para fundação | E18: =IF($B18="","",VLOOKUP($C18,'200 ONERADO'!$A$3:$G$4201,3,0)) -> m² | F18: =INFRAESTRUTURA!F55+INFRAESTRUTURA!Q29 -> 202.56 | G18: =IF($B18="","",VLOOKUP($C18,'200 ONERADO'!$A$3:$H$4201,6,0)) -> 110.06 | H18: =ROUND(G18*(1+$I$5),2) -> 132.07 | I18: =IF($B18="","",ROUND(F18*H18,2)) -> 26752.1 | K18: =ROUND(I18/$I$210,4) -> 0.0166 | L18: =88.2+116.16 -> 204.36
A19: 2.6 | B19: CDHU | C19: 11.01.160 | D19: =IF($B19="","",VLOOKUP($C19,'200 ONERADO'!$A$3:$G$4201,2,0)) -> Concreto usinado, fck = 30 MPa | E19: =IF($B19="","",VLOOKUP($C19,'200 ONERADO'!$A$3:$G$4201,3,0)) -> m³ | F19: =INFRAESTRUTURA!H55+INFRAESTRUTURA!R29 -> 29.52 | G19: =IF($B19="","",VLOOKUP($C19,'200 ONERADO'!$A$3:$H$4201,6,0)) -> 544.1 | H19: =ROUND(G19*(1+$I$5),2) -> 652.92 | I19: =IF($B19="","",ROUND(F19*H19,2)) -> 19274.2 | K19: =ROUND(I19/$I$210,4) -> 0.012 | L19: 12.5 | M19: =28350+4900+64200+10290 -> 107740
A20: 2.7 | B20: CDHU | C20: 11.16.040 | D20: =IF($B20="","",VLOOKUP($C20,'200 ONERADO'!$A$3:$G$4201,2,0)) -> Lançamento e adensamento de concreto ou massa em fundação | E20: =IF($B20="","",VLOOKUP($C20,'200 ONERADO'!$A$3:$G$4201,3,0)) -> m³ | F20: =F19 -> 29.52 | G20: =IF($B20="","",VLOOKUP($C20,'200 ONERADO'!$A$3:$H$4201,6,0)) -> 191.54 | H20: =ROUND(G20*(1+$I$5),2) -> 229.85 | I20: =IF($B20="","",ROUND(F20*H20,2)) -> 6785.17 | K20: =ROUND(I20/$I$210,4) -> 0.0042
A21: 2.8 | B21: CDHU | C21: 10.01.040 | D21: =IF($B21="","",VLOOKUP($C21,'200 ONERADO'!$A$3:$G$4201,2,0)) -> Armadura em barra de aço CA-50 (A ou B) fyk = 500 MPa | E21: =IF($B21="","",VLOOKUP($C21,'200 ONERADO'!$A$3:$G$4201,3,0)) -> kg | F21: =INFRAESTRUTURA!J55+INFRAESTRUTURA!T29+INFRAESTRUTURA!F142 -> 4500.77 | G21: =IF($B21="","",VLOOKUP($C21,'200 ONERADO'!$A$3:$H$4201,6,0)) -> 10.14 | H21: =ROUND(G21*(1+$I$5),2) -> 12.17 | I21: =IF($B21="","",ROUND(F21*H21,2)) -> 54774.37 | K21: =ROUND(I21/$I$210,4) -> 0.034
A22: 3.0 | D22: CONTRAPISO | G22: =IF($B22="","",VLOOKUP($C22,'[1]BOLETIM 161'!$A$7:$F$4000,6,0)) | I22: =SUBTOTAL(9,I23:I27) -> 29668.43 | K22: =ROUND(I22/$I$210,4) -> 0.0184
A23: 3.1 | B23: CDHU | C23: 11.18.040 | D23: =IF($B23="","",VLOOKUP($C23,'200 ONERADO'!$A$3:$G$4201,2,0)) -> Lastro de pedra britada | E23: =IF($B23="","",VLOOKUP($C23,'200 ONERADO'!$A$3:$G$4201,3,0)) -> m³ | F23: =INFRAESTRUTURA!X32 -> 9.63 | G23: =IF($B23="","",VLOOKUP($C23,'200 ONERADO'!$A$3:$H$4201,6,0)) -> 219.03 | H23: =ROUND(G23*(1+$I$5),2) -> 262.84 | I23: =IF($B23="","",ROUND(F23*H23,2)) -> 2531.15 | K23: =ROUND(I23/$I$210,4) -> 0.0016
A24: 3.2 | B24: CDHU | C24: 11.01.160 | D24: =IF($B24="","",VLOOKUP($C24,'200 ONERADO'!$A$3:$G$4201,2,0)) -> Concreto usinado, fck = 30 MPa | E24: =IF($B24="","",VLOOKUP($C24,'200 ONERADO'!$A$3:$G$4201,3,0)) -> m³ | F24: =INFRAESTRUTURA!Z32 -> 19.27 | G24: =IF($B24="","",VLOOKUP($C24,'200 ONERADO'!$A$3:$H$4201,6,0)) -> 544.1 | H24: =ROUND(G24*(1+$I$5),2) -> 652.92 | I24: =IF($B24="","",ROUND(F24*H24,2)) -> 12581.77 | K24: =ROUND(I24/$I$210,4) -> 0.0078
A25: 3.3 | B25: CDHU | C25: 11.16.040 | D25: =IF($B25="","",VLOOKUP($C25,'200 ONERADO'!$A$3:$G$4201,2,0)) -> Lançamento e adensamento de concreto ou massa em fundação | E25: =IF($B25="","",VLOOKUP($C25,'200 ONERADO'!$A$3:$G$4201,3,0)) -> m³ | F25: =F24 -> 19.27 | G25: =IF($B25="","",VLOOKUP($C25,'200 ONERADO'!$A$3:$H$4201,6,0)) -> 191.54 | H25: =ROUND(G25*(1+$I$5),2) -> 229.85 | I25: =IF($B25="","",ROUND(F25*H25,2)) -> 4429.21 | K25: =ROUND(I25/$I$210,4) -> 0.0028
A26: 3.4 | B26: CDHU | C26: 10.02.020 | D26: =IF($B26="","",VLOOKUP($C26,'200 ONERADO'!$A$3:$G$4201,2,0)) -> Armadura em tela soldada de aço | E26: =IF($B26="","",VLOOKUP($C26,'200 ONERADO'!$A$3:$G$4201,3,0)) -> kg | F26: =INFRAESTRUTURA!AC32 -> 484.92 | G26: =IF($B26="","",VLOOKUP($C26,'200 ONERADO'!$A$3:$H$4201,6,0)) -> 9.85 | H26: =ROUND(G26*(1+$I$5),2) -> 11.82 | I26: =IF($B26="","",ROUND(F26*H26,2)) -> 5731.75 | K26: =ROUND(I26/$I$210,4) -> 0.0036
A27: 3.5 | B27: CDHU | C27: 17.01.020 | D27: =IF($B27="","",VLOOKUP($C27,'200 ONERADO'!$A$3:$G$4201,2,0)) -> Argamassa de regularização e/ou proteção | E27: =IF($B27="","",VLOOKUP($C27,'200 ONERADO'!$A$3:$G$4201,3,0)) -> m³ | F27: =INFRAESTRUTURA!AH28 -> 4.34 | G27: =IF($B27="","",VLOOKUP($C27,'200 ONERADO'!$A$3:$H$4201,6,0)) -> 843.81 | H27: =ROUND(G27*(1+$I$5),2) -> 1012.57 | I27: =IF($B27="","",ROUND(F27*H27,2)) -> 4394.55 | K27: =ROUND(I27/$I$210,4) -> 0.0027
A28: 4.0 | D28: ALVENARIA ESTRUTURAL | G28: =IF($B28="","",VLOOKUP($C28,'[1]BOLETIM 161'!$A$7:$F$4000,6,0)) | I28: =SUBTOTAL(9,I29:I32) -> 165753.1 | K28: =ROUND(I28/$I$210,4) -> 0.103 | N28: =60*1070 -> 64200
A29: 4.1 | B29: CDHU | C29: 14.11.221 | D29: =IF($B29="","",VLOOKUP($C29,'200 ONERADO'!$A$3:$G$4201,2,0)) -> Alvenaria de bloco de concreto estrutural 14 cm - classe B | E29: =IF($B29="","",VLOOKUP($C29,'200 ONERADO'!$A$3:$G$4201,3,0)) -> m² | F29: =PAGINAÇÃO!E73 -> 424.01 | G29: =IF($B29="","",VLOOKUP($C29,'200 ONERADO'!$A$3:$H$4201,6,0)) -> 119.14 | H29: =ROUND(G29*(1+$I$5),2) -> 142.97 | I29: =IF($B29="","",ROUND(F29*H29,2)) -> 60620.71 | K29: =ROUND(I29/$I$210,4) -> 0.0377
A30: 4.2 | B30: CDHU | C30: 14.11.231 | D30: =IF($B30="","",VLOOKUP($C30,'200 ONERADO'!$A$3:$G$4201,2,0)) -> Alvenaria de bloco de concreto estrutural 19 cm - classe B | E30: =IF($B30="","",VLOOKUP($C30,'200 ONERADO'!$A$3:$G$4201,3,0)) -> m² | F30: =PAGINAÇÃO!E11 -> 246.48 | G30: =IF($B30="","",VLOOKUP($C30,'200 ONERADO'!$A$3:$H$4201,6,0)) -> 132.48 | H30: =ROUND(G30*(1+$I$5),2) -> 158.98 | I30: =IF($B30="","",ROUND(F30*H30,2)) -> 39185.39 | K30: =ROUND(I30/$I$210,4) -> 0.0243 | L30: 1139.35 | M30: =L30/1.195 -> 953.43096
A31: 4.3 | B31: CDHU | C31: 11.05.040 | D31: =IF($B31="","",VLOOKUP($C31,'200 ONERADO'!$A$3:$G$4201,2,0)) -> Argamassa graute | E31: =IF($B31="","",VLOOKUP($C31,'200 ONERADO'!$A$3:$G$4201,3,0)) -> m³ | F31: =PAGINAÇÃO!K50+PAGINAÇÃO!K150 -> 48.18 | G31: =IF($B31="","",VLOOKUP($C31,'200 ONERADO'!$A$3:$H$4201,6,0)) -> 450.56 | H31: =ROUND(G31*(1+$I$5),2) -> 540.67 | I31: =IF($B31="","",ROUND(F31*H31,2)) -> 26049.48 | K31: =ROUND(I31/$I$210,4) -> 0.0162
A32: 4.4 | B32: CDHU | C32: 10.01.040 | D32: =IF($B32="","",VLOOKUP($C32,'200 ONERADO'!$A$3:$G$4201,2,0)) -> Armadura em barra de aço CA-50 (A ou B) fyk = 500 MPa | E32: =IF($B32="","",VLOOKUP($C32,'200 ONERADO'!$A$3:$G$4201,3,0)) -> kg | F32: ='ARMADURAS PAREDES'!I188 -> 3278.35 | G32: =IF($B32="","",VLOOKUP($C32,'200 ONERADO'!$A$3:$H$4201,6,0)) -> 10.14 | H32: =ROUND(G32*(1+$I$5),2) -> 12.17 | I32: =IF($B32="","",ROUND(F32*H32,2)) -> 39897.52 | K32: =ROUND(I32/$I$210,4) -> 0.0248
A33: 5.0 | D33: VIGAS EM CONCRETO ARMADO | G33: =IF($B33="","",VLOOKUP($C33,'[1]BOLETIM 161'!$A$7:$F$4000,6,0)) | I33: =SUBTOTAL(9,I35:I43) -> 82093.65 | K33: =ROUND(I33/$I$210,4) -> 0.051
A34: 5.1 | D34: 1º PAVIMENTO | I34: =SUBTOTAL(9,I35:I38) -> 60346.59 | K34: =ROUND(I34/$I$210,4) -> 0.0375
A35: 5.1.1 | B35: CDHU | C35: 09.01.030 | D35: =IF($B35="","",VLOOKUP($C35,'200 ONERADO'!$A$3:$G$4201,2,0)) -> Forma em madeira comum para estrutura | E35: =IF($B35="","",VLOOKUP($C35,'200 ONERADO'!$A$3:$G$4201,3,0)) -> m² | F35: =CIMBRAMENTO!F28 -> 139.92 | G35: =IF($B35="","",VLOOKUP($C35,'200 ONERADO'!$A$3:$H$4201,6,0)) -> 252.88 | H35: =ROUND(G35*(1+$I$5),2) -> 303.46 | I35: =IF($B35="","",ROUND(F35*H35,2)) -> 42460.12 | K35: =ROUND(I35/$I$210,4) -> 0.0264
A36: 5.1.2 | B36: CDHU | C36: 11.01.160 | D36: =IF($B36="","",VLOOKUP($C36,'200 ONERADO'!$A$3:$G$4201,2,0)) -> Concreto usinado, fck = 30 MPa | E36: =IF($B36="","",VLOOKUP($C36,'200 ONERADO'!$A$3:$G$4201,3,0)) -> m³ | F36: =CIMBRAMENTO!G28 -> 11.16 | G36: =IF($B36="","",VLOOKUP($C36,'200 ONERADO'!$A$3:$H$4201,6,0)) -> 544.1 | H36: =ROUND(G36*(1+$I$5),2) -> 652.92 | I36: =IF($B36="","",ROUND(F36*H36,2)) -> 7286.59 | K36: =ROUND(I36/$I$210,4) -> 0.0045
A37: 5.1.3 | B37: CDHU | C37: 11.16.060 | D37: =IF($B37="","",VLOOKUP($C37,'200 ONERADO'!$A$3:$G$4201,2,0)) -> Lançamento e adensamento de concreto ou massa em estrutura | E37: =IF($B37="","",VLOOKUP($C37,'200 ONERADO'!$A$3:$G$4201,3,0)) -> m³ | F37: =F36 -> 11.16 | G37: =IF($B37="","",VLOOKUP($C37,'200 ONERADO'!$A$3:$H$4201,6,0)) -> 132.3 | H37: =ROUND(G37*(1+$I$5),2) -> 158.76 | I37: =IF($B37="","",ROUND(F37*H37,2)) -> 1771.76 | K37: =ROUND(I37/$I$210,4) -> 0.0011
A38: 5.1.4 | B38: CDHU | C38: 10.01.040 | D38: =IF($B38="","",VLOOKUP($C38,'200 ONERADO'!$A$3:$G$4201,2,0)) -> Armadura em barra de aço CA-50 (A ou B) fyk = 500 MPa | E38: =IF($B38="","",VLOOKUP($C38,'200 ONERADO'!$A$3:$G$4201,3,0)) -> kg | F38: =CIMBRAMENTO!I28 -> 725.4 | G38: =IF($B38="","",VLOOKUP($C38,'200 ONERADO'!$A$3:$H$4201,6,0)) -> 10.14 | H38: =ROUND(G38*(1+$I$5),2) -> 12.17 | I38: =IF($B38="","",ROUND(F38*H38,2)) -> 8828.12 | K38: =ROUND(I38/$I$210,4) -> 0.0055
A39: 5.2 | D39: 2º PAVIMENTO | I39: =SUBTOTAL(9,I40:I43) -> 21747.06 | K39: =ROUND(I39/$I$210,4) -> 0.0135
A40: 5.2.1 | B40: CDHU | C40: 09.01.030 | D40: =IF($B40="","",VLOOKUP($C40,'200 ONERADO'!$A$3:$G$4201,2,0)) -> Forma em madeira comum para estrutura | E40: =IF($B40="","",VLOOKUP($C40,'200 ONERADO'!$A$3:$G$4201,3,0)) -> m² | F40: =CIMBRAMENTO!F45 -> 47.67 | G40: =IF($B40="","",VLOOKUP($C40,'200 ONERADO'!$A$3:$H$4201,6,0)) -> 252.88 | H40: =ROUND(G40*(1+$I$5),2) -> 303.46 | I40: =IF($B40="","",ROUND(F40*H40,2)) -> 14465.94 | K40: =ROUND(I40/$I$210,4) -> 0.009
A41: 5.2.2 | B41: CDHU | C41: 11.01.160 | D41: =IF($B41="","",VLOOKUP($C41,'200 ONERADO'!$A$3:$G$4201,2,0)) -> Concreto usinado, fck = 30 MPa | E41: =IF($B41="","",VLOOKUP($C41,'200 ONERADO'!$A$3:$G$4201,3,0)) -> m³ | F41: =CIMBRAMENTO!G45 -> 4.35 | G41: =IF($B41="","",VLOOKUP($C41,'200 ONERADO'!$A$3:$H$4201,6,0)) -> 544.1 | H41: =ROUND(G41*(1+$I$5),2) -> 652.92 | I41: =IF($B41="","",ROUND(F41*H41,2)) -> 2840.2 | K41: =ROUND(I41/$I$210,4) -> 0.0018
A42: 5.2.3 | B42: CDHU | C42: 11.16.040 | D42: =IF($B42="","",VLOOKUP($C42,'200 ONERADO'!$A$3:$G$4201,2,0)) -> Lançamento e adensamento de concreto ou massa em fundação | E42: =IF($B42="","",VLOOKUP($C42,'200 ONERADO'!$A$3:$G$4201,3,0)) -> m³ | F42: =F41 -> 4.35 | G42: =IF($B42="","",VLOOKUP($C42,'200 ONERADO'!$A$3:$H$4201,6,0)) -> 191.54 | H42: =ROUND(G42*(1+$I$5),2) -> 229.85 | I42: =IF($B42="","",ROUND(F42*H42,2)) -> 999.85 | K42: =ROUND(I42/$I$210,4) -> 0.0006
A43: 5.2.4 | B43: CDHU | C43: 10.01.040 | D43: =IF($B43="","",VLOOKUP($C43,'200 ONERADO'!$A$3:$G$4201,2,0)) -> Armadura em barra de aço CA-50 (A ou B) fyk = 500 MPa | E43: =IF($B43="","",VLOOKUP($C43,'200 ONERADO'!$A$3:$G$4201,3,0)) -> kg | F43: =CIMBRAMENTO!I45 -> 282.75 | G43: =IF($B43="","",VLOOKUP($C43,'200 ONERADO'!$A$3:$H$4201,6,0)) -> 10.14 | H43: =ROUND(G43*(1+$I$5),2) -> 12.17 | I43: =IF($B43="","",ROUND(F43*H43,2)) -> 3441.07 | K43: =ROUND(I43/$I$210,4) -> 0.0021
A44: 6.0 | D44: LAJES | G44: =IF($B44="","",VLOOKUP($C44,'[1]BOLETIM 161'!$A$7:$F$4000,6,0)) | I44: =SUBTOTAL(9,I45:I49) -> 66915.96 | K44: =ROUND(I44/$I$210,4) -> 0.0416
A45: 6.1 | B45: CDHU | C45: 13.01.310 | D45: =IF($B45="","",VLOOKUP($C45,'200 ONERADO'!$A$3:$G$4201,2,0)) -> Laje pré-fabricada unidirecional em viga treliçada/lajota em EPS LT 12 (8 + 4), com capa de concreto de 25 MPa | E45: =IF($B45="","",VLOOKUP($C45,'200 ONERADO'!$A$3:$G$4201,3,0)) -> m² | F45: =LAJES!D40+LAJES!D41 -> 41.08 | G45: =IF($B45="","",VLOOKUP($C45,'200 ONERADO'!$A$3:$H$4201,6,0)) -> 180.63 | H45: =ROUND(G45*(1+$I$5),2) -> 216.76 | I45: =IF($B45="","",ROUND(F45*H45,2)) -> 8904.5 | K45: =ROUND(I45/$I$210,4) -> 0.0055
A46: 6.2 | B46: CDHU | C46: 13.01.320 | D46: =IF($B46="","",VLOOKUP($C46,'200 ONERADO'!$A$3:$G$4201,2,0)) -> Laje pré-fabricada unidirecional em viga treliçada/lajota em EPS LT 16 (12 + 4), com capa de concreto de 25 MPa | E46: =IF($B46="","",VLOOKUP($C46,'200 ONERADO'!$A$3:$G$4201,3,0)) -> m² | F46: =LAJES!D25-LAJES!D26 -> 159.946 | G46: =IF($B46="","",VLOOKUP($C46,'200 ONERADO'!$A$3:$H$4201,6,0)) -> 203.23 | H46: =ROUND(G46*(1+$I$5),2) -> 243.88 | I46: =IF($B46="","",ROUND(F46*H46,2)) -> 39007.63 | K46: =ROUND(I46/$I$210,4) -> 0.0242
A47: 6.3 | B47: CDHU | C47: 13.01.330 | D47: =IF($B47="","",VLOOKUP($C47,'200 ONERADO'!$A$3:$G$4201,2,0)) -> Laje pré-fabricada unidirecional em viga treliçada/lajota em EPS LT 20 (16 + 4), com capa de concreto de 25 MPa | E47: =IF($B47="","",VLOOKUP($C47,'200 ONERADO'!$A$3:$G$4201,3,0)) -> m² | F47: =LAJES!D26+LAJES!D42 -> 23.5 | G47: =IF($B47="","",VLOOKUP($C47,'200 ONERADO'!$A$3:$H$4201,6,0)) -> 245.19 | H47: =ROUND(G47*(1+$I$5),2) -> 294.23 | I47: =IF($B47="","",ROUND(F47*H47,2)) -> 6914.41 | K47: =ROUND(I47/$I$210,4) -> 0.0043 | L47: =K45+K46+K47 -> 0.034
A48: 6.4 | B48: CDHU | C48: 10.02.020 | D48: =IF($B48="","",VLOOKUP($C48,'200 ONERADO'!$A$3:$G$4201,2,0)) -> Armadura em tela soldada de aço | E48: =IF($B48="","",VLOOKUP($C48,'200 ONERADO'!$A$3:$G$4201,3,0)) -> kg | F48: =LAJES!L25+LAJES!L39 -> 731.53 | G48: =IF($B48="","",VLOOKUP($C48,'200 ONERADO'!$A$3:$H$4201,6,0)) -> 9.85 | H48: =ROUND(G48*(1+$I$5),2) -> 11.82 | I48: =IF($B48="","",ROUND(F48*H48,2)) -> 8646.68 | K48: =ROUND(I48/$I$210,4) -> 0.0054
A49: 6.5 | B49: CDHU | C49: 17.01.020 | D49: =IF($B49="","",VLOOKUP($C49,'200 ONERADO'!$A$3:$G$4201,2,0)) -> Argamassa de regularização e/ou proteção | E49: =IF($B49="","",VLOOKUP($C49,'200 ONERADO'!$A$3:$G$4201,3,0)) -> m³ | F49: =LAJES!Q25 -> 3.4 | G49: =IF($B49="","",VLOOKUP($C49,'200 ONERADO'!$A$3:$H$4201,6,0)) -> 843.81 | H49: =ROUND(G49*(1+$I$5),2) -> 1012.57 | I49: =IF($B49="","",ROUND(F49*H49,2)) -> 3442.74 | K49: =ROUND(I49/$I$210,4) -> 0.0021
A50: 7.0 | D50: COBERTURA | G50: =IF($B50="","",VLOOKUP($C50,'[1]BOLETIM 161'!$A$7:$F$4000,6,0)) | I50: =SUBTOTAL(9,I51:I60) -> 217253.28 | K50: =ROUND(I50/$I$210,4) -> 0.135
A51: 7.1 | B51: CDHU | C51: 15.01.010 | D51: =IF($B51="","",VLOOKUP($C51,'200 ONERADO'!$A$3:$G$4201,2,0)) -> Estrutura de madeira tesourada para telha de barro - vãos até 7,00 m | E51: =IF($B51="","",VLOOKUP($C51,'200 ONERADO'!$A$3:$G$4201,3,0)) -> m² | F51: =TELHADO!E10 -> 324.17 | G51: =IF($B51="","",VLOOKUP($C51,'200 ONERADO'!$A$3:$H$4201,6,0)) -> 175.12 | H51: =ROUND(G51*(1+$I$5),2) -> 210.14 | I51: =IF($B51="","",ROUND(F51*H51,2)) -> 68121.08 | K51: =ROUND(I51/$I$210,4) -> 0.0423
A52: 7.2 | B52: CDHU | C52: 16.02.045 | D52: =IF($B52="","",VLOOKUP($C52,'200 ONERADO'!$A$3:$G$4201,2,0)) -> Telha de barro colonial/paulista | E52: =IF($B52="","",VLOOKUP($C52,'200 ONERADO'!$A$3:$G$4201,3,0)) -> m² | F52: =TELHADO!J12 -> 377.44 | G52: =IF($B52="","",VLOOKUP($C52,'200 ONERADO'!$A$3:$H$4201,6,0)) -> 143.09 | H52: =ROUND(G52*(1+$I$5),2) -> 171.71 | I52: =IF($B52="","",ROUND(F52*H52,2)) -> 64810.22 | K52: =ROUND(I52/$I$210,4) -> 0.0403
A53: 7.3 | B53: CDHU | C53: 16.02.120 | D53: =IF($B53="","",VLOOKUP($C53,'200 ONERADO'!$A$3:$G$4201,2,0)) -> Emboçamento de beiral em telhas de barro | E53: =IF($B53="","",VLOOKUP($C53,'200 ONERADO'!$A$3:$G$4201,3,0)) -> m | F53: =TELHADO!R46 -> 60.87 | G53: =IF($B53="","",VLOOKUP($C53,'200 ONERADO'!$A$3:$H$4201,6,0)) -> 17.11 | H53: =ROUND(G53*(1+$I$5),2) -> 20.53 | I53: =IF($B53="","",ROUND(F53*H53,2)) -> 1249.66 | K53: =ROUND(I53/$I$210,4) -> 0.0008
A54: 7.4 | B54: CDHU | C54: 16.02.230 | D54: =IF($B54="","",VLOOKUP($C54,'200 ONERADO'!$A$3:$G$4201,2,0)) -> Cumeeira de barro emboçado tipos: plan, romana, italiana, francesa e paulistinha | E54: =IF($B54="","",VLOOKUP($C54,'200 ONERADO'!$A$3:$G$4201,3,0)) -> m | F54: 11.53 | G54: =IF($B54="","",VLOOKUP($C54,'200 ONERADO'!$A$3:$H$4201,6,0)) -> 33.96 | H54: =ROUND(G54*(1+$I$5),2) -> 40.75 | I54: =IF($B54="","",ROUND(F54*H54,2)) -> 469.85 | K54: =ROUND(I54/$I$210,4) -> 0.0003
A55: 7.5 | B55: CDHU | C55: 16.33.052 | D55: =IF($B55="","",VLOOKUP($C55,'200 ONERADO'!$A$3:$G$4201,2,0)) -> Calha, rufo, afins em chapa galvanizada nº 24 - corte 0,50 m | E55: =IF($B55="","",VLOOKUP($C55,'200 ONERADO'!$A$3:$G$4201,3,0)) -> m | F55: =TELHADO!U23 -> 110.84 | G55: =IF($B55="","",VLOOKUP($C55,'200 ONERADO'!$A$3:$H$4201,6,0)) -> 161.13 | H55: =ROUND(G55*(1+$I$5),2) -> 193.36 | I55: =IF($B55="","",ROUND(F55*H55,2)) -> 21432.02 | K55: =ROUND(I55/$I$210,4) -> 0.0133 | M55: =5.37*4.48 -> 24.0576
A56: 7.6 | B56: CDHU | C56: 46.03.050 | D56: =IF($B56="","",VLOOKUP($C56,'200 ONERADO'!$A$3:$G$4201,2,0)) -> Tubo de PVC rígido PxB com virola e anel de borracha, linha esgoto série reforçada ´R´, DN= 100 mm, inclusive conexões | E56: =IF($B56="","",VLOOKUP($C56,'200 ONERADO'!$A$3:$G$4201,3,0)) -> m | F56: =TELHADO!Y26 -> 78.1 | G56: =IF($B56="","",VLOOKUP($C56,'200 ONERADO'!$A$3:$H$4201,6,0)) -> 120.58 | H56: =ROUND(G56*(1+$I$5),2) -> 144.7 | I56: =IF($B56="","",ROUND(F56*H56,2)) -> 11301.07 | K56: =ROUND(I56/$I$210,4) -> 0.007
A57: 7.7 | B57: CDHU | C57: 22.01.210 | D57: =IF($B57="","",VLOOKUP($C57,'200 ONERADO'!$A$3:$G$4201,2,0)) -> Testeira em tábua aparelhada, largura até 20cm | E57: =IF($B57="","",VLOOKUP($C57,'200 ONERADO'!$A$3:$G$4201,3,0)) -> m | F57: =TELHADO!R27 -> 135.44 | G57: =IF($B57="","",VLOOKUP($C57,'200 ONERADO'!$A$3:$H$4201,6,0)) -> 40.66 | H57: =ROUND(G57*(1+$I$5),2) -> 48.79 | I57: =IF($B57="","",ROUND(F57*H57,2)) -> 6608.12 | K57: =ROUND(I57/$I$210,4) -> 0.0041
A58: 7.8 | B58: CDHU | C58: 22.01.220 | D58: =IF($B58="","",VLOOKUP($C58,'200 ONERADO'!$A$3:$G$4201,2,0)) -> Beiral em tábua de angelim-vermelho / bacuri / maçaranduba macho e fêmea com tarugamento | E58: =IF($B58="","",VLOOKUP($C58,'200 ONERADO'!$A$3:$G$4201,3,0)) -> m² | F58: =TELHADO!M32 -> 65.44 | G58: =IF($B58="","",VLOOKUP($C58,'200 ONERADO'!$A$3:$H$4201,6,0)) -> 199.83 | H58: =ROUND(G58*(1+$I$5),2) -> 239.8 | I58: =IF($B58="","",ROUND(F58*H58,2)) -> 15692.51 | K58: =ROUND(I58/$I$210,4) -> 0.0097
A59: 7.9 | B59: CDHU | C59: 32.06.030 | D59: =IF($B59="","",VLOOKUP($C59,'200 ONERADO'!$A$3:$G$4201,2,0)) -> Lã de vidro e/ou lã de rocha com espessura de 2´ | E59: =IF($B59="","",VLOOKUP($C59,'200 ONERADO'!$A$3:$G$4201,3,0)) -> m² | F59: =TELHADO!O11 -> 112.42 | G59: =IF($B59="","",VLOOKUP($C59,'200 ONERADO'!$A$3:$H$4201,6,0)) -> 34.81 | H59: =ROUND(G59*(1+$I$5),2) -> 41.77 | I59: =IF($B59="","",ROUND(F59*H59,2)) -> 4695.78 | K59: =ROUND(I59/$I$210,4) -> 0.0029
A60: 7.10 | B60: CDHU | C60: 22.01.080 | D60: =IF($B60="","",VLOOKUP($C60,'200 ONERADO'!$A$3:$G$4201,2,0)) -> Forro xadrez em ripas de angelim-vermelho / bacuri / maçaranduba tarugado | E60: =IF($B60="","",VLOOKUP($C60,'200 ONERADO'!$A$3:$G$4201,3,0)) -> m² | F60: =F59 -> 112.42 | G60: =IF($B60="","",VLOOKUP($C60,'200 ONERADO'!$A$3:$H$4201,6,0)) -> 169.55 | H60: =ROUND(G60*(1+$I$5),2) -> 203.46 | I60: =IF($B60="","",ROUND(F60*H60,2)) -> 22872.97 | K60: =ROUND(I60/$I$210,4) -> 0.0142
A61: 8.0 | D61: HIDRÁULICA | G61: =IF($B61="","",VLOOKUP($C61,'[1]BOLETIM 161'!$A$7:$F$4000,6,0)) | I61: =SUBTOTAL(9,I63:I98) -> 120223.54 | K61: =ROUND(I61/$I$210,4) -> 0.0747 | M61: =0.0254*2 -> 0.0508 | N61: 47.02.110
A62: 8.1 | D62: Instalações Hidráulicas | I62: =SUBTOTAL(9,I63:I76) -> 49150.73 | K62: =ROUND(I62/$I$210,4) -> 0.0305
A63: 8.1.1 | B63: CDHU | C63: 45.01.040 | D63: =IF($B63="","",VLOOKUP($C63,'200 ONERADO'!$A$3:$G$4201,2,0)) -> Entrada completa de água com abrigo e registro de gaveta, DN= 1´ | E63: =IF($B63="","",VLOOKUP($C63,'200 ONERADO'!$A$3:$G$4201,3,0)) -> un | F63: 1 | G63: =IF($B63="","",VLOOKUP($C63,'200 ONERADO'!$A$3:$H$4201,6,0)) -> 1573.93 | H63: =ROUND(G63*(1+$I$5),2) -> 1888.72 | I63: =IF($B63="","",ROUND(F63*H63,2)) -> 1888.72 | K63: =ROUND(I63/$I$210,4) -> 0.0012 | N63: 49.01.030
A64: 8.1.2 | B64: CDHU | C64: 48.02.400 | D64: =IF($B64="","",VLOOKUP($C64,'200 ONERADO'!$A$3:$G$4201,2,0)) -> Reservatório em polietileno com tampa de rosca - capacidade de 1.000 litros | E64: =IF($B64="","",VLOOKUP($C64,'200 ONERADO'!$A$3:$G$4201,3,0)) -> un | F64: 3 | G64: =IF($B64="","",VLOOKUP($C64,'200 ONERADO'!$A$3:$H$4201,6,0)) -> 978.9 | H64: =ROUND(G64*(1+$I$5),2) -> 1174.68 | I64: =IF($B64="","",ROUND(F64*H64,2)) -> 3524.04 | K64: =ROUND(I64/$I$210,4) -> 0.0022
A65: 8.1.3 | B65: CDHU | C65: 48.02.401 | D65: =IF($B65="","",VLOOKUP($C65,'200 ONERADO'!$A$3:$G$4201,2,0)) -> Reservatório em polietileno com tampa de rosca - capacidade de 500 litros | E65: =IF($B65="","",VLOOKUP($C65,'200 ONERADO'!$A$3:$G$4201,3,0)) -> un | F65: 1 | G65: =IF($B65="","",VLOOKUP($C65,'200 ONERADO'!$A$3:$H$4201,6,0)) -> 626.17 | H65: =ROUND(G65*(1+$I$5),2) -> 751.4 | I65: =IF($B65="","",ROUND(F65*H65,2)) -> 751.4 | K65: =ROUND(I65/$I$210,4) -> 0.0005
A66: 8.1.4 | B66: CDHU | C66: 48.05.020 | D66: =IF($B66="","",VLOOKUP($C66,'200 ONERADO'!$A$3:$G$4201,2,0)) -> Torneira de boia, DN= 1´ | E66: =IF($B66="","",VLOOKUP($C66,'200 ONERADO'!$A$3:$G$4201,3,0)) -> un | F66: 4 | G66: =IF($B66="","",VLOOKUP($C66,'200 ONERADO'!$A$3:$H$4201,6,0)) -> 138.21 | H66: =ROUND(G66*(1+$I$5),2) -> 165.85 | I66: =IF($B66="","",ROUND(F66*H66,2)) -> 663.4 | K66: =ROUND(I66/$I$210,4) -> 0.0004
A67: 8.1.5 | B67: CDHU | C67: 47.01.190 | D67: =IF($B67="","",VLOOKUP($C67,'200 ONERADO'!$A$3:$G$4201,2,0)) -> Válvula de esfera monobloco em latão, passagem plena, acionamento com alavanca, DN= 1´ | E67: =IF($B67="","",VLOOKUP($C67,'200 ONERADO'!$A$3:$G$4201,3,0)) -> un | F67: 4 | G67: =IF($B67="","",VLOOKUP($C67,'200 ONERADO'!$A$3:$H$4201,6,0)) -> 95.35 | H67: =ROUND(G67*(1+$I$5),2) -> 114.42 | I67: =IF($B67="","",ROUND(F67*H67,2)) -> 457.68 | K67: =ROUND(I67/$I$210,4) -> 0.0003
A68: 8.1.6 | B68: CDHU | C68: 47.02.110 | D68: =IF($B68="","",VLOOKUP($C68,'200 ONERADO'!$A$3:$G$4201,2,0)) -> Registro de pressão em latão fundido cromado com canopla, DN= 3/4´ - linha especial | E68: =IF($B68="","",VLOOKUP($C68,'200 ONERADO'!$A$3:$G$4201,3,0)) -> un | F68: =HIDRÁULICA!I66 -> 19 | G68: =IF($B68="","",VLOOKUP($C68,'200 ONERADO'!$A$3:$H$4201,6,0)) -> 71.66 | H68: =ROUND(G68*(1+$I$5),2) -> 85.99 | I68: =IF($B68="","",ROUND(F68*H68,2)) -> 1633.81 | K68: =ROUND(I68/$I$210,4) -> 0.001 | L68: =11.5/4 -> 2.875 | N68: 44.03.440
A69: 8.1.7 | B69: CDHU | C69: 47.02.020 | D69: =IF($B69="","",VLOOKUP($C69,'200 ONERADO'!$A$3:$G$4201,2,0)) -> Registro de gaveta em latão fundido cromado com canopla, DN= 3/4´ - linha especial | E69: =IF($B69="","",VLOOKUP($C69,'200 ONERADO'!$A$3:$G$4201,3,0)) -> un | F69: =HIDRÁULICA!H66 -> 13 | G69: =IF($B69="","",VLOOKUP($C69,'200 ONERADO'!$A$3:$H$4201,6,0)) -> 69.56 | H69: =ROUND(G69*(1+$I$5),2) -> 83.47 | I69: =IF($B69="","",ROUND(F69*H69,2)) -> 1085.11 | K69: =ROUND(I69/$I$210,4) -> 0.0007
A70: 8.1.8 | B70: CDHU | C70: 49.01.030 | D70: =IF($B70="","",VLOOKUP($C70,'200 ONERADO'!$A$3:$G$4201,2,0)) -> Caixa sifonada de PVC rígido de 150 x 150 x 50 mm, com grelha | E70: =IF($B70="","",VLOOKUP($C70,'200 ONERADO'!$A$3:$G$4201,3,0)) -> un | F70: =HIDRÁULICA!P66 -> 15 | G70: =IF($B70="","",VLOOKUP($C70,'200 ONERADO'!$A$3:$H$4201,6,0)) -> 123.4 | H70: =ROUND(G70*(1+$I$5),2) -> 148.08 | I70: =IF($B70="","",ROUND(F70*H70,2)) -> 2221.2 | K70: =ROUND(I70/$I$210,4) -> 0.0014
A71: 8.1.9 | B71: CDHU | C71: 46.01.030 | D71: =IF($B71="","",VLOOKUP($C71,'200 ONERADO'!$A$3:$G$4201,2,0)) -> Tubo de PVC rígido soldável marrom, DN= 32 mm, (1´), inclusive conexões | E71: =IF($B71="","",VLOOKUP($C71,'200 ONERADO'!$A$3:$G$4201,3,0)) -> m | F71: =9*8 -> 72 | G71: =IF($B71="","",VLOOKUP($C71,'200 ONERADO'!$A$3:$H$4201,6,0)) -> 41.7 | H71: =ROUND(G71*(1+$I$5),2) -> 50.04 | I71: =IF($B71="","",ROUND(F71*H71,2)) -> 3602.88 | K71: =ROUND(I71/$I$210,4) -> 0.0022
A72: 8.1.10 | B72: CDHU | C72: 46.01.020 | D72: =IF($B72="","",VLOOKUP($C72,'200 ONERADO'!$A$3:$G$4201,2,0)) -> Tubo de PVC rígido soldável marrom, DN= 25 mm, (3/4´), inclusive conexões | E72: =IF($B72="","",VLOOKUP($C72,'200 ONERADO'!$A$3:$G$4201,3,0)) -> m | F72: =HIDRÁULICA!V66 -> 380 | G72: =IF($B72="","",VLOOKUP($C72,'200 ONERADO'!$A$3:$H$4201,6,0)) -> 33.91 | H72: =ROUND(G72*(1+$I$5),2) -> 40.69 | I72: =IF($B72="","",ROUND(F72*H72,2)) -> 15462.2 | K72: =ROUND(I72/$I$210,4) -> 0.0096
A73: 8.1.11 | B73: CDHU | C73: 46.02.050 | D73: =IF($B73="","",VLOOKUP($C73,'200 ONERADO'!$A$3:$G$4201,2,0)) -> Tubo de PVC rígido branco PxB com virola e anel de borracha, linha esgoto série normal, DN= 50 mm, inclusive conexões | E73: =IF($B73="","",VLOOKUP($C73,'200 ONERADO'!$A$3:$G$4201,3,0)) -> m | F73: =HIDRÁULICA!W66 -> 132 | G73: =IF($B73="","",VLOOKUP($C73,'200 ONERADO'!$A$3:$H$4201,6,0)) -> 49.89 | H73: =ROUND(G73*(1+$I$5),2) -> 59.87 | I73: =IF($B73="","",ROUND(F73*H73,2)) -> 7902.84 | K73: =ROUND(I73/$I$210,4) -> 0.0049 | L73: 49.03.022
A74: 8.1.12 | B74: CDHU | C74: 46.02.070 | D74: =IF($B74="","",VLOOKUP($C74,'200 ONERADO'!$A$3:$G$4201,2,0)) -> Tubo de PVC rígido branco PxB com virola e anel de borracha, linha esgoto série normal, DN= 100 mm, inclusive conexões | E74: =IF($B74="","",VLOOKUP($C74,'200 ONERADO'!$A$3:$G$4201,3,0)) -> m | F74: =HIDRÁULICA!X66 -> 72 | G74: =IF($B74="","",VLOOKUP($C74,'200 ONERADO'!$A$3:$H$4201,6,0)) -> 85.92 | H74: =ROUND(G74*(1+$I$5),2) -> 103.1 | I74: =IF($B74="","",ROUND(F74*H74,2)) -> 7423.2 | K74: =ROUND(I74/$I$210,4) -> 0.0046 | M74: =1.24/2.78 -> 0.44604317
A75: 8.1.13 | B75: CDHU | C75: 49.03.022 | D75: =IF($B75="","",VLOOKUP($C75,'200 ONERADO'!$A$3:$G$4201,2,0)) -> Caixa de gordura premoldada com tampa - capacidade 18 litros | E75: =IF($B75="","",VLOOKUP($C75,'200 ONERADO'!$A$3:$G$4201,3,0)) -> un | F75: 1 | G75: =IF($B75="","",VLOOKUP($C75,'200 ONERADO'!$A$3:$H$4201,6,0)) -> 145.34 | H75: =ROUND(G75*(1+$I$5),2) -> 174.41 | I75: =IF($B75="","",ROUND(F75*H75,2)) -> 174.41 | K75: =ROUND(I75/$I$210,4) -> 0.0001
A76: 8.1.14 | B76: FDE | C76: 09.06.025 | D76: Caixa de passagem em alvenaria 0,40x0,40x0,40 m | E76: un | F76: 8 | G76: 245.82 | H76: =ROUND(G76*(1+$I$5),2) -> 294.98 | I76: =IF($B76="","",ROUND(F76*H76,2)) -> 2359.84 | K76: =ROUND(I76/$I$210,4) -> 0.0015 | M76: 302.36 | N76: =M76/1.23 -> 245.82114
A77: 8.2 | D77: Divisórias e Bancadas | I77: =SUBTOTAL(9,I78:I82) -> 36439.88 | K77: =ROUND(I77/$I$210,4) -> 0.0226
A78: 8.2.1 | B78: CDHU | C78: 14.30.010 | D78: =IF($B78="","",VLOOKUP($C78,'200 ONERADO'!$A$3:$G$4201,2,0)) -> Divisória em placas de granito com espessura de 3 cm | E78: =IF($B78="","",VLOOKUP($C78,'200 ONERADO'!$A$3:$G$4201,3,0)) -> m² | F78: =HIDRÁULICA!E6 -> 11.22 | G78: =IF($B78="","",VLOOKUP($C78,'200 ONERADO'!$A$3:$H$4201,6,0)) -> 1287.29 | H78: =ROUND(G78*(1+$I$5),2) -> 1544.75 | I78: =IF($B78="","",ROUND(F78*H78,2)) -> 17332.1 | K78: =ROUND(I78/$I$210,4) -> 0.0108 | M78: =1.52/1.24 -> 1.2258065
A79: 8.2.2 | B79: CDHU | C79: 26.02.170 | D79: =IF($B79="","",VLOOKUP($C79,'200 ONERADO'!$A$3:$G$4201,2,0)) -> Vidro temperado serigrafado incolor de 8 mm | E79: =IF($B79="","",VLOOKUP($C79,'200 ONERADO'!$A$3:$G$4201,3,0)) -> m² | F79: =HIDRÁULICA!E40 -> 13 | G79: =IF($B79="","",VLOOKUP($C79,'200 ONERADO'!$A$3:$H$4201,6,0)) -> 511.08 | H79: =ROUND(G79*(1+$I$5),2) -> 613.3 | I79: =IF($B79="","",ROUND(F79*H79,2)) -> 7972.9 | K79: =ROUND(I79/$I$210,4) -> 0.005
A80: 8.2.3 | B80: CDHU | C80: 28.01.070 | D80: =IF($B80="","",VLOOKUP($C80,'200 ONERADO'!$A$3:$G$4201,2,0)) -> Ferragem completa para porta de box de WC tipo livre/ocupado | E80: =IF($B80="","",VLOOKUP($C80,'200 ONERADO'!$A$3:$G$4201,3,0)) -> cj | F80: 4 | G80: =IF($B80="","",VLOOKUP($C80,'200 ONERADO'!$A$3:$H$4201,6,0)) -> 352.26 | H80: =ROUND(G80*(1+$I$5),2) -> 422.71 | I80: =IF($B80="","",ROUND(F80*H80,2)) -> 1690.84 | K80: =ROUND(I80/$I$210,4) -> 0.0011
A81: 8.2.4 | B81: CDHU | C81: 44.02.062 | D81: =IF($B81="","",VLOOKUP($C81,'200 ONERADO'!$A$3:$G$4201,2,0)) -> Tampo/bancada em granito, com frontão, espessura de 2 cm, acabamento polido | E81: =IF($B81="","",VLOOKUP($C81,'200 ONERADO'!$A$3:$G$4201,3,0)) -> m² | F81: =HIDRÁULICA!E28 -> 3.68 | G81: =IF($B81="","",VLOOKUP($C81,'200 ONERADO'!$A$3:$H$4201,6,0)) -> 1040.37 | H81: =ROUND(G81*(1+$I$5),2) -> 1248.44 | I81: =IF($B81="","",ROUND(F81*H81,2)) -> 4594.26 | K81: =ROUND(I81/$I$210,4) -> 0.0029
A82: 8.2.5 | B82: CDHU | C82: 44.04.030 | D82: =IF($B82="","",VLOOKUP($C82,'200 ONERADO'!$A$3:$G$4201,2,0)) -> Prateleira em granito com espessura de 2 cm | E82: =IF($B82="","",VLOOKUP($C82,'200 ONERADO'!$A$3:$G$4201,3,0)) -> m² | F82: =HIDRÁULICA!L4 -> 6.5 | G82: =IF($B82="","",VLOOKUP($C82,'200 ONERADO'!$A$3:$H$4201,6,0)) -> 621.77 | H82: =ROUND(G82*(1+$I$5),2) -> 746.12 | I82: =IF($B82="","",ROUND(F82*H82,2)) -> 4849.78 | K82: =ROUND(I82/$I$210,4) -> 0.003
A83: 8.3 | D83: Dispositivos e metais | I83: =SUBTOTAL(9,I84:I98) -> 34632.93 | K83: =ROUND(I83/$I$210,4) -> 0.0215
A84: 8.3.1 | B84: CDHU | C84: 30.01.010 | D84: =IF($B84="","",VLOOKUP($C84,'200 ONERADO'!$A$3:$G$4201,2,0)) -> Barra de apoio reta, para pessoas com mobilidade reduzida, em tubo de aço inoxidável de 1 1/2´ | E84: =IF($B84="","",VLOOKUP($C84,'200 ONERADO'!$A$3:$G$4201,3,0)) -> m | F84: =HIDRÁULICA!W24 -> 6.2 | G84: =IF($B84="","",VLOOKUP($C84,'200 ONERADO'!$A$3:$H$4201,6,0)) -> 223.95 | H84: =ROUND(G84*(1+$I$5),2) -> 268.74 | I84: =IF($B84="","",ROUND(F84*H84,2)) -> 1666.19 | K84: =ROUND(I84/$I$210,4) -> 0.001
A85: 8.3.2 | B85: CDHU | C85: 44.01.052 | D85: =IF($B85="","",VLOOKUP($C85,'200 ONERADO'!$A$3:$G$4201,2,0)) -> Bacia sifonada de louça com tampa - 6 litros | E85: =IF($B85="","",VLOOKUP($C85,'200 ONERADO'!$A$3:$G$4201,3,0)) -> un | F85: =HIDRÁULICA!J66 -> 9 | G85: =IF($B85="","",VLOOKUP($C85,'200 ONERADO'!$A$3:$H$4201,6,0)) -> 368.37 | H85: =ROUND(G85*(1+$I$5),2) -> 442.04 | I85: =IF($B85="","",ROUND(F85*H85,2)) -> 3978.36 | K85: =ROUND(I85/$I$210,4) -> 0.0025
A86: 8.3.3 | B86: CDHU | C86: 44.01.100 | D86: =IF($B86="","",VLOOKUP($C86,'200 ONERADO'!$A$3:$G$4201,2,0)) -> Lavatório de louça sem coluna | E86: =IF($B86="","",VLOOKUP($C86,'200 ONERADO'!$A$3:$G$4201,3,0)) -> un | F86: 2 | G86: =IF($B86="","",VLOOKUP($C86,'200 ONERADO'!$A$3:$H$4201,6,0)) -> 178.46 | H86: =ROUND(G86*(1+$I$5),2) -> 214.15 | I86: =IF($B86="","",ROUND(F86*H86,2)) -> 428.3 | K86: =ROUND(I86/$I$210,4) -> 0.0003
A87: 8.3.4 | B87: CDHU | C87: 44.01.270 | D87: =IF($B87="","",VLOOKUP($C87,'200 ONERADO'!$A$3:$G$4201,2,0)) -> Cuba de louça de embutir oval | E87: =IF($B87="","",VLOOKUP($C87,'200 ONERADO'!$A$3:$G$4201,3,0)) -> un | F87: =HIDRÁULICA!K66 -> 7 | G87: =IF($B87="","",VLOOKUP($C87,'200 ONERADO'!$A$3:$H$4201,6,0)) -> 144.72 | H87: =ROUND(G87*(1+$I$5),2) -> 173.66 | I87: =IF($B87="","",ROUND(F87*H87,2)) -> 1215.62 | K87: =ROUND(I87/$I$210,4) -> 0.0008
A88: 8.3.5 | B88: CDHU | C88: 44.01.310 | D88: =IF($B88="","",VLOOKUP($C88,'200 ONERADO'!$A$3:$G$4201,2,0)) -> Tanque de louça com coluna de 30 litros | E88: =IF($B88="","",VLOOKUP($C88,'200 ONERADO'!$A$3:$G$4201,3,0)) -> un | F88: 1 | G88: =IF($B88="","",VLOOKUP($C88,'200 ONERADO'!$A$3:$H$4201,6,0)) -> 1088.62 | H88: =ROUND(G88*(1+$I$5),2) -> 1306.34 | I88: =IF($B88="","",ROUND(F88*H88,2)) -> 1306.34 | K88: =ROUND(I88/$I$210,4) -> 0.0008
A89: 8.3.6 | B89: CDHU | C89: 44.20.010 | D89: =IF($B89="","",VLOOKUP($C89,'200 ONERADO'!$A$3:$G$4201,2,0)) -> Sifão plástico sanfonado universal de 1´ | E89: =IF($B89="","",VLOOKUP($C89,'200 ONERADO'!$A$3:$G$4201,3,0)) -> un | F89: =HIDRÁULICA!O66 -> 11 | G89: =IF($B89="","",VLOOKUP($C89,'200 ONERADO'!$A$3:$H$4201,6,0)) -> 32.4 | H89: =ROUND(G89*(1+$I$5),2) -> 38.88 | I89: =IF($B89="","",ROUND(F89*H89,2)) -> 427.68 | K89: =ROUND(I89/$I$210,4) -> 0.0003
A90: 8.3.7 | B90: CDHU | C90: 44.03.050 | D90: =IF($B90="","",VLOOKUP($C90,'200 ONERADO'!$A$3:$G$4201,2,0)) -> Dispenser papel higiênico em ABS para rolão 300 / 600 m, com visor | E90: =IF($B90="","",VLOOKUP($C90,'200 ONERADO'!$A$3:$G$4201,3,0)) -> un | F90: =HIDRÁULICA!AA64 -> 9 | G90: =IF($B90="","",VLOOKUP($C90,'200 ONERADO'!$A$3:$H$4201,6,0)) -> 76.08 | H90: =ROUND(G90*(1+$I$5),2) -> 91.3 | I90: =IF($B90="","",ROUND(F90*H90,2)) -> 821.7 | K90: =ROUND(I90/$I$210,4) -> 0.0005
A91: 8.3.8 | B91: CDHU | C91: 44.03.180 | D91: =IF($B91="","",VLOOKUP($C91,'200 ONERADO'!$A$3:$G$4201,2,0)) -> Dispenser toalheiro em ABS, para folhas | E91: =IF($B91="","",VLOOKUP($C91,'200 ONERADO'!$A$3:$G$4201,3,0)) -> un | F91: =HIDRÁULICA!AB64 -> 11 | G91: =IF($B91="","",VLOOKUP($C91,'200 ONERADO'!$A$3:$H$4201,6,0)) -> 67.08 | H91: =ROUND(G91*(1+$I$5),2) -> 80.5 | I91: =IF($B91="","",ROUND(F91*H91,2)) -> 885.5 | K91: =ROUND(I91/$I$210,4) -> 0.0006
A92: 8.3.9 | B92: CDHU | C92: 44.03.130 | D92: =IF($B92="","",VLOOKUP($C92,'200 ONERADO'!$A$3:$G$4201,2,0)) -> Saboneteira tipo dispenser, para refil de 800 ml | E92: =IF($B92="","",VLOOKUP($C92,'200 ONERADO'!$A$3:$G$4201,3,0)) -> un | F92: =HIDRÁULICA!AC64 -> 8 | G92: =IF($B92="","",VLOOKUP($C92,'200 ONERADO'!$A$3:$H$4201,6,0)) -> 68.85 | H92: =ROUND(G92*(1+$I$5),2) -> 82.62 | I92: =IF($B92="","",ROUND(F92*H92,2)) -> 660.96 | K92: =ROUND(I92/$I$210,4) -> 0.0004
A93: 8.3.10 | B93: CDHU | C93: 44.03.920 | D93: =IF($B93="","",VLOOKUP($C93,'200 ONERADO'!$A$3:$G$4201,2,0)) -> Ducha higiênica com registro | E93: =IF($B93="","",VLOOKUP($C93,'200 ONERADO'!$A$3:$G$4201,3,0)) -> un | F93: 4 | G93: =IF($B93="","",VLOOKUP($C93,'200 ONERADO'!$A$3:$H$4201,6,0)) -> 259.5 | H93: =ROUND(G93*(1+$I$5),2) -> 311.4 | I93: =IF($B93="","",ROUND(F93*H93,2)) -> 1245.6 | K93: =ROUND(I93/$I$210,4) -> 0.0008
A94: 8.3.11 | B94: CDHU | C94: 43.02.080 | D94: =IF($B94="","",VLOOKUP($C94,'200 ONERADO'!$A$3:$G$4201,2,0)) -> Chuveiro elétrico de 6.500W / 220V com resistência blindada | E94: =IF($B94="","",VLOOKUP($C94,'200 ONERADO'!$A$3:$G$4201,3,0)) -> un | F94: 4 | G94: =IF($B94="","",VLOOKUP($C94,'200 ONERADO'!$A$3:$H$4201,6,0)) -> 349.78 | H94: =ROUND(G94*(1+$I$5),2) -> 419.74 | I94: =IF($B94="","",ROUND(F94*H94,2)) -> 1678.96 | K94: =ROUND(I94/$I$210,4) -> 0.001
A95: 8.3.12 | B95: CDHU | C95: 44.03.645 | D95: =IF($B95="","",VLOOKUP($C95,'200 ONERADO'!$A$3:$G$4201,2,0)) -> Torneira de mesa automática, acionamento hidromecânico, em latão cromado, DN= 1/2´ou 3/4´ | E95: =IF($B95="","",VLOOKUP($C95,'200 ONERADO'!$A$3:$G$4201,3,0)) -> un | F95: =HIDRÁULICA!M66 -> 2 | G95: =IF($B95="","",VLOOKUP($C95,'200 ONERADO'!$A$3:$H$4201,6,0)) -> 158.06 | H95: =ROUND(G95*(1+$I$5),2) -> 189.67 | I95: =IF($B95="","",ROUND(F95*H95,2)) -> 379.34 | K95: =ROUND(I95/$I$210,4) -> 0.0002
A96: 8.3.13 | B96: CDHU | C96: 44.03.590 | D96: =IF($B96="","",VLOOKUP($C96,'200 ONERADO'!$A$3:$G$4201,2,0)) -> Torneira de mesa para pia com bica móvel e arejador em latão fundido cromado | E96: =IF($B96="","",VLOOKUP($C96,'200 ONERADO'!$A$3:$G$4201,3,0)) -> un | F96: =HIDRÁULICA!N66 -> 9 | G96: =IF($B96="","",VLOOKUP($C96,'200 ONERADO'!$A$3:$H$4201,6,0)) -> 206.14 | H96: =ROUND(G96*(1+$I$5),2) -> 247.37 | I96: =IF($B96="","",ROUND(F96*H96,2)) -> 2226.33 | K96: =ROUND(I96/$I$210,4) -> 0.0014
A97: 8.3.14 | B97: CDHU | C97: 44.06.370 | D97: =IF($B97="","",VLOOKUP($C97,'200 ONERADO'!$A$3:$G$4201,2,0)) -> Cuba em aço inoxidável simples de 500x400x250mm | E97: =IF($B97="","",VLOOKUP($C97,'200 ONERADO'!$A$3:$G$4201,3,0)) -> un | F97: 1 | G97: =IF($B97="","",VLOOKUP($C97,'200 ONERADO'!$A$3:$H$4201,6,0)) -> 459.34 | H97: =ROUND(G97*(1+$I$5),2) -> 551.21 | I97: =IF($B97="","",ROUND(F97*H97,2)) -> 551.21 | K97: =ROUND(I97/$I$210,4) -> 0.0003
A98: 8.3.15 | B98: CDHU | C98: 23.08.040 | D98: =IF($B98="","",VLOOKUP($C98,'200 ONERADO'!$A$3:$G$4201,2,0)) -> Armário/gabinete embutido em MDF sob medida, revestido em laminado melamínico, com portas e prateleiras | E98: =IF($B98="","",VLOOKUP($C98,'200 ONERADO'!$A$3:$G$4201,3,0)) -> m² | F98: =HIDRÁULICA!E49 -> 5.28 | G98: =IF($B98="","",VLOOKUP($C98,'200 ONERADO'!$A$3:$H$4201,6,0)) -> 2708.47 | H98: =ROUND(G98*(1+$I$5),2) -> 3250.16 | I98: =IF($B98="","",ROUND(F98*H98,2)) -> 17160.84 | K98: =ROUND(I98/$I$210,4) -> 0.0107
A99: 9.0 | D99: ELÉTRICA | G99: =IF($B99="","",VLOOKUP($C99,'[1]BOLETIM 161'!$A$7:$F$4000,6,0)) | I99: =SUBTOTAL(9,I100:I123) -> 106892.1 | K99: =ROUND(I99/$I$210,4) -> 0.0664 | N99: 49.03.036
A100: 9.1 | B100: FDE | C100: 09.02.034 | D100: AE-33 Abrigo e entrada de energia padrão EDP - T7 - 200 A (Ver Modelo AE-21 do catálogo FDE) | E100: un | F100: 1 | G100: 10061.89 | H100: =ROUND(G100*(1+$I$5),2) -> 12074.27 | I100: =IF($B100="","",ROUND(F100*H100,2)) -> 12074.27 | K100: =ROUND(I100/$I$210,4) -> 0.0075 | M100: 12376.12 | N100: =ROUND(M100/1.23,2) -> 10061.89
...

Sheet CFF_PREF
A6: MUNICÍPIO DE SANTA BRANCA
A7: Secretaria Municipal de Serviços, Obras e Transportes
A9: CRONOGRAMA FÍSICO-FINANCEIRO
A11: Obra: CONSTRUÇÃO DO BATALHÃO DA POLÍCIA MILITAR DE SANTA BRANCA/SP
A12: Local da Obra: RUA BRIGADEIRO AGUIAR, S/Nº , CENTRO - SANTA BRANCA - SP
A14: ITEM | B14: SERVIÇOS | C14: TOTAL | D14: DESCRIÇÃO | E14: 1º MÊS | F14: 2º MÊS | G14: 3º MÊS | H14: 4º MÊS | I14: 5º MÊS | J14: 6º MÊS | K14: 7º MÊS | L14: 8º MÊS | M14: 9º MÊS | N14: 10º MÊS | O14: 11º ao 12º MÊS
A15: 1.0 | B15: SERVIÇOS PRELIMINARES | C15: =P.O.!I7 -> 45279.93 | D15: % Executada | E15: MOBILIZAÇÃO | F15: 1 | G15: 0 | H15: 0 | I15: 0 | J15: 0 | K15: 0 | L15: 0 | M15: 0 | N15: 0 | O15: DESMOBILIZAÇÃO E TRÂMITES BUROCRÁTICOS
D16: % Acumulada | F16: =E16+F15 -> 1 | G16: =F16+G15 -> 1 | H16: =G16+H15 -> 1 | I16: =H16+I15 -> 1 | J16: =I16+J15 -> 1 | K16: =J16+K15 -> 1 | L16: =K16+L15 -> 1 | M16: =L16+M15 -> 1 | N16: =M16+N15 -> 1
D17: Cronograma
D18: Vencimento | F18: =+F15*$C15 -> 45279.93 | G18: =+G15*$C15 -> 0 | H18: =+H15*$C15 -> 0 | I18: =+I15*$C15 -> 0 | J18: =+J15*$C15 -> 0 | K18: =+K15*$C15 -> 0 | L18: =+L15*$C15 -> 0 | M18: =+M15*$C15 -> 0 | N18: =+N15*$C15 -> 0
A19: 2.0 | B19: =P.O.!D13 -> FUNDAÇÃO | C19: =P.O.!I13 -> 154616.39 | D19: % Executada | F19: 1 | G19: 0 | H19: 0 | I19: 0 | J19: 0 | K19: 0 | L19: 0 | M19: 0 | N19: 0
D20: % Acumulada | F20: =E20+F19 -> 1 | G20: =F20+G19 -> 1 | H20: =G20+H19 -> 1 | I20: =H20+I19 -> 1 | J20: =I20+J19 -> 1 | K20: =J20+K19 -> 1 | L20: =K20+L19 -> 1 | M20: =L20+M19 -> 1 | N20: =M20+N19 -> 1
D21: Cronograma
D22: Vencimento | F22: =+F19*$C19 -> 154616.39 | G22: =+G19*$C19 -> 0 | H22: =+H19*$C19 -> 0 | I22: =+I19*$C19 -> 0 | J22: =+J19*$C19 -> 0 | K22: =+K19*$C19 -> 0 | L22: =+L19*$C19 -> 0 | M22: =+M19*$C19 -> 0 | N22: =+N19*$C19 -> 0
A23: 3.0 | B23: =P.O.!D22 -> CONTRAPISO | C23: =P.O.!I22 -> 29668.43 | D23: % Executada | F23: 0 | G23: 1 | H23: 0 | I23: 0 | J23: 0 | K23: 0 | L23: 0 | M23: 0 | N23: 0
D24: % Acumulada | F24: =E24+F23 -> 0 | G24: =F24+G23 -> 1 | H24: =G24+H23 -> 1 | I24: =H24+I23 -> 1 | J24: =I24+J23 -> 1 | K24: =J24+K23 -> 1 | L24: =K24+L23 -> 1 | M24: =L24+M23 -> 1 | N24: =M24+N23 -> 1
D25: Cronograma
D26: Vencimento | F26: =+F23*$C23 -> 0 | G26: =+G23*$C23 -> 29668.43 | H26: =+H23*$C23 -> 0 | I26: =+I23*$C23 -> 0 | J26: =+J23*$C23 -> 0 | K26: =+K23*$C23 -> 0 | L26: =+L23*$C23 -> 0 | M26: =+M23*$C23 -> 0 | N26: =+N23*$C23 -> 0
A27: 4.0 | B27: =P.O.!D28 -> ALVENARIA ESTRUTURAL | C27: =P.O.!I28 -> 165753.1 | D27: % Executada | F27: 0 | G27: 0.3 | H27: 0.5 | I27: 0.2 | J27: 0 | K27: 0 | L27: 0 | M27: 0 | N27: 0
D28: % Acumulada | F28: =E28+F27 -> 0 | G28: =F28+G27 -> 0.3 | H28: =G28+H27 -> 0.8 | I28: =H28+I27 -> 1 | J28: =I28+J27 -> 1 | K28: =J28+K27 -> 1 | L28: =K28+L27 -> 1 | M28: =L28+M27 -> 1 | N28: =M28+N27 -> 1 | Q28: =Q13=126*0.3 -> FALSE
D29: Cronograma
D30: Vencimento | F30: =+F27*$C27 -> 0 | G30: =+G27*$C27 -> 49725.93 | H30: =+H27*$C27 -> 82876.55 | I30: =+I27*$C27 -> 33150.62 | J30: =+J27*$C27 -> 0 | K30: =+K27*$C27 -> 0 | L30: =+L27*$C27 -> 0 | M30: =+M27*$C27 -> 0 | N30: =+N27*$C27 -> 0
A31: 5.0 | B31: =P.O.!D33 -> VIGAS EM CONCRETO ARMADO | C31: =P.O.!I33 -> 82093.65 | D31: % Executada | F31: 0 | G31: 0 | H31: 0.75 | I31: 0.25 | J31: 0 | K31: 0 | L31: 0 | M31: 0 | N31: 0
D32: % Acumulada | F32: =E32+F31 -> 0 | G32: =F32+G31 -> 0 | H32: =G32+H31 -> 0.75 | I32: =H32+I31 -> 1 | J32: =I32+J31 -> 1 | K32: =J32+K31 -> 1 | L32: =K32+L31 -> 1 | M32: =L32+M31 -> 1 | N32: =M32+N31 -> 1
D33: Cronograma
D34: Vencimento | F34: =+F31*$C31 -> 0 | G34: =+G31*$C31 -> 0 | H34: =+H31*$C31 -> 61570.238 | I34: =+I31*$C31 -> 20523.413 | J34: =+J31*$C31 -> 0 | K34: =+K31*$C31 -> 0 | L34: =+L31*$C31 -> 0 | M34: =+M31*$C31 -> 0 | N34: =+N31*$C31 -> 0
A35: 6.0 | B35: =P.O.!D44 -> LAJES | C35: =P.O.!I44 -> 66915.96 | D35: % Executada | F35: 0 | G35: 0 | H35: 0 | I35: 1 | J35: 0 | K35: 0 | L35: 0 | M35: 0 | N35: 0
D36: % Acumulada | F36: =E36+F35 -> 0 | G36: =F36+G35 -> 0 | H36: =G36+H35 -> 0 | I36: =H36+I35 -> 1 | J36: =I36+J35 -> 1 | K36: =J36+K35 -> 1 | L36: =K36+L35 -> 1 | M36: =L36+M35 -> 1 | N36: =M36+N35 -> 1
D37: Cronograma
D38: Vencimento | F38: =+F35*$C35 -> 0 | G38: =+G35*$C35 -> 0 | H38: =+H35*$C35 -> 0 | I38: =+I35*$C35 -> 66915.96 | J38: =+J35*$C35 -> 0 | K38: =+K35*$C35 -> 0 | L38: =+L35*$C35 -> 0 | M38: =+M35*$C35 -> 0 | N38: =+N35*$C35 -> 0
A39: 7.0 | B39: =P.O.!D50 -> COBERTURA | C39: =P.O.!I50 -> 217253.28 | D39: % Executada | F39: 0 | G39: 0 | H39: 0 | I39: 0 | J39: 1 | K39: 0 | L39: 0 | M39: 0 | N39: 0
D40: % Acumulada | F40: =E40+F39 -> 0 | G40: =F40+G39 -> 0 | H40: =G40+H39 -> 0 | I40: =H40+I39 -> 0 | J40: =I40+J39 -> 1 | K40: =J40+K39 -> 1 | L40: =K40+L39 -> 1 | M40: =L40+M39 -> 1 | N40: =M40+N39 -> 1
D41: Cronograma
D42: Vencimento | F42: =+F39*$C39 -> 0 | G42: =+G39*$C39 -> 0 | H42: =+H39*$C39 -> 0 | I42: =+I39*$C39 -> 0 | J42: =+J39*$C39 -> 217253.28 | K42: =+K39*$C39 -> 0 | L42: =+L39*$C39 -> 0 | M42: =+M39*$C39 -> 0 | N42: =+N39*$C39 -> 0
A43: 8.0 | B43: =P.O.!D61 -> HIDRÁULICA | C43: =P.O.!I61 -> 120223.54 | D43: % Executada | F43: 0 | G43: 0 | H43: 0.5 | I43: 0.25 | J43: 0 | K43: 0 | L43: 0.25 | M43: 0 | N43: 0
D44: % Acumulada | F44: =E44+F43 -> 0 | G44: =F44+G43 -> 0 | H44: =G44+H43 -> 0.5 | I44: =H44+I43 -> 0.75 | J44: =I44+J43 -> 0.75 | K44: =J44+K43 -> 0.75 | L44: =K44+L43 -> 1 | M44: =L44+M43 -> 1 | N44: =M44+N43 -> 1
D45: Cronograma
D46: Vencimento | F46: =+F43*$C43 -> 0 | G46: =+G43*$C43 -> 0 | H46: =+H43*$C43 -> 60111.77 | I46: =+I43*$C43 -> 30055.885 | J46: =+J43*$C43 -> 0 | K46: =+K43*$C43 -> 0 | L46: =+L43*$C43 -> 30055.885 | M46: =+M43*$C43 -> 0 | N46: =+N43*$C43 -> 0
A47: 9.0 | B47: =P.O.!D99 -> ELÉTRICA | C47: =P.O.!I99 -> 106892.1 | D47: % Executada | F47: 0 | G47: 0 | H47: 0 | I47: 0 | J47: 0 | K47: 1 | L47: 0 | M47: 0 | N47: 0
D48: % Acumulada | F48: =E48+F47 -> 0 | G48: =F48+G47 -> 0 | H48: =G48+H47 -> 0 | I48: =H48+I47 -> 0 | J48: =I48+J47 -> 0 | K48: =J48+K47 -> 1 | L48: =K48+L47 -> 1 | M48: =L48+M47 -> 1 | N48: =M48+N47 -> 1
D49: Cronograma
D50: Vencimento | F50: =+F47*$C47 -> 0 | G50: =+G47*$C47 -> 0 | H50: =+H47*$C47 -> 0 | I50: =+I47*$C47 -> 0 | J50: =+J47*$C47 -> 0 | K50: =+K47*$C47 -> 106892.1 | L50: =+L47*$C47 -> 0 | M50: =+M47*$C47 -> 0 | N50: =+N47*$C47 -> 0
A51: 10.0 | B51: =P.O.!D124 -> ILUMINAÇÃO | C51: =P.O.!I124 -> 48322.05 | D51: % Executada | F51: 0 | G51: 0 | H51: 0 | I51: 0 | J51: 0 | K51: 0 | L51: 1 | M51: 0 | N51: 0
D52: % Acumulada | F52: =E52+F51 -> 0 | G52: =F52+G51 -> 0 | H52: =G52+H51 -> 0 | I52: =H52+I51 -> 0 | J52: =I52+J51 -> 0 | K52: =J52+K51 -> 0 | L52: =K52+L51 -> 1 | M52: =L52+M51 -> 1 | N52: =M52+N51 -> 1
D53: Cronograma
D54: Vencimento | F54: =+F51*$C51 -> 0 | G54: =+G51*$C51 -> 0 | H54: =+H51*$C51 -> 0 | I54: =+I51*$C51 -> 0 | J54: =+J51*$C51 -> 0 | K54: =+K51*$C51 -> 0 | L54: =+L51*$C51 -> 48322.05 | M54: =+M51*$C51 -> 0 | N54: =+N51*$C51 -> 0
A55: 11.0 | B55: =P.O.!D135 -> ESQUADRIAS | C55: =P.O.!I135 -> 97023.38 | D55: % Executada | F55: 0 | G55: 0 | H55: 0 | I55: 0 | J55: 1 | K55: 0 | L55: 0 | M55: 0 | N55: 0
D56: % Acumulada | F56: =E56+F55 -> 0 | G56: =F56+G55 -> 0 | H56: =G56+H55 -> 0 | I56: =H56+I55 -> 0 | J56: =I56+J55 -> 1 | K56: =J56+K55 -> 1 | L56: =K56+L55 -> 1 | M56: =L56+M55 -> 1 | N56: =M56+N55 -> 1
D57: Cronograma
D58: Vencimento | F58: =+F55*$C55 -> 0 | G58: =+G55*$C55 -> 0 | H58: =+H55*$C55 -> 0 | I58: =+I55*$C55 -> 0 | J58: =+J55*$C55 -> 97023.38 | K58: =+K55*$C55 -> 0 | L58: =+L55*$C55 -> 0 | M58: =+M55*$C55 -> 0 | N58: =+N55*$C55 -> 0
A59: 12.0 | B59: =P.O.!D151 -> REVESTIMENTO | C59: =P.O.!I151 -> 227294.98 | D59: % Executada | F59: 0 | G59: 0 | H59: 0 | I59: 0 | J59: 0 | K59: 0.75 | L59: 0.25 | M59: 0 | N59: 0
D60: % Acumulada | F60: =E60+F59 -> 0 | G60: =F60+G59 -> 0 | H60: =G60+H59 -> 0 | I60: =H60+I59 -> 0 | J60: =I60+J59 -> 0 | K60: =J60+K59 -> 0.75 | L60: =K60+L59 -> 1 | M60: =L60+M59 -> 1 | N60: =M60+N59 -> 1
D61: Cronograma
D62: Vencimento | F62: =+F59*$C59 -> 0 | G62: =+G59*$C59 -> 0 | H62: =+H59*$C59 -> 0 | I62: =+I59*$C59 -> 0 | J62: =+J59*$C59 -> 0 | K62: =+K59*$C59 -> 170471.23 | L62: =+L59*$C59 -> 56823.745 | M62: =+M59*$C59 -> 0 | N62: =+N59*$C59 -> 0
A63: 13.0 | B63: =P.O.!D160 -> PINTURA | C63: =P.O.!I160 -> 86639.92 | D63: % Executada | F63: 0 | G63: 0 | H63: 0 | I63: 0 | J63: 0 | K63: 0 | L63: 0 | M63: 0.75 | N63: 0.25
D64: % Acumulada | F64: =E64+F63 -> 0 | G64: =F64+G63 -> 0 | H64: =G64+H63 -> 0 | I64: =H64+I63 -> 0 | J64: =I64+J63 -> 0 | K64: =J64+K63 -> 0 | L64: =K64+L63 -> 0 | M64: =L64+M63 -> 0.75 | N64: =M64+N63 -> 1
D65: Cronograma
D66: Vencimento | F66: =+F63*$C63 -> 0 | G66: =+G63*$C63 -> 0 | H66: =+H63*$C63 -> 0 | I66: =+I63*$C63 -> 0 | J66: =+J63*$C63 -> 0 | K66: =+K63*$C63 -> 0 | L66: =+L63*$C63 -> 0 | M66: =+M63*$C63 -> 64979.94 | N66: =+N63*$C63 -> 21659.98
A67: 14.0 | B67: =P.O.!D167 -> ESCADA | C67: =P.O.!I167 -> 34449.97 | D67: % Executada | F67: 0 | G67: 0 | H67: 0 | I67: 1 | J67: 0 | K67: 0 | L67: 0 | M67: 0 | N67: 0
D68: % Acumulada | F68: =E68+F67 -> 0 | G68: =F68+G67 -> 0 | H68: =G68+H67 -> 0 | I68: =H68+I67 -> 1 | J68: =I68+J67 -> 1 | K68: =J68+K67 -> 1 | L68: =K68+L67 -> 1 | M68: =L68+M67 -> 1 | N68: =M68+N67 -> 1
D69: Cronograma
D70: Vencimento | F70: =+F67*$C67 -> 0 | G70: =+G67*$C67 -> 0 | H70: =+H67*$C67 -> 0 | I70: =+I67*$C67 -> 34449.97 | J70: =+J67*$C67 -> 0 | K70: =+K67*$C67 -> 0 | L70: =+L67*$C67 -> 0 | M70: =+M67*$C67 -> 0 | N70: =+N67*$C67 -> 0
A71: 15.0 | B71: =P.O.!D172 -> PISO DE CONCRETO | C71: =P.O.!I172 -> 13431.32 | D71: % Executada | F71: 0 | G71: 0 | H71: 0 | I71: 0 | J71: 1 | K71: 0 | L71: 0 | M71: 0 | N71: 0
D72: % Acumulada | F72: =E72+F71 -> 0 | G72: =F72+G71 -> 0 | H72: =G72+H71 -> 0 | I72: =H72+I71 -> 0 | J72: =I72+J71 -> 1 | K72: =J72+K71 -> 1 | L72: =K72+L71 -> 1 | M72: =L72+M71 -> 1 | N72: =M72+N71 -> 1
D73: Cronograma
D74: Vencimento | F74: =+F71*$C71 -> 0 | G74: =+G71*$C71 -> 0 | H74: =+H71*$C71 -> 0 | I74: =+I71*$C71 -> 0 | J74: =+J71*$C71 -> 13431.32 | K74: =+K71*$C71 -> 0 | L74: =+L71*$C71 -> 0 | M74: =+M71*$C71 -> 0 | N74: =+N71*$C71 -> 0
A75: 16.0 | B75: =P.O.!D182 -> CERCAMENTO | C75: =P.O.!I182 -> 55723.62 | D75: % Executada | F75: 0 | G75: 0 | H75: 0 | I75: 0 | J75: 0 | K75: 0 | L75: 0 | M75: 0 | N75: 1
D76: % Acumulada | F76: =E76+F75 -> 0 | G76: =F76+G75 -> 0 | H76: =G76+H75 -> 0 | I76: =H76+I75 -> 0 | J76: =I76+J75 -> 0 | K76: =J76+K75 -> 0 | L76: =K76+L75 -> 0 | M76: =L76+M75 -> 0 | N76: =M76+N75 -> 1
D77: Cronograma
D78: Vencimento | F78: =+F75*$C75 -> 0 | G78: =+G75*$C75 -> 0 | H78: =+H75*$C75 -> 0 | I78: =+I75*$C75 -> 0 | J78: =+J75*$C75 -> 0 | K78: =+K75*$C75 -> 0 | L78: =+L75*$C75 -> 0 | M78: =+M75*$C75 -> 0 | N78: =+N75*$C75 -> 55723.62
A79: 17.0 | B79: =P.O.!D191 -> GARAGEM DOS FUNDOS | C79: =P.O.!I191 -> 48458.04 | D79: % Executada | F79: 0 | G79: 0.2 | H79: 0 | I79: 0 | J79: 0 | K79: 0 | L79: 0 | M79: 0 | N79: 0.8
D80: % Acumulada | F80: =E80+F79 -> 0 | G80: =F80+G79 -> 0.2 | H80: =G80+H79 -> 0.2 | I80: =H80+I79 -> 0.2 | J80: =I80+J79 -> 0.2 | K80: =J80+K79 -> 0.2 | L80: =K80+L79 -> 0.2 | M80: =L80+M79 -> 0.2 | N80: =M80+N79 -> 1
D81: Cronograma
D82: Vencimento | F82: =+F79*$C79 -> 0 | G82: =+G79*$C79 -> 9691.608 | H82: =+H79*$C79 -> 0 | I82: =+I79*$C79 -> 0 | J82: =+J79*$C79 -> 0 | K82: =+K79*$C79 -> 0 | L82: =+L79*$C79 -> 0 | M82: =+M79*$C79 -> 0 | N82: =+N79*$C79 -> 38766.432
A83: 18.0 | B83: =P.O.!D204 -> SERVIÇOS COMPLEMENTARES | C83: =P.O.!I204 -> 9565.43 | D83: % Executada | F83: 0 | G83: 0 | H83: 0 | I83: 0 | J83: 0 | K83: 0 | L83: 0 | M83: 0 | N83: 1
D84: % Acumulada | F84: =E84+F83 -> 0 | G84: =F84+G83 -> 0 | H84: =G84+H83 -> 0 | I84: =H84+I83 -> 0 | J84: =I84+J83 -> 0 | K84: =J84+K83 -> 0 | L84: =K84+L83 -> 0 | M84: =L84+M83 -> 0 | N84: =M84+N83 -> 1
D85: Cronograma
D86: Vencimento | F86: =+F83*$C83 -> 0 | G86: =+G83*$C83 -> 0 | H86: =+H83*$C83 -> 0 | I86: =+I83*$C83 -> 0 | J86: =+J83*$C83 -> 0 | K86: =+K83*$C83 -> 0 | L86: =+L83*$C83 -> 0 | M86: =+M83*$C83 -> 0 | N86: =+N83*$C83 -> 9565.43
A87: TOTAL | C87: =SUM(C15:C86) -> 1609605.1 | E87: 0 | F87: =F18+F22+F26+F30+F34+F38+F42+F46+F50+F54+F58+F62+F66+F70+F74+F78+F82+F86 -> 199896.32 | G87: =G18+G22+G26+G30+G34+G38+G42+G46+G50+G54+G58+G62+G66+G70+G74+G78+G82+G86 -> 89085.968 | H87: =H18+H22+H26+H30+H34+H38+H42+H46+H50+H54+H58+H62+H66+H70+H74+H78+H82+H86 -> 204558.56 | I87: =I18+I22+I26+I30+I34+I38+I42+I46+I50+I54+I58+I62+I66+I70+I74+I78+I82+I86 -> 185095.85 | J87: =J18+J22+J26+J30+J34+J38+J42+J46+J50+J54+J58+J62+J66+J70+J74+J78+J82+J86 -> 327707.98 | K87: =K18+K22+K26+K30+K34+K38+K42+K46+K50+K54+K58+K62+K66+K70+K74+K78+K82+K86 -> 277363.33 | L87: =L18+L22+L26+L30+L34+L38+L42+L46+L50+L54+L58+L62+L66+L70+L74+L78+L82+L86 -> 135201.68 | M87: =M18+M22+M26+M30+M34+M38+M42+M46+M50+M54+M58+M62+M66+M70+M74+M78+M82+M86 -> 64979.94 | N87: =N18+N22+N26+N30+N34+N38+N42+N46+N50+N54+N58+N62+N66+N70+N74+N78+N82+N86 -> 125715.46 | O87: =N87 -> 125715.46
A88: % EXECUTADA | C88: 0 | E88: =ROUND(E87/$C$87,4) -> 0 | F88: =ROUND(F87/$C$87,4) -> 0.1242 | G88: =ROUND(G87/$C$87,4) -> 0.0553 | H88: =ROUND(H87/$C$87,4) -> 0.1271 | I88: =ROUND(I87/$C$87,4) -> 0.115 | J88: =ROUND(J87/$C$87,4) -> 0.2036 | K88: =ROUND(K87/$C$87,4) -> 0.1723 | L88: =ROUND(L87/$C$87,4) -> 0.084 | ... O88: =ROUND(O87/$C$87,4) -> 0.0781
A89: R$ ACUMULADO PERÍODO | C89: 0 | E89: =E87 -> 0 | F89: =+E89+F87 -> 199896.32 | G89: =+F89+G87 -> 288982.29 | H89: =+G89+H87 -> 493540.85 | I89: =+H89+I87 -> 678636.69 | J89: =+I89+J87 -> 1006344.7 | K89: =+J89+K87 -> 1283708 | L89: =+K89+L87 -> 1418909.7 | M89: =+L89+M87 -> 1483889.6 | N89: =+M89+N87 -> 1609605.1 | O89: =N89 -> 1609605.1
A90: % ACUMULADA TOTAL | C90: 0 | E90: =+E89/$C$87 -> 0 | F90: =+F89/$C$87 -> 0.12418967 | G90: =+G89/$C$87 -> 0.17953614 | H90: =+H89/$C$87 -> 0.30662232 | I90: =+I89/$C$87 -> 0.42161689 | J90: =+J89/$C$87 -> 0.62521216 | K90: =+K89/$C$87 -> 0.79752979 | L90: =+L89/$C$87 -> 0.88152659 | ... O90: =+O89/$C$87 -> 1
O92: Santa Branca, 20 de março de 2026.
D94: Joel Frederico Pereira Junior | I94: Arthur Ribeiro Alvares Pimenta
D95: Assessor de Engenharia | I95: Secretário Municipal de Serviços, Obras e Transportes
D96: Engenheiro Civil - CREA/SP: 5063632920 | I96: Engenheiro Civil - CREA/SP: 5069103559
A790: 13.01.190 | B790: Laje pré-fabricada mista vigota treliçada/lajota cerâmica - LT 24 (20+4) e capa com concreto de 25 MPa | C790: M2 | D790: 141,86 | E790: 172,27
A791: 13.01.210 | B791: Laje pré-fabricada mista vigota treliçada/lajota cerâmica - LT 30 (24+6) e capa com concreto de 25 MPa | C791: M2 | D791: 178,03 | E791: 211,41
A792: 13.01.310 | B792: Laje pré-fabricada unidirecional em viga treliçada/lajota em EPS LT 12 (8 + 4), com capa de concreto de 25 MPa | C792: M2 | D792: 102,42 | E792: 128,17
A793: 13.01.320 | B793: Laje pré-fabricada unidirecional em viga treliçada/lajota em EPS LT 16 (12 + 4), com capa de concreto de 25 MPa | C793: M2 | D793: 119,56 | E793: 145,31
A794: 13.01.330 | B794: Laje pré-fabricada unidirecional em viga treliçada/lajota em EPS LT 20 (16 + 4), com capa de concreto de 25 MPa | C794: M2 | D794: 163,32 | E794: 191,40
A795: 13.01.340 | B795: Laje pré-fabricada unidirecional em viga treliçada/lajota em EPS LT 25 (20 + 5), com capa de concreto de 25 MPa | C795: M2 | D795: 152,83 | E795: 183,24
A796: 13.01.350 | B796: Laje pré-fabricada unidirecional em viga treliçada/lajota em EPS LT 30 (25 + 5), com capa de concreto de 25 MPa | C796: M2 | D796: 240,53 | E796: 273,91
A797: 13.02 | B797: Laje pre-fabricada mista em vigotas protendidas e lajotas
A798: 13.02.150 | B798: Laje pré-fabricada mista vigota protendida/lajota cerâmica - LP 12 (8+4) e capa com concreto de 25 MPa | C798: M2 | D798: 114,25 | E798: 140,00
A799: 13.02.170 | B799: Laje pré-fabricada mista vigota protendida/lajota cerâmica - LP 16 (12+4) e capa com concreto de 25 MPa | C799: M2 | D799: 131,21 | E799: 159,29
A800: 13.02.190 | B800: Laje pré-fabricada mista vigota protendida/lajota cerâmica - LP 20 (16+4) e capa com concreto de 25 MPa | C800: M2 | D800: 141,10 | E800: 171,51
A801: 13.02.210 | B801: Laje pré-fabricada mista vigota protendida/lajota cerâmica - LP 25 (20+5) e capa com concreto de 25 MPa | C801: M2 | D801: 152,71 | E801: 186,09
A802: 13.05 | B802: Pre-laje
A803: 13.05.084 | B803: Pré-laje em painel pré-fabricado treliçado, com EPS, H= 12 cm | C803: M2 | D803: 129,94 | E803: 137,79
...

Sheet LICITAÇÃO
B2: TABELA DE ACERVO
B3: Item | C3: Item da Planilha | D3: Descrição dos serviços | E3: Unid. | F3: Quantitativo Planilhado. | G3: Acervo Exig. (50% Qtd.) | I3: Valor
B4: 1.0 | C4: 2.3 | D4: Estaca escavada mecanicamente | E4: m | F4: 408 | G4: =ROUND(0.5*F4,2) -> 204 | I4: =P.O.!I16 -> 40718.4 | J4: =I4/P.O.!$I$210 -> 0.025297137
B5: 2.0 | C5: 2.5, 5.1.1, 5.2.1 e 17.3 | D5: Forma em madeira comum | E5: m² | F5: =P.O.!F18+P.O.!F35+P.O.!F40+P.O.!F194 -> 396.15 | G5: =ROUND(0.5*F5,2) -> 198.08 | I5: =P.O.!I18+P.O.!I35+P.O.!I40 -> 83678.16 | J5: =I5/P.O.!$I$210 -> 0.051986764
B6: 3.0 | C6: 2.8, 3.2, 4.4, 5.1.4, 5.2.4, 17.6 e 17.10 | D6: Barras de aço CA-50/CA-60 | E6: kg | F6: =P.O.!F21+P.O.!F24+P.O.!F32+P.O.!F38+P.O.!F43+P.O.!F197+P.O.!F201 -> 8994.94 | G6: =ROUND(0.5*F6,2) -> 4497.47 | I6: =P.O.!I21+P.O.!I24+P.O.!I32+P.O.!I38+P.O.!I43 -> 119522.85 | J6: =I6/P.O.!$I$210 -> 0.074256009
B7: 4.0 | C7: 4.1 e 4.2 | D7: Alvenaria em bloco estrutural, classe B, famílias M15 e M20 | E7: m² | F7: =P.O.!F29+P.O.!F30 -> 670.49 | G7: =ROUND(0.5*F7,2) -> 335.25 | I7: =P.O.!I29+P.O.!I30 -> 99806.1 | J7: =I7/P.O.!$I$210 -> 0.062006576
B8: 5.0 | C8: 7.1 | D8: Estrutura de madeira tesourada para telhados | E8: m² | F8: =P.O.!F51 -> 324.17 | G8: =ROUND(0.5*F8,2) -> 162.09 | I8: =P.O.!I51 -> 68121.08 | J8: =I8/P.O.!$I$210 -> 0.042321611
B9: 6.0 | C9: 9.9, 9.10, 9.11, 9.12 e 9.13 | D9: Fio de cobre, bitolas variadas, isolação PVC 70º C ou HEPR 90º C | E9: m | F9: =P.O.!F108+P.O.!F109+P.O.!F110+P.O.!F111+P.O.!F112 -> 3840 | G9: =ROUND(0.5*F9,2) -> 1920 | I9: =P.O.!I108+P.O.!I109+P.O.!I110+P.O.!I111+P.O.!I112 -> 33335.68 | J9: =I9/P.O.!$I$210 -> 0.020710471
B10: 7.0 | C10: 12.5 | D10: Revestimento em porcelanto | E10: m² | F10: =P.O.!F156 -> 578.84 | G10: =ROUND(0.5*F10,2) -> 289.42 | I10: =P.O.!I156 -> 132230.21 | J10: =I10/P.O.!$I$210 -> 0.082150716
B11: 8.0 | C11: 13.2 e 13.3 | D11: Pintura látex/acrílica em massa | E11: m | F11: =P.O.!F162+P.O.!F163 -> 1536.18 | G11: =ROUND(0.5*F11,2) -> 768.09 | I11: =P.O.!I162+P.O.!I163 -> 63914.88 | J11: =I11/P.O.!$I$210 -> 0.039708423

Sheet INFRAESTRUTURA
N1: =6*333.18 -> 1999.08
B2: BLOCOS DE COROAMENTO | L2: VIGAS BALDRAME | V2: CONTRAPISO | AE2: ARGAMASSA DE REGULARIZAÇÃO | AJ2: QUANTITATIVO DE AÇO CA-50
B3: Elemento | C3: Comp. [m] | D3: Largura [m] | E3: Altura [m] | F3: Formas [m²] | G3: Lastro 5 cm [m³] | H3: Concreto [m³] | I3: Taxa Aço [kg/m³] | J3: Aço CA-50 [kg] | L3: Elemento | M3: Comp. [m] | N3: Largura [m] | O3: Altura [m] | P3: Lastro 5 cm [m³] | Q3: Formas [m²] | R3: Concreto [m³] | S3: Taxa Aço [kg/m³] | T3: Aço CA-50 [kg] | V3: Elemento | W3: Área [m²] | X3: Lastro 5 cm [m³] | Y3: Altura [m] | Z3: Concreto [m³] | AA3: Tela Soldada | AB3: Peso Esp. [kg/m²] | AC3: Aço CA-60 [kg] | AE3: Local | AF3: Área [m²] | AG3: Altura [m] | AH3: Argamassa [m³] | AJ3: Elemento | AK3: Concreto [m³] | AL3: Taxa Aço [kg/m³] | AM3: Aço CA-50 [kg]
B4: B1 | C4: 0.6 | D4: 0.6 | E4: 0.5 | F4: =ROUND(2*C4*E4+2*D4*E4,2) -> 1.2 | G4: =ROUND(0.05*C4*D4,2) -> 0.02 | H4: =ROUND(C4*D4*E4,2) -> 0.18 | I4: 80 | J4: =ROUND(H4*I4,2) -> 14.4 | L4: VB1 | M4: =2.65+0.96+2.4 -> 6.01 | N4: 0.24 | O4: 0.5 | P4: =ROUND(0.05*M4*N4,2) -> 0.07 | Q4: =ROUND(2*M4*O4,2) -> 6.01 | R4: =ROUND(M4*N4*O4,2) -> 0.72 | S4: 75 | T4: =ROUND(R4*S4,2) -> 54 | V4: CP 1 | W4: 5.28 | X4: =ROUND(0.05*W4,2) -> 0.26 | Y4: 0.1 | Z4: =ROUND(W4*Y4,2) -> 0.53 | AA4: Q159 | AB4: 2.52 | AC4: =ROUND(W4*AB4,2) -> 13.31 | AE4: Área de Serviço | AF4: 6.04 | AG4: 0.02 | AH4: =ROUND(AF4*AG4,2) -> 0.12 | AJ4: Estacas | AM4: =F142 -> 2200.37
B5: B2 | C5: 0.6 | D5: 0.6 | E5: =$E$4 -> 0.5 | F5: =ROUND(2*C5*E5+2*D5*E5,2) -> 1.2 | G5: =ROUND(0.05*C5*D5,2) -> 0.02 | H5: =ROUND(C5*D5*E5,2) -> 0.18 | I5: =$I$4 -> 80 | J5: =ROUND(H5*I5,2) -> 14.4 | L5: VB2 | M5: =2.83+0.79 -> 3.62 | N5: 0.24 | O5: 0.5 | P5: =ROUND(0.05*M5*N5,2) -> 0.04 | Q5: =ROUND(2*M5*O5,2) -> 3.62 | R5: =ROUND(M5*N5*O5,2) -> 0.43 | S5: =$S$4 -> 75 | T5: =ROUND(R5*S5,2) -> 32.25 | V5: CP 2 | W5: 11.48 | X5: =ROUND(0.05*W5,2) -> 0.57 | Y5: 0.1 | Z5: =ROUND(W5*Y5,2) -> 1.15 | AA5: =$AA$4 -> Q159 | AB5: =$AB$4 -> 2.52 | AC5: =ROUND(W5*AB5,2) -> 28.93 | AE5: Dormitório Masculino | AF5: 12.52 | AG5: =$AG$4 -> 0.02 | AH5: =ROUND(AF5*AG5,2) -> 0.25 | AJ5: Blocos | AK5: =H55 -> 17.28 | AL5: 80 | AM5: =J55 -> 1382.4
B6: B3 | C6: 0.6 | D6: 1.5 | E6: =$E$4 -> 0.5 | F6: =ROUND(2*C6*E6+2*D6*E6,2) -> 2.1 | G6: =ROUND(0.05*C6*D6,2) -> 0.05 | H6: =ROUND(C6*D6*E6,2) -> 0.45 | I6: =$I$4 -> 80 | J6: =ROUND(H6*I6,2) -> 36 | L6: VB3 | M6: 1.5 | N6: 0.24 | O6: 0.5 | P6: =ROUND(0.05*M6*N6,2) -> 0.02 | Q6: =ROUND(2*M6*O6,2) -> 1.5 | R6: =ROUND(M6*N6*O6,2) -> 0.18 | S6: =$S$4 -> 75 | T6: =ROUND(R6*S6,2) -> 13.5 | V6: CP 3 | W6: 8.48 | X6: =ROUND(0.05*W6,2) -> 0.42 | Y6: 0.1 | Z6: =ROUND(W6*Y6,2) -> 0.85 | AA6: =$AA$4 -> Q159 | AB6: =$AB$4 -> 2.52 | AC6: =ROUND(W6*AB6,2) -> 21.37 | AE6: Dormitório Comandante | AF6: 9.42 | AG6: =$AG$4 -> 0.02 | AH6: =ROUND(AF6*AG6,2) -> 0.19 | AJ6: Vigas | AK6: =R29 -> 12.24 | AL6: 75 | AM6: =T29 -> 918
B7: B4 | C7: 1.5 | D7: 0.6 | E7: =$E$4 -> 0.5 | F7: =ROUND(2*C7*E7+2*D7*E7,2) -> 2.1 | G7: =ROUND(0.05*C7*D7,2) -> 0.05 | H7: =ROUND(C7*D7*E7,2) -> 0.45 | I7: =$I$4 -> 80 | J7: =ROUND(H7*I7,2) -> 36 | L7: VB4 | M7: 1.93 | N7: 0.19 | O7: 0.5 | P7: =ROUND(0.05*M7*N7,2) -> 0.02 | Q7: =ROUND(2*M7*O7,2) -> 1.93 | R7: =ROUND(M7*N7*O7,2) -> 0.18 | S7: =$S$4 -> 75 | T7: =ROUND(R7*S7,2) -> 13.5 | V7: CP 4 | W7: 4.55 | X7: =ROUND(0.05*W7,2) -> 0.23 | Y7: 0.1 | Z7: =ROUND(W7*Y7,2) -> 0.46 | AA7: =$AA$4 -> Q159 | AB7: =$AB$4 -> 2.52 | AC7: =ROUND(W7*AB7,2) -> 11.47 | AE7: Circulação 2 | AF7: 11.04 | AG7: =$AG$4 -> 0.02 | AH7: =ROUND(AF7*AG7,2) -> 0.22 | AJ7: TOTAL | AM7: =SUM(AM4:AM6) -> 4500.77
B8: B5 | C8: 0.6 | D8: 1.5 | E8: =$E$4 -> 0.5 | F8: =ROUND(2*C8*E8+2*D8*E8,2) -> 2.1 | G8: =ROUND(0.05*C8*D8,2) -> 0.05 | H8: =ROUND(C8*D8*E8,2) -> 0.45 | I8: =$I$4 -> 80 | J8: =ROUND(H8*I8,2) -> 36 | L8: VB5 | M8: 1.93 | N8: 0.19 | O8: 0.5 | P8: =ROUND(0.05*M8*N8,2) -> 0.02 | Q8: =ROUND(2*M8*O8,2) -> 1.93 | R8: =ROUND(M8*N8*O8,2) -> 0.18 | S8: =$S$4 -> 75 | T8: =ROUND(R8*S8,2) -> 13.5 | V8: CP 5 | W8: 7.98 | X8: =ROUND(0.05*W8,2) -> 0.4 | Y8: 0.1 | Z8: =ROUND(W8*Y8,2) -> 0.8 | AA8: =$AA$4 -> Q159 | AB8: =$AB$4 -> 2.52 | AC8: =ROUND(W8*AB8,2) -> 20.11 | AE8: Banheiro Masculino | AF8: 9 | AG8: =$AG$4 -> 0.02 | AH8: =ROUND(AF8*AG8,2) -> 0.18
B9: B6 | C9: 0.6 | D9: 1.5 | E9: =$E$4 -> 0.5 | F9: =ROUND(2*C9*E9+2*D9*E9,2) -> 2.1 | G9: =ROUND(0.05*C9*D9,2) -> 0.05 | H9: =ROUND(C9*D9*E9,2) -> 0.45 | I9: =$I$4 -> 80 | J9: =ROUND(H9*I9,2) -> 36 | L9: VB6 | M9: 1.93 | N9: 0.19 | O9: 0.5 | P9: =ROUND(0.05*M9*N9,2) -> 0.02 | Q9: =ROUND(2*M9*O9,2) -> 1.93 | R9: =ROUND(M9*N9*O9,2) -> 0.18 | S9: =$S$4 -> 75 | T9: =ROUND(R9*S9,2) -> 13.5 | V9: CP 6 | W9: 3.84 | X9: =ROUND(0.05*W9,2) -> 0.19 | Y9: 0.1 | Z9: =ROUND(W9*Y9,2) -> 0.38 | AA9: =$AA$4 -> Q159 | AB9: =$AB$4 -> 2.52 | AC9: =ROUND(W9*AB9,2) -> 9.68 | AE9: Banheiro Comandante | AF9: 4.55 | AG9: =$AG$4 -> 0.02 | AH9: =ROUND(AF9*AG9,2) -> 0.09
B10: B7 | C10: 1.5 | D10: 0.6 | E10: =$E$4 -> 0.5 | F10: =ROUND(2*C10*E10+2*D10*E10,2) -> 2.1 | G10: =ROUND(0.05*C10*D10,2) -> 0.05 | H10: =ROUND(C10*D10*E10,2) -> 0.45 | I10: =$I$4 -> 80 | J10: =ROUND(H10*I10,2) -> 36 | L10: VB7 | M10: 1.93 | N10: 0.19 | O10: 0.5 | P10: =ROUND(0.05*M10*N10,2) -> 0.02 | Q10: =ROUND(2*M10*O10,2) -> 1.93 | R10: =ROUND(M10*N10*O10,2) -> 0.18 | S10: =$S$4 -> 75 | T10: =ROUND(R10*S10,2) -> 13.5 | V10: CP 7 | W10: 8.95 | X10: =ROUND(0.05*W10,2) -> 0.45 | Y10: 0.1 | Z10: =ROUND(W10*Y10,2) -> 0.9 | AA10: =$AA$4 -> Q159 | AB10: =$AB$4 -> 2.52 | AC10: =ROUND(W10*AB10,2) -> 22.55 | AE10: Dormitório Feminino | AF10: 9.91 | AG10: =$AG$4 -> 0.02 | AH10: =ROUND(AF10*AG10,2) -> 0.2
B11: B8 | C11: 1.5 | D11: 0.6 | E11: =$E$4 -> 0.5 | F11: =ROUND(2*C11*E11+2*D11*E11,2) -> 2.1 | G11: =ROUND(0.05*C11*D11,2) -> 0.05 | H11: =ROUND(C11*D11*E11,2) -> 0.45 | I11: =$I$4 -> 80 | J11: =ROUND(H11*I11,2) -> 36 | L11: VB8 | M11: =0.72+2.21 -> 2.93 | N11: 0.19 | O11: 0.5 | P11: =ROUND(0.05*M11*N11,2) -> 0.03 | Q11: =ROUND(2*M11*O11,2) -> 2.93 | R11: =ROUND(M11*N11*O11,2) -> 0.28 | S11: =$S$4 -> 75 | T11: =ROUND(R11*S11,2) -> 21 | V11: CP 8 | W11: 4.5 | X11: =ROUND(0.05*W11,2) -> 0.23 | Y11: 0.1 | Z11: =ROUND(W11*Y11,2) -> 0.45 | AA11: =$AA$4 -> Q159 | AB11: =$AB$4 -> 2.52 | AC11: =ROUND(W11*AB11,2) -> 11.34 | AE11: Vestiário Masculino | AF11: 17.25 | AG11: =$AG$4 -> 0.02 | AH11: =ROUND(AF11*AG11,2) -> 0.35
B12: B9 | C12: 1.5 | D12: 0.6 | E12: =$E$4 -> 0.5 | F12: =ROUND(2*C12*E12+2*D12*E12,2) -> 2.1 | G12: =ROUND(0.05*C12*D12,2) -> 0.05 | H12: =ROUND(C12*D12*E12,2) -> 0.45 | I12: =$I$4 -> 80 | J12: =ROUND(H12*I12,2) -> 36 | L12: VB9 | M12: =1.93+0.76+2.43 -> 5.12 | N12: 0.19 | O12: 0.5 | P12: =ROUND(0.05*M12*N12,2) -> 0.05 | Q12: =ROUND(2*M12*O12,2) -> 5.12 | R12: =ROUND(M12*N12*O12,2) -> 0.49 | S12: =$S$4 -> 75 | T12: =ROUND(R12*S12,2) -> 36.75 | V12: CP 9 | W12: 16.04 | X12: =ROUND(0.05*W12,2) -> 0.8 | Y12: 0.1 | Z12: =ROUND(W12*Y12,2) -> 1.6 | AA12: =$AA$4 -> Q159 | AB12: =$AB$4 -> 2.52 | AC12: =ROUND(W12*AB12,2) -> 40.42 | AE12: Banheiro Feminino | AF12: 4.55 | AG12: =$AG$4 -> 0.02 | AH12: =ROUND(AF12*AG12,2) -> 0.09
B13: B10 | C13: 0.6 | D13: 0.6 | E13: =$E$4 -> 0.5 | F13: =ROUND(2*C13*E13+2*D13*E13,2) -> 1.2 | G13: =ROUND(0.05*C13*D13,2) -> 0.02 | H13: =ROUND(C13*D13*E13,2) -> 0.18 | I13: =$I$4 -> 80 | J13: =ROUND(H13*I13,2) -> 14.4 | L13: VB10 | M13: 2.83 | N13: 0.19 | O13: 0.5 | P13: =ROUND(0.05*M13*N13,2) -> 0.03 | Q13: =ROUND(2*M13*O13,2) -> 2.83 | R13: =ROUND(M13*N13*O13,2) -> 0.27 | S13: =$S$4 -> 75 | T13: =ROUND(R13*S13,2) -> 20.25 | V13: CP 10 | W13: 3.78 | X13: =ROUND(0.05*W13,2) -> 0.19 | Y13: 0.1 | Z13: =ROUND(W13*Y13,2) -> 0.38 | AA13: =$AA$4 -> Q159 | AB13: =$AB$4 -> 2.52 | AC13: =ROUND(W13*AB13,2) -> 9.53 | AE13: Escada | AF13: 7.57 | AG13: =$AG$4 -> 0.02 | AH13: =ROUND(AF13*AG13,2) -> 0.15
B14: B11 | C14: 1.5 | D14: 0.6 | E14: =$E$4 -> 0.5 | F14: =ROUND(2*C14*E14+2*D14*E14,2) -> 2.1 | G14: =ROUND(0.05*C14*D14,2) -> 0.05 | H14: =ROUND(C14*D14*E14,2) -> 0.45 | I14: =$I$4 -> 80 | J14: =ROUND(H14*I14,2) -> 36 | L14: VB11 | M14: =0.63+0.7+0.76+2.43+4.32 -> 8.84 | N14: 0.24 | O14: 0.5 | P14: =ROUND(0.05*M14*N14,2) -> 0.11 | Q14: =ROUND(2*M14*O14,2) -> 8.84 | R14: =ROUND(M14*N14*O14,2) -> 1.06 | S14: =$S$4 -> 75 | T14: =ROUND(R14*S14,2) -> 79.5 | V14: CP 11 | W14: 1.68 | X14: =ROUND(0.05*W14,2) -> 0.08 | Y14: 0.1 | Z14: =ROUND(W14*Y14,2) -> 0.17 | AA14: =$AA$4 -> Q159 | AB14: =$AB$4 -> 2.52 | AC14: =ROUND(W14*AB14,2) -> 4.23 | AE14: Refeitório | AF14: 13 | AG14: =$AG$4 -> 0.02 | AH14: =ROUND(AF14*AG14,2) -> 0.26
B15: B12 | C15: 1.5 | D15: 0.6 | E15: =$E$4 -> 0.5 | F15: =ROUND(2*C15*E15+2*D15*E15,2) -> 2.1 | G15: =ROUND(0.05*C15*D15,2) -> 0.05 | H15: =ROUND(C15*D15*E15,2) -> 0.45 | I15: =$I$4 -> 80 | J15: =ROUND(H15*I15,2) -> 36 | L15: VB12 | M15: 0.65 | N15: 0.19 | O15: 0.5 | P15: =ROUND(0.05*M15*N15,2) -> 0.01 | Q15: =ROUND(2*M15*O15,2) -> 0.65 | R15: =ROUND(M15*N15*O15,2) -> 0.06 | S15: =$S$4 -> 75 | T15: =ROUND(R15*S15,2) -> 4.5 | V15: CP 12 | W15: 4.9 | X15: =ROUND(0.05*W15,2) -> 0.25 | Y15: 0.1 | Z15: =ROUND(W15*Y15,2) -> 0.49 | AA15: =$AA$4 -> Q159 | AB15: =$AB$4 -> 2.52 | AC15: =ROUND(W15*AB15,2) -> 12.35 | AE15: Circulação 1 | AF15: 9 | AG15: =$AG$4 -> 0.02 | AH15: =ROUND(AF15*AG15,2) -> 0.18
B16: B13 | C16: 0.6 | D16: 1.5 | E16: =$E$4 -> 0.5 | F16: =ROUND(2*C16*E16+2*D16*E16,2) -> 2.1 | G16: =ROUND(0.05*C16*D16,2) -> 0.05 | H16: =ROUND(C16*D16*E16,2) -> 0.45 | I16: =$I$4 -> 80 | J16: =ROUND(H16*I16,2) -> 36 | L16: VB13 | M16: =0.91+2.89 -> 3.8 | N16: 0.24 | O16: 0.5 | P16: =ROUND(0.05*M16*N16,2) -> 0.05 | Q16: =ROUND(2*M16*O16,2) -> 3.8 | R16: =ROUND(M16*N16*O16,2) -> 0.46 | S16: =$S$4 -> 75 | T16: =ROUND(R16*S16,2) -> 34.5 | V16: CP 13 | W16: 11.9 | X16: =ROUND(0.05*W16,2) -> 0.6 | Y16: 0.1 | Z16: =ROUND(W16*Y16,2) -> 1.19 | AA16: =$AA$4 -> Q159 | AB16: =$AB$4 -> 2.52 | AC16: =ROUND(W16*AB16,2) -> 29.99 | AE16: Arquivo 1 | AF16: 6.86 | AG16: =$AG$4 -> 0.02 | AH16: =ROUND(AF16*AG16,2) -> 0.14
B17: B14 | C17: 0.6 | D17: 1.5 | E17: =$E$4 -> 0.5 | F17: =ROUND(2*C17*E17+2*D17*E17,2) -> 2.1 | G17: =ROUND(0.05*C17*D17,2) -> 0.05 | H17: =ROUND(C17*D17*E17,2) -> 0.45 | I17: =$I$4 -> 80 | J17: =ROUND(H17*I17,2) -> 36 | L17: VB14 | M17: 0.65 | N17: 0.19 | O17: 0.5 | P17: =ROUND(0.05*M17*N17,2) -> 0.01 | Q17: =ROUND(2*M17*O17,2) -> 0.65 | R17: =ROUND(M17*N17*O17,2) -> 0.06 | S17: =$S$4 -> 75 | T17: =ROUND(R17*S17,2) -> 4.5 | V17: CP 14 | W17: 4.1 | X17: =ROUND(0.05*W17,2) -> 0.21 | Y17: 0.1 | Z17: =ROUND(W17*Y17,2) -> 0.41 | AA17: =$AA$4 -> Q159 | AB17: =$AB$4 -> 2.52 | AC17: =ROUND(W17*AB17,2) -> 10.33 | AE17: Despensa | AF17: 4.55 | AG17: =$AG$4 -> 0.02 | AH17: =ROUND(AF17*AG17,2) -> 0.09
B18: B15 | C18: 0.6 | D18: 0.6 | E18: =$E$4 -> 0.5 | F18: =ROUND(2*C18*E18+2*D18*E18,2) -> 1.2 | G18: =ROUND(0.05*C18*D18,2) -> 0.02 | H18: =ROUND(C18*D18*E18,2) -> 0.18 | I18: =$I$4 -> 80 | J18: =ROUND(H18*I18,2) -> 14.4 | L18: VB15 | M18: =1.3+2.04 -> 3.34 | N18: 0.19 | O18: 0.5 | P18: =ROUND(0.05*M18*N18,2) -> 0.03 | Q18: =ROUND(2*M18*O18,2) -> 3.34 | R18: =ROUND(M18*N18*O18,2) -> 0.32 | S18: =$S$4 -> 75 | T18: =ROUND(R18*S18,2) -> 24 | V18: CP 15 | W18: 6.05 | X18: =ROUND(0.05*W18,2) -> 0.3 | Y18: 0.1 | Z18: =ROUND(W18*Y18,2) -> 0.61 | AA18: =$AA$4 -> Q159 | AB18: =$AB$4 -> 2.52 | AC18: =ROUND(W18*AB18,2) -> 15.25 | AE18: Sala de Comando | AF18: 12.56 | AG18: =$AG$4 -> 0.02 | AH18: =ROUND(AF18*AG18,2) -> 0.25
B19: B16 | C19: 1.5 | D19: 0.6 | E19: =$E$4 -> 0.5 | F19: =ROUND(2*C19*E19+2*D19*E19,2) -> 2.1 | G19: =ROUND(0.05*C19*D19,2) -> 0.05 | H19: =ROUND(C19*D19*E19,2) -> 0.45 | I19: =$I$4 -> 80 | J19: =ROUND(H19*I19,2) -> 36 | L19: VB16 | M19: =0.65+0.7 -> 1.35 | N19: 0.19 | O19: 0.5 | P19: =ROUND(0.05*M19*N19,2) -> 0.01 | Q19: =ROUND(2*M19*O19,2) -> 1.35 | R19: =ROUND(M19*N19*O19,2) -> 0.13 | S19: =$S$4 -> 75 | T19: =ROUND(R19*S19,2) -> 9.75 | V19: CP 16 | W19: 3.95 | X19: =ROUND(0.05*W19,2) -> 0.2 | Y19: 0.1 | Z19: =ROUND(W19*Y19,2) -> 0.4 | AA19: =$AA$4 -> Q159 | AB19: =$AB$4 -> 2.52 | AC19: =ROUND(W19*AB19,2) -> 9.95 | AE19: Reserva de Armamento | AF19: 5.85 | AG19: =$AG$4 -> 0.02 | AH19: =ROUND(AF19*AG19,2) -> 0.12
B20: B17 | C20: 0.6 | D20: 0.6 | E20: =$E$4 -> 0.5 | F20: =ROUND(2*C20*E20+2*D20*E20,2) -> 1.2 | G20: =ROUND(0.05*C20*D20,2) -> 0.02 | H20: =ROUND(C20*D20*E20,2) -> 0.18 | I20: =$I$4 -> 80 | J20: =ROUND(H20*I20,2) -> 14.4 | L20: VB17 | M20: =4.63+4.37 -> 9 | N20: 0.2 | O20: 0.4 | P20: =ROUND(0.05*M20*N20,2) -> 0.09 | Q20: =ROUND(2*M20*O20,2) -> 7.2 | R20: =ROUND(M20*N20*O20,2) -> 0.72 | S20: =$S$4 -> 75 | T20: =ROUND(R20*S20,2) -> 54 | V20: CP 17 | W20: 3.41 | X20: =ROUND(0.05*W20,2) -> 0.17 | Y20: 0.1 | Z20: =ROUND(W20*Y20,2) -> 0.34 | AA20: =$AA$4 -> Q159 | AB20: =$AB$4 -> 2.52 | AC20: =ROUND(W20*AB20,2) -> 8.59 | AE20: Recepção 1 | AF20: 12.81 | AG20: =$AG$4 -> 0.02 | AH20: =ROUND(AF20*AG20,2) -> 0.26
B21: B18 | C21: 1.5 | D21: 0.6 | E21: =$E$4 -> 0.5 | F21: =ROUND(2*C21*E21+2*D21*E21,2) -> 2.1 | G21: =ROUND(0.05*C21*D21,2) -> 0.05 | H21: =ROUND(C21*D21*E21,2) -> 0.45 | I21: =$I$4 -> 80 | J21: =ROUND(H21*I21,2) -> 36 | L21: VB18 | M21: =0.65+1.1+0.53 -> 2.28 | N21: 0.19 | O21: 0.5 | P21: =ROUND(0.05*M21*N21,2) -> 0.02 | Q21: =ROUND(2*M21*O21,2) -> 2.28 | R21: =ROUND(M21*N21*O21,2) -> 0.22 | S21: =$S$4 -> 75 | T21: =ROUND(R21*S21,2) -> 16.5 | V21: CP 18 | W21: 11.52 | X21: =ROUND(0.05*W21,2) -> 0.58 | Y21: 0.1 | Z21: =ROUND(W21*Y21,2) -> 1.15 | AA21: =$AA$4 -> Q159 | AB21: =$AB$4 -> 2.52 | AC21: =ROUND(W21*AB21,2) -> 29.03 | AE21: Arquivo 2 | AF21: 2.8 | AG21: =$AG$4 -> 0.02 | AH21: =ROUND(AF21*AG21,2) -> 0.06
B22: B19 | C22: 1.5 | D22: 0.6 | E22: =$E$4 -> 0.5 | F22: =ROUND(2*C22*E22+2*D22*E22,2) -> 2.1 | G22: =ROUND(0.05*C22*D22,2) -> 0.05 | H22: =ROUND(C22*D22*E22,2) -> 0.45 | I22: =$I$4 -> 80 | J22: =ROUND(H22*I22,2) -> 36 | L22: VB18 | M22: =1.37+0.95+1.48+1.47+0.96+2.6+0.95+1.56+0.91 -> 12.25 | N22: 0.24 | O22: 0.5 | P22: =ROUND(0.05*M22*N22,2) -> 0.15 | Q22: =ROUND(2*M22*O22,2) -> 12.25 | R22: =ROUND(M22*N22*O22,2) -> 1.47 | S22: =$S$4 -> 75 | T22: =ROUND(R22*S22,2) -> 110.25 | V22: CP 19 | W22: 5.22 | X22: =ROUND(0.05*W22,2) -> 0.26 | Y22: 0.1 | Z22: =ROUND(W22*Y22,2) -> 0.52 | AA22: =$AA$4 -> Q159 | AB22: =$AB$4 -> 2.52 | AC22: =ROUND(W22*AB22,2) -> 13.15 | AE22: W. C. Masculino | AF22: 4 | AG22: =$AG$4 -> 0.02 | AH22: =ROUND(AF22*AG22,2) -> 0.08
B23: B20 | C23: 0.6 | D23: 1.5 | E23: =$E$4 -> 0.5 | F23: =ROUND(2*C23*E23+2*D23*E23,2) -> 2.1 | G23: =ROUND(0.05*C23*D23,2) -> 0.05 | H23: =ROUND(C23*D23*E23,2) -> 0.45 | I23: =$I$4 -> 80 | J23: =ROUND(H23*I23,2) -> 36 | L23: VB19 | M23: =1.55+1.55+0.98 -> 4.08 | N23: 0.19 | O23: 0.5 | P23: =ROUND(0.05*M23*N23,2) -> 0.04 | Q23: =ROUND(2*M23*O23,2) -> 4.08 | R23: =ROUND(M23*N23*O23,2) -> 0.39 | S23: =$S$4 -> 75 | T23: =ROUND(R23*S23,2) -> 29.25 | V23: CP 20 | W23: 2.08 | X23: =ROUND(0.05*W23,2) -> 0.1 | Y23: 0.1 | Z23: =ROUND(W23*Y23,2) -> 0.21 | AA23: =$AA$4 -> Q159 | AB23: =$AB$4 -> 2.52 | AC23: =ROUND(W23*AB23,2) -> 5.24 | AE23: W. C. Feminino | AF23: 4 | AG23: =$AG$4 -> 0.02 | AH23: =ROUND(AF23*AG23,2) -> 0.08
B24: B21 | C24: 0.6 | D24: 1.5 | E24: =$E$4 -> 0.5 | F24: =ROUND(2*C24*E24+2*D24*E24,2) -> 2.1 | G24: =ROUND(0.05*C24*D24,2) -> 0.05 | H24: =ROUND(C24*D24*E24,2) -> 0.45 | I24: =$I$4 -> 80 | J24: =ROUND(H24*I24,2) -> 36 | L24: VB20 | M24: =0.9+1.58 -> 2.48 | N24: 0.19 | O24: 0.5 | P24: =ROUND(0.05*M24*N24,2) -> 0.02 | Q24: =ROUND(2*M24*O24,2) -> 2.48 | R24: =ROUND(M24*N24*O24,2) -> 0.24 | S24: =$S$4 -> 75 | T24: =ROUND(R24*S24,2) -> 18 | V24: CP 21 | W24: 11.46 | X24: =ROUND(0.05*W24,2) -> 0.57 | Y24: 0.1 | Z24: =ROUND(W24*Y24,2) -> 1.15 | AA24: =$AA$4 -> Q159 | AB24: =$AB$4 -> 2.52 | AC24: =ROUND(W24*AB24,2) -> 28.88 | AE24: Ante Câmara | AF24: 4.03 | AG24: =$AG$4 -> 0.02 | AH24: =ROUND(AF24*AG24,2) -> 0.08
B25: B22 | C25: 0.6 | D25: 0.6 | E25: =$E$4 -> 0.5 | F25: =ROUND(2*C25*E25+2*D25*E25,2) -> 1.2 | G25: =ROUND(0.05*C25*D25,2) -> 0.02 | H25: =ROUND(C25*D25*E25,2) -> 0.18 | I25: =$I$4 -> 80 | J25: =ROUND(H25*I25,2) -> 14.4 | L25: VB21 | M25: =1.37+0.5+2.65+0.51+1.7 -> 6.73 | N25: 0.19 | O25: 0.5 | P25: =ROUND(0.05*M25*N25,2) -> 0.06 | Q25: =ROUND(2*M25*O25,2) -> 6.73 | R25: =ROUND(M25*N25*O25,2) -> 0.64 | S25: =$S$4 -> 75 | T25: =ROUND(R25*S25,2) -> 48 | V25: CP 22 | W25: 3.22 | X25: =ROUND(0.05*W25,2) -> 0.16 | Y25: 0.1 | Z25: =ROUND(W25*Y25,2) -> 0.32 | AA25: =$AA$4 -> Q159 | AB25: =$AB$4 -> 2.52 | AC25: =ROUND(W25*AB25,2) -> 8.11 | AE25: Recepção 2 | AF25: 10.5 | AG25: =$AG$4 -> 0.02 | AH25: =ROUND(AF25*AG25,2) -> 0.21
B26: B23 | C26: 0.6 | D26: 0.6 | E26: =$E$4 -> 0.5 | F26: =ROUND(2*C26*E26+2*D26*E26,2) -> 1.2 | G26: =ROUND(0.05*C26*D26,2) -> 0.02 | H26: =ROUND(C26*D26*E26,2) -> 0.18 | I26: =$I$4 -> 80 | J26: =ROUND(H26*I26,2) -> 14.4 | L26: VB22 | M26: =2.47+2.65+2.81+1.95+1.64+0.19 -> 11.71 | N26: 0.19 | O26: 0.5 | P26: =ROUND(0.05*M26*N26,2) -> 0.11 | Q26: =ROUND(2*M26*O26,2) -> 11.71 | R26: =ROUND(M26*N26*O26,2) -> 1.11 | S26: =$S$4 -> 75 | T26: =ROUND(R26*S26,2) -> 83.25 | V26: CP 23 | W26: 9.16 | X26: =ROUND(0.05*W26,2) -> 0.46 | Y26: 0.1 | Z26: =ROUND(W26*Y26,2) -> 0.92 | AA26: =$AA$4 -> Q159 | AB26: =$AB$4 -> 2.52 | AC26: =ROUND(W26*AB26,2) -> 23.08 | AE26: Varanda | AF26: 7.87 | AG26: =$AG$4 -> 0.02 | AH26: =ROUND(AF26*AG26,2) -> 0.16
B27: B24 | C27: 0.6 | D27: 0.6 | E27: =$E$4 -> 0.5 | F27: =ROUND(2*C27*E27+2*D27*E27,2) -> 1.2 | G27: =ROUND(0.05*C27*D27,2) -> 0.02 | H27: =ROUND(C27*D27*E27,2) -> 0.18 | I27: =$I$4 -> 80 | J27: =ROUND(H27*I27,2) -> 14.4 | L27: VB23 | M27: 1.8 | N27: 0.19 | O27: 0.5 | P27: =ROUND(0.05*M27*N27,2) -> 0.02 | Q27: =ROUND(2*M27*O27,2) -> 1.8 | R27: =ROUND(M27*N27*O27,2) -> 0.17 | S27: =$S$4 -> 75 | T27: =ROUND(R27*S27,2) -> 12.75 | V27: CP 24 | W27: 3.48 | X27: =ROUND(0.05*W27,2) -> 0.17 | Y27: 0.1 | Z27: =ROUND(W27*Y27,2) -> 0.35 | AA27: =$AA$4 -> Q159 | AB27: =$AB$4 -> 2.52 | AC27: =ROUND(W27*AB27,2) -> 8.77 | AE27: Garagem da Frente | AF27: 26.41 | AG27: =$AG$4 -> 0.02 | AH27: =ROUND(AF27*AG27,2) -> 0.53
B28: B25 | C28: 1.5 | D28: 0.6 | E28: =$E$4 -> 0.5 | F28: =ROUND(2*C28*E28+2*D28*E28,2) -> 2.1 | G28: =ROUND(0.05*C28*D28,2) -> 0.05 | H28: =ROUND(C28*D28*E28,2) -> 0.45 | I28: =$I$4 -> 80 | J28: =ROUND(H28*I28,2) -> 36 | L28: VB24 | M28: =0.82+1.58+1.61+2.02+1.36+1.59+1.81+1.75+1.95+2.98 -> 17.47 | N28: 0.24 | O28: 0.5 | P28: =ROUND(0.05*M28*N28,2) -> 0.21 | Q28: =ROUND(2*M28*O28,2) -> 17.47 | R28: =ROUND(M28*N28*O28,2) -> 2.1 | S28: =$S$4 -> 75 | T28: =ROUND(R28*S28,2) -> 157.5 | V28: CP 25 | W28: 3.12 | X28: =ROUND(0.05*W28,2) -> 0.16 | Y28: 0.1 | Z28: =ROUND(W28*Y28,2) -> 0.31 | AA28: =$AA$4 -> Q159 | AB28: =$AB$4 -> 2.52 | AC28: =ROUND(W28*AB28,2) -> 7.86 | AE28: TOTAL | AH28: =SUM(AH4:AH27) -> 4.34
B29: B26 | C29: 1.5 | D29: 0.6 | E29: =$E$4 -> 0.5 | F29: =ROUND(2*C29*E29+2*D29*E29,2) -> 2.1 | G29: =ROUND(0.05*C29*D29,2) -> 0.05 | H29: =ROUND(C29*D29*E29,2) -> 0.45 | I29: =$I$4 -> 80 | J29: =ROUND(H29*I29,2) -> 36 | L29: TOTAL | P29: =SUM(P4:P28) -> 1.26 | Q29: =SUM(Q4:Q28) -> 114.36 | R29: =SUM(R4:R28) -> 12.24 | T29: =SUM(T4:T28) -> 918 | V29: CP 26 | W29: 6 | X29: =ROUND(0.05*W29,2) -> 0.3 | Y29: 0.1 | Z29: =ROUND(W29*Y29,2) -> 0.6 | AA29: =$AA$4 -> Q159 | AB29: =$AB$4 -> 2.52 | AC29: =ROUND(W29*AB29,2) -> 15.12
B30: B27 | C30: 0.6 | D30: 1.5 | E30: =$E$4 -> 0.5 | F30: =ROUND(2*C30*E30+2*D30*E30,2) -> 2.1 | G30: =ROUND(0.05*C30*D30,2) -> 0.05 | H30: =ROUND(C30*D30*E30,2) -> 0.45 | I30: =$I$4 -> 80 | J30: =ROUND(H30*I30,2) -> 36 | V30: CP 27 | W30: 26.3 | X30: =ROUND(0.05*W30,2) -> 1.32 | Y30: 0.1 | Z30: =ROUND(W30*Y30,2) -> 2.63 | AA30: =$AA$4 -> Q159 | AB30: =$AB$4 -> 2.52 | AC30: =ROUND(W30*AB30,2) -> 66.28
B31: B28 | C31: 0.6 | D31: 1.5 | E31: =$E$4 -> 0.5 | F31: =ROUND(2*C31*E31+2*D31*E31,2) -> 2.1 | G31: =ROUND(0.05*C31*D31,2) -> 0.05 | H31: =ROUND(C31*D31*E31,2) -> 0.45 | I31: =$I$4 -> 80 | J31: =ROUND(H31*I31,2) -> 36 | Q31: =F55+Q29 -> 202.56 | R31: =H55+R29 -> 29.52 | V31: CP 28 | W31: 18.2 | X31: =ROUND(0.05*W31,2) -> 0.91 | Y31: 0.1 | Z31: =ROUND(W31*Y31,2) -> 1.82 | AA31: =$AA$4 -> Q159 | AB31: =$AB$4 -> 2.52 | AC31: =ROUND(W31*AB31,2) -> 45.86
B32: B29 | C32: 0.6 | D32: 0.6 | E32: =$E$4 -> 0.5 | F32: =ROUND(2*C32*E32+2*D32*E32,2) -> 1.2 | G32: =ROUND(0.05*C32*D32,2) -> 0.02 | H32: =ROUND(C32*D32*E32,2) -> 0.18 | I32: =$I$4 -> 80 | J32: =ROUND(H32*I32,2) -> 14.4 | V32: TOTAL | W32: =SUM(W4:W30) -> 192.43 | X32: =SUM(X4:X30) -> 9.63 | Z32: =SUM(Z4:Z30) -> 19.27 | AC32: =SUM(AC4:AC30) -> 484.92
B33: B30 | C33: 0.6 | D33: 0.6 | E33: =$E$4 -> 0.5 | F33: =ROUND(2*C33*E33+2*D33*E33,2) -> 1.2 | G33: =ROUND(0.05*C33*D33,2) -> 0.02 | H33: =ROUND(C33*D33*E33,2) -> 0.18 | I33: =$I$4 -> 80 | J33: =ROUND(H33*I33,2) -> 14.4 | L33: MBBaUnXz3Gp5nm3RAZarxjj | O33: =180+45 -> 225
B34: B31 | C34: 0.6 | D34: 0.6 | E34: =$E$4 -> 0.5 | F34: =ROUND(2*C34*E34+2*D34*E34,2) -> 1.2 | G34: =ROUND(0.05*C34*D34,2) -> 0.02 | H34: =ROUND(C34*D34*E34,2) -> 0.18 | I34: =$I$4 -> 80 | J34: =ROUND(H34*I34,2) -> 14.4
B35: B32 | C35: 1.5 | D35: 0.6 | E35: =$E$4 -> 0.5 | F35: =ROUND(2*C35*E35+2*D35*E35,2) -> 2.1 | G35: =ROUND(0.05*C35*D35,2) -> 0.05 | H35: =ROUND(C35*D35*E35,2) -> 0.45 | I35: =$I$4 -> 80 | J35: =ROUND(H35*I35,2) -> 36 | Z35: =H55+R29+Z32 -> 48.79
B36: B33 | C36: 0.6 | D36: 0.6 | E36: =$E$4 -> 0.5 | F36: =ROUND(2*C36*E36+2*D36*E36,2) -> 1.2 | G36: =ROUND(0.05*C36*D36,2) -> 0.02 | H36: =ROUND(C36*D36*E36,2) -> 0.18 | I36: =$I$4 -> 80 | J36: =ROUND(H36*I36,2) -> 14.4 | P36: =1.92+1.26+9.63 -> 12.81
B37: B34 | C37: 1.5 | D37: 0.6 | E37: =$E$4 -> 0.5 | F37: =ROUND(2*C37*E37+2*D37*E37,2) -> 2.1 | G37: =ROUND(0.05*C37*D37,2) -> 0.05 | H37: =ROUND(C37*D37*E37,2) -> 0.45 | I37: =$I$4 -> 80 | J37: =ROUND(H37*I37,2) -> 36
B38: B35 | C38: 0.6 | D38: 1.5 | E38: =$E$4 -> 0.5 | F38: =ROUND(2*C38*E38+2*D38*E38,2) -> 2.1 | G38: =ROUND(0.05*C38*D38,2) -> 0.05 | H38: =ROUND(C38*D38*E38,2) -> 0.45 | I38: =$I$4 -> 80 | J38: =ROUND(H38*I38,2) -> 36
B39: B36 | C39: 1.5 | D39: 0.6 | E39: =$E$4 -> 0.5 | F39: =ROUND(2*C39*E39+2*D39*E39,2) -> 2.1 | G39: =ROUND(0.05*C39*D39,2) -> 0.05 | H39: =ROUND(C39*D39*E39,2) -> 0.45 | I39: =$I$4 -> 80 | J39: =ROUND(H39*I39,2) -> 36
B40: B37 | C40: 0.6 | D40: 1.5 | E40: =$E$4 -> 0.5 | F40: =ROUND(2*C40*E40+2*D40*E40,2) -> 2.1 | G40: =ROUND(0.05*C40*D40,2) -> 0.05 | H40: =ROUND(C40*D40*E40,2) -> 0.45 | I40: =$I$4 -> 80 | J40: =ROUND(H40*I40,2) -> 36
B41: B38 | C41: 0.6 | D41: 1.5 | E41: =$E$4 -> 0.5 | F41: =ROUND(2*C41*E41+2*D41*E41,2) -> 2.1 | G41: =ROUND(0.05*C41*D41,2) -> 0.05 | H41: =ROUND(C41*D41*E41,2) -> 0.45 | I41: =$I$4 -> 80 | J41: =ROUND(H41*I41,2) -> 36
B42: B39 | C42: 1.5 | D42: 0.6 | E42: =$E$4 -> 0.5 | F42: =ROUND(2*C42*E42+2*D42*E42,2) -> 2.1 | G42: =ROUND(0.05*C42*D42,2) -> 0.05 | H42: =ROUND(C42*D42*E42,2) -> 0.45 | I42: =$I$4 -> 80 | J42: =ROUND(H42*I42,2) -> 36
B43: B40 | C43: 0.6 | D43: 0.6 | E43: =$E$4 -> 0.5 | F43: =ROUND(2*C43*E43+2*D43*E43,2) -> 1.2 | G43: =ROUND(0.05*C43*D43,2) -> 0.02 | H43: =ROUND(C43*D43*E43,2) -> 0.18 | I43: =$I$4 -> 80 | J43: =ROUND(H43*I43,2) -> 14.4
B44: B41 | C44: 1.5 | D44: 0.6 | E44: =$E$4 -> 0.5 | F44: =ROUND(2*C44*E44+2*D44*E44,2) -> 2.1 | G44: =ROUND(0.05*C44*D44,2) -> 0.05 | H44: =ROUND(C44*D44*E44,2) -> 0.45 | I44: =$I$4 -> 80 | J44: =ROUND(H44*I44,2) -> 36
B45: B42 | C45: 0.6 | D45: 0.6 | E45: =$E$4 -> 0.5 | F45: =ROUND(2*C45*E45+2*D45*E45,2) -> 1.2 | G45: =ROUND(0.05*C45*D45,2) -> 0.02 | H45: =ROUND(C45*D45*E45,2) -> 0.18 | I45: =$I$4 -> 80 | J45: =ROUND(H45*I45,2) -> 14.4
B46: B43 | C46: 1.5 | D46: 0.6 | E46: =$E$4 -> 0.5 | F46: =ROUND(2*C46*E46+2*D46*E46,2) -> 2.1 | G46: =ROUND(0.05*C46*D46,2) -> 0.05 | H46: =ROUND(C46*D46*E46,2) -> 0.45 | I46: =$I$4 -> 80 | J46: =ROUND(H46*I46,2) -> 36
B47: B44 | C47: 0.6 | D47: 0.6 | E47: =$E$4 -> 0.5 | F47: =ROUND(2*C47*E47+2*D47*E47,2) -> 1.2 | G47: =ROUND(0.05*C47*D47,2) -> 0.02 | H47: =ROUND(C47*D47*E47,2) -> 0.18 | I47: =$I$4 -> 80 | J47: =ROUND(H47*I47,2) -> 14.4
B48: B45 | C48: 0.6 | D48: 0.6 | E48: =$E$4 -> 0.5 | F48: =ROUND(2*C48*E48+2*D48*E48,2) -> 1.2 | G48: =ROUND(0.05*C48*D48,2) -> 0.02 | H48: =ROUND(C48*D48*E48,2) -> 0.18 | I48: =$I$4 -> 80 | J48: =ROUND(H48*I48,2) -> 14.4
... B54: B503 | C54: 0.6 | D54: 0.6 | E54: =$E$4 -> 0.5 | F54: =ROUND(2*C54*E54+2*D54*E54,2) -> 1.2 | G54: =ROUND(0.05*C54*D54,2) -> 0.02 | H54: =ROUND(C54*D54*E54,2) -> 0.18 | I54: =$I$4 -> 80 | J54: =ROUND(H54*I54,2) -> 14.4
B55: TOTAL | F55: =SUBTOTAL(9,F4:F54) -> 88.2 | G55: =SUBTOTAL(9,G4:G54) -> 1.92 | H55: =SUBTOTAL(9,H4:H54) -> 17.28 | J55: =SUBTOTAL(9,J4:J54) -> 1382.4
B58: ESTACAS ϕ 30 cm | I58: BROCAS ϕ 20 cm | V58: CONTRA PISO
B59: Elemento | C59: Comp. [m] | D59: Arm. φ10 mm [m] | E59: Estr. φ6,3 mm [m] | F59: CA-50 [kg] | I59: Elemento | J59: Comp. [m] | V59: Elemento | W59: Área [m²] | X59: Lastro 5 cm [m³] | Y59: Altura [m] | Z59: Concreto [m³] | AA59: Tela Soldada | AB59: Taxa Aço [kg/m²] | AC59: Aço CA-60 [kg]
B60: E01 | C60: 5 | D60: =C60*6 -> 30 | E60: =ROUND(20*1.67,2) -> 33.4 | F60: =ROUND(0.62*D60+0.25*E60,2) -> 26.95 | I60: E501 | J60: 3 | L60: =0.28*0.0015*100*100 -> 4.2 | M60: =PI()*0.5*0.5 -> 0.78539816 | N60: =L60/M60 -> 5.3476061 | V60: CP 26 | W60: 6 | X60: =ROUND(0.05*W60,2) -> 0.3 | Y60: 0.1 | Z60: =ROUND(W60*Y60,2) -> 0.6 | AA60: =$AA$4 -> Q159 | AB60: =$AB$4 -> 2.52 | AC60: =ROUND(W60*AB60,2) -> 15.12
B61: E02 | C61: 5 | D61: =C61*6 -> 30 | E61: =ROUND(20*1.67,2) -> 33.4 | F61: =ROUND(0.62*D61+0.25*E61,2) -> 26.95 | I61: E502 | J61: =$J$60 -> 3 | M61: =PI()*1.25*1.25/4 -> 1.2271846 | N61: =L60/M61 -> 3.4224679 | V61: CP 27 | W61: 26.3 | X61: =ROUND(0.05*W61,2) -> 1.32 | Y61: 0.1 | Z61: =ROUND(W61*Y61,2) -> 2.63 | AA61: =$AA$4 -> Q159 | AB61: =$AB$4 -> 2.52 | AC61: =ROUND(W61*AB61,2) -> 66.28
B62: E03A | C62: 5 | D62: =C62*6 -> 30 | E62: =ROUND(20*1.67,2) -> 33.4 | F62: =ROUND(0.62*D62+0.25*E62,2) -> 26.95 | I62: TOTAL | J62: =SUM(J60:J61) -> 6 | N62: =360/5 -> 72 | V62: TOTAL | W62: =SUM(W40:W61) -> 32.3 | X62: =SUM(X40:X61) -> 1.62 | Z62: =SUM(Z40:Z61) -> 3.23 | AC62: =SUM(AC40:AC61) -> 81.4
B63: E03B | C63: 5 | D63: =C63*6 -> 30 | E63: =ROUND(20*1.67,2) -> 33.4 | F63: =ROUND(0.62*D63+0.25*E63,2) -> 26.95
B64: E04A | C64: 5 | D64: =C64*6 -> 30 | E64: =ROUND(20*1.67,2) -> 33.4 | F64: =ROUND(0.62*D64+0.25*E64,2) -> 26.95
B65: E04B | C65: 5 | D65: =C65*6 -> 30 | E65: =ROUND(20*1.67,2) -> 33.4 | F65: =ROUND(0.62*D65+0.25*E65,2) -> 26.95
B66: E05A | C66: 5 | D66: =C66*6 -> 30 | E66: =ROUND(20*1.67,2) -> 33.4 | F66: =ROUND(0.62*D66+0.25*E66,2) -> 26.95
B67: E05B | C67: 5 | D67: =C67*6 -> 30 | E67: =ROUND(20*1.67,2) -> 33.4 | F67: =ROUND(0.62*D67+0.25*E67,2) -> 26.95
B68: E06A | C68: 5 | D68: =C68*6 -> 30 | E68: =ROUND(20*1.67,2) -> 33.4 | F68: =ROUND(0.62*D68+0.25*E68,2) -> 26.95
B69: E06B | C69: 5 | D69: =C69*6 -> 30 | E69: =ROUND(20*1.67,2) -> 33.4 | F69: =ROUND(0.62*D69+0.25*E69,2) -> 26.95
B70: E07A | C70: 5 | D70: =C70*6 -> 30 | E70: =ROUND(20*1.67,2) -> 33.4 | F70: =ROUND(0.62*D70+0.25*E70,2) -> 26.95 | K70: =161-124 -> 37
B71: E07B | C71: 5 | D71: =C71*6 -> 30 | E71: =ROUND(20*1.67,2) -> 33.4 | F71: =ROUND(0.62*D71+0.25*E71,2) -> 26.95
B72: E08A | C72: 5 | D72: =C72*6 -> 30 | E72: =ROUND(20*1.67,2) -> 33.4 | F72: =ROUND(0.62*D72+0.25*E72,2) -> 26.95
B73: E08B | C73: 5 | D73: =C73*6 -> 30 | E73: =ROUND(20*1.67,2) -> 33.4 | F73: =ROUND(0.62*D73+0.25*E73,2) -> 26.95
B74: E09A | C74: 5 | D74: =C74*6 -> 30 | E74: =ROUND(20*1.67,2) -> 33.4 | F74: =ROUND(0.62*D74+0.25*E74,2) -> 26.95
B75: E09B | C75: 5 | D75: =C75*6 -> 30 | E75: =ROUND(20*1.67,2) -> 33.4 | F75: =ROUND(0.62*D75+0.25*E75,2) -> 26.95
B76: E10 | C76: 5 | D76: =C76*6 -> 30 | E76: =ROUND(20*1.67,2) -> 33.4 | F76: =ROUND(0.62*D76+0.25*E76,2) -> 26.95
B77: E11A | C77: 5 | D77: =C77*6 -> 30 | E77: =ROUND(20*1.67,2) -> 33.4 | F77: =ROUND(0.62*D77+0.25*E77,2) -> 26.95
B78: E11B | C78: 5 | D78: =C78*6 -> 30 | E78: =ROUND(20*1.67,2) -> 33.4 | F78: =ROUND(0.62*D78+0.25*E78,2) -> 26.95
B79: E12A | C79: 5 | D79: =C79*6 -> 30 | E79: =ROUND(20*1.67,2) -> 33.4 | F79: =ROUND(0.62*D79+0.25*E79,2) -> 26.95
B80: E12B | C80: 5 | D80: =C80*6 -> 30 | E80: =ROUND(20*1.67,2) -> 33.4 | F80: =ROUND(0.62*D80+0.25*E80,2) -> 26.95
B81: E13A | C81: 5 | D81: =C81*6 -> 30 | E81: =ROUND(20*1.67,2) -> 33.4 | F81: =ROUND(0.62*D81+0.25*E81,2) -> 26.95
B82: E13B | C82: 5 | D82: =C82*6 -> 30 | E82: =ROUND(20*1.67,2) -> 33.4 | F82: =ROUND(0.62*D82+0.25*E82,2) -> 26.95
... B97: E22 | C97: 5 | D97: =C97*6 -> 30 | E97: =ROUND(20*1.67,2) -> 33.4 | F97: =ROUND(0.62*D97+0.25*E97,2) -> 26.95
B98: E23 | C98: 3 | D98: =C98*6 -> 18 | E98: =ROUND(15*1.67,2) -> 25.05 | F98: =ROUND(0.62*D98+0.25*E98,2) -> 17.42
B99: E24 | C99: 5 | D99: =C99*6 -> 30 | E99: =ROUND(20*1.67,2) -> 33.4 | F99: =ROUND(0.62*D99+0.25*E99,2) -> 26.95
B100: E25A | C100: 5 | D100: =C100*6 -> 30 | E100: =ROUND(20*1.67,2) -> 33.4 | F100: =ROUND(0.62*D100+0.25*E100,2) -> 26.95
B101: E25B | C101: 5 | D101: =C101*6 -> 30 | E101: =ROUND(20*1.67,2) -> 33.4 | F101: =ROUND(0.62*D101+0.25*E101,2) -> 26.95
B102: E26A | C102: 5 | D102: =C102*6 -> 30 | E102: =ROUND(20*1.67,2) -> 33.4 | F102: =ROUND(0.62*D102+0.25*E102,2) -> 26.95
B103: E26B | C103: 5 | D103: =C103*6 -> 30 | E103: =ROUND(20*1.67,2) -> 33.4 | F103: =ROUND(0.62*D103+0.25*E103,2) -> 26.95
B104: E27A | C104: 5 | D104: =C104*6 -> 30 | E104: =ROUND(20*1.67,2) -> 33.4 | F104: =ROUND(0.62*D104+0.25*E104,2) -> 26.95
B105: E27B | C105: 5 | D105: =C105*6 -> 30 | E105: =ROUND(20*1.67,2) -> 33.4 | F105: =ROUND(0.62*D105+0.25*E105,2) -> 26.95
B106: E28A | C106: 5 | D106: =C106*6 -> 30 | E106: =ROUND(20*1.67,2) -> 33.4 | F106: =ROUND(0.62*D106+0.25*E106,2) -> 26.95
B107: E28B | C107: 5 | D107: =C107*6 -> 30 | E107: =ROUND(20*1.67,2) -> 33.4 | F107: =ROUND(0.62*D107+0.25*E107,2) -> 26.95
B108: E29 | C108: 5 | D108: =C108*6 -> 30 | E108: =ROUND(20*1.67,2) -> 33.4 | F108: =ROUND(0.62*D108+0.25*E108,2) -> 26.95
B109: E30 | C109: 5 | D109: =C109*6 -> 30 | E109: =ROUND(20*1.67,2) -> 33.4 | F109: =ROUND(0.62*D109+0.25*E109,2) -> 26.95
B110: E31 | C110: 5 | D110: =C110*6 -> 30 | E110: =ROUND(20*1.67,2) -> 33.4 | F110: =ROUND(0.62*D110+0.25*E110,2) -> 26.95
... B141: E602 | C141: 5 | D141: =C141*6 -> 30 | E141: =ROUND(20*1.67,2) -> 33.4 | F141: =ROUND(0.62*D141+0.25*E141,2) -> 26.95
B142: TOTAL | C142: =SUM(C60:C141) -> 408 | D142: =SUM(D60:D141) -> 2448 | E142: =SUM(E60:E141) -> 2730.45 | F142: =SUM(F60:F141) -> 2200.37

Sheet GARAGEM F.
B2: BLOCOS DE COROAMENTO | L2: ESTACAS ϕ 30 cm | R2: PILARES DA GARAGEM | AA2: ALVENARIA DOS CANTEIROS
B3: Elemento | C3: Comp. [m] | D3: Largura [m] | E3: Altura [m] | F3: Formas [m²] | G3: Lastro 5 cm [m³] | H3: Concreto [m³] | I3: Taxa Aço [kg/m³] | J3: Aço CA-50 [kg] | L3: Elemento | M3: Comp. [m] | N3: Arm. φ10 mm [m] | O3: Estr. φ6,3 mm [m] | P3: CA-50 [kg] | R3: Elemento | S3: Comp. [m] | T3: Largura [m] | U3: Altura [m] | V3: Formas [m²] | W3: Concreto [m³] | X3: Taxa Aço [kg/m³] | Y3: Aço CA-50 [kg] | AA3: Elemento | AB3: Comp. [m] | AC3: Altura [m] | AD3: Área [m²]
B4: B101 | C4: 0.5 | D4: 0.5 | E4: 0.5 | F4: =ROUND(2*C4*E4+2*D4*E4,2) -> 1 | G4: =ROUND(0.05*C4*D4,2) -> 0.01 | H4: =ROUND(C4*D4*E4,2) -> 0.13 | I4: 80 | J4: =ROUND(H4*I4,2) -> 10.4 | L4: E101 | M4: 3 | N4: =M4*6 -> 18 | O4: =ROUND(20*1.67,2) -> 33.4 | P4: =ROUND(0.62*N4+0.25*O4,2) -> 19.51 | R4: Pilar PG1 | S4: 0.5 | T4: 0.2 | U4: 2.8 | V4: =ROUND((2*S4+2*T4)*U4,2) -> 3.92 | W4: =ROUND(S4*T4*U4,2) -> 0.28 | X4: 75 | Y4: =ROUND(W4*X4,2) -> 21 | AA4: Canteiro C1 | AB4: 1.8 | AC4: 0.6 | AD4: =ROUND(AB4*AC4,2) -> 1.08
B5: B102 | C5: 0.5 | D5: 0.5 | E5: =$E$4 -> 0.5 | F5: =ROUND(2*C5*E5+2*D5*E5,2) -> 1 | G5: =ROUND(0.05*C5*D5,2) -> 0.01 | H5: =ROUND(C5*D5*E5,2) -> 0.13 | I5: =$I$4 -> 80 | J5: =ROUND(H5*I5,2) -> 10.4 | L5: E102 | M5: 3 | N5: =M5*6 -> 18 | O5: =ROUND(15*1.67,2) -> 25.05 | P5: =ROUND(0.62*N5+0.25*O5,2) -> 17.42 | R5: Pilar PG2 | S5: 0.5 | T5: 0.2 | U5: 2.8 | V5: =ROUND((2*S5+2*T5)*U5,2) -> 3.92 | W5: =ROUND(S5*T5*U5,2) -> 0.28 | X5: 75 | Y5: =ROUND(W5*X5,2) -> 21 | AA5: Canteiro C3 | AB5: 1.8 | AC5: 0.6 | AD5: =ROUND(AB5*AC5,2) -> 1.08
B6: B103 | C6: 0.5 | D6: 0.5 | E6: =$E$4 -> 0.5 | F6: =ROUND(2*C6*E6+2*D6*E6,2) -> 1 | G6: =ROUND(0.05*C6*D6,2) -> 0.01 | H6: =ROUND(C6*D6*E6,2) -> 0.13 | I6: =$I$4 -> 80 | J6: =ROUND(H6*I6,2) -> 10.4 | L6: E103 | M6: 3 | N6: =M6*6 -> 18 | O6: =ROUND(15*1.67,2) -> 25.05 | P6: =ROUND(0.62*N6+0.25*O6,2) -> 17.42 | R6: Pilar PG3 | S6: 0.5 | T6: 0.2 | U6: 2.8 | V6: =ROUND((2*S6+2*T6)*U6,2) -> 3.92 | W6: =ROUND(S6*T6*U6,2) -> 0.28 | X6: 75 | Y6: =ROUND(W6*X6,2) -> 21 | AA6: Canteiro C4 | AB6: 1.8 | AC6: 0.6 | AD6: =ROUND(AB6*AC6,2) -> 1.08
B7: B104 | C7: 0.5 | D7: 0.5 | E7: =$E$4 -> 0.5 | F7: =ROUND(2*C7*E7+2*D7*E7,2) -> 1 | G7: =ROUND(0.05*C7*D7,2) -> 0.01 | H7: =ROUND(C7*D7*E7,2) -> 0.13 | I7: =$I$4 -> 80 | J7: =ROUND(H7*I7,2) -> 10.4 | L7: E104 | M7: 3 | N7: =M7*6 -> 18 | O7: =ROUND(15*1.67,2) -> 25.05 | P7: =ROUND(0.62*N7+0.25*O7,2) -> 17.42 | R7: Pilar PG4 | S7: 0.5 | T7: 0.2 | U7: 2.8 | V7: =ROUND((2*S7+2*T7)*U7,2) -> 3.92 | W7: =ROUND(S7*T7*U7,2) -> 0.28 | X7: 75 | Y7: =ROUND(W7*X7,2) -> 21 | AA7: Canteiro C6 | AB7: 1.8 | AC7: 0.5 | AD7: =ROUND(AB7*AC7,2) -> 0.9
B8: B105 | C8: 0.5 | D8: 0.5 | E8: 0.5 | F8: =ROUND(2*C8*E8+2*D8*E8,2) -> 1 | G8: =ROUND(0.05*C8*D8,2) -> 0.01 | H8: =ROUND(C8*D8*E8,2) -> 0.13 | I8: =$I$4 -> 80 | J8: =ROUND(H8*I8,2) -> 10.4 | L8: E105 | M8: 3 | N8: =M8*6 -> 18 | O8: =ROUND(15*1.67,2) -> 25.05 | P8: =ROUND(0.62*N8+0.25*O8,2) -> 17.42 | R8: Pilar PG5 | S8: 0.5 | T8: 0.2 | U8: 2.8 | V8: =ROUND((2*S8+2*T8)*U8,2) -> 3.92 | W8: =ROUND(S8*T8*U8,2) -> 0.28 | X8: 75 | Y8: =ROUND(W8*X8,2) -> 21 | AA8: Canteiro C8 | AB8: 1.3 | AC8: 0.5 | AD8: =ROUND(AB8*AC8,2) -> 0.65
B9: B106 | C9: 0.5 | D9: 0.5 | E9: 0.5 | F9: =ROUND(2*C9*E9+2*D9*E9,2) -> 1 | G9: =ROUND(0.05*C9*D9,2) -> 0.01 | H9: =ROUND(C9*D9*E9,2) -> 0.13 | I9: =$I$4 -> 80 | J9: =ROUND(H9*I9,2) -> 10.4 | L9: E106 | M9: 3 | N9: =M9*6 -> 18 | O9: =ROUND(15*1.67,2) -> 25.05 | P9: =ROUND(0.62*N9+0.25*O9,2) -> 17.42 | R9: Pilar PG6 | S9: 0.5 | T9: 0.2 | U9: 2.8 | V9: =ROUND((2*S9+2*T9)*U9,2) -> 3.92 | W9: =ROUND(S9*T9*U9,2) -> 0.28 | X9: 75 | Y9: =ROUND(W9*X9,2) -> 21 | AA9: TOTAL | AD9: =SUM(AD4:AD8) -> 4.79
B10: TOTAL | F10: =SUM(F4:F9) -> 6 | G10: =SUM(G4:G9) -> 0.06 | H10: =SUM(H4:H9) -> 0.78 | J10: =SUM(J4:J9) -> 62.4 | L10: TOTAL | M10: =SUM(M4:M9) -> 18 | N10: =SUM(N4:N9) -> 108 | O10: =SUM(O4:O9) -> 158.65 | P10: =SUM(P4:P9) -> 106.61 | R10: TOTAL | V10: =SUM(V4:V9) -> 23.52 | W10: =SUM(W4:W9) -> 1.68 | Y10: =SUM(Y4:Y9) -> 126
AA13: GUIA DE CONCRETO DOS CANTEIROS
AA14: Elemento | AB14: Comp. [m]
AA15: Guia 1 | AB15: 15.7
AA16: Guia 2 | AB16: 3.1
AA17: Guia 3 | AB17: 2.17
AA18: Guia 4 | AB18: =4.35+0.45 -> 4.8
AA19: TOTAL | AB19: =SUM(AB15:AB18) -> 25.77

Sheet PAGINAÇÃO
B2: ALVENARIA ESTRUTURAL - Família M20 | G2: GRAUTEAMENTO - Família M20
B3: Local | C3: Perímetro [m] | D3: Altura [m] | E3: Alvenaria [m²] | G3: Local | H3: Quant. [un] | I3: Área Unit. [m²] | J3: Comp. [m] | K3: Graute [m³]
B4: Parede Par 1 | C4: =0.39+0.39+3.71 -> 4.49 | D4: 2.8 | E4: =ROUND(C4*D4,2) -> 12.57 | G4: Parede Par 1 (Vertical) | H4: 10 | I4: 0.0219 | J4: 2.2 | K4: =ROUND(H4*I4*J4,2) -> 0.48
B5: Parede Par 2 | C5: =3.69+0.1 -> 3.79 | D5: 2.8 | E5: =ROUND(C5*D5,2) -> 10.61 | G5: Parede Par 1 (Vertical) | H5: 4 | I5: 0.0219 | J5: 2.8 | K5: =ROUND(H5*I5*J5,2) -> 0.25
B6: Parede Par 11 e Par 111 | C6: AutoCAD | D6: AutoCAD | E6: =22.69+9.33+4.25 -> 36.27 | G6: Parede Par 1 (Horizontal) | H6: 3 | I6: 0.023 | J6: 4.07 | K6: =ROUND(H6*I6*J6,2) -> 0.28
B7: Parede Par 13 | C7: AutoCAD | D7: AutoCAD | E7: =16.5-2.83+10.43+8.9 -> 33 | G7: Parede Par 2 (Vertical) | H7: 9 | I7: 0.0219 | J7: 2.2 | K7: =ROUND(H7*I7*J7,2) -> 0.43
B8: Parede Par 17 e Par 117 | C8: AutoCAD | D8: AutoCAD | E8: =48.27-2.83+14.48+4.58 -> 64.5 | G8: Parede Par 2 (Vertical) | H8: 9 | I8: 0.0219 | J8: 1.4 | K8: =ROUND(H8*I8*J8,2) -> 0.28
B9: Parede Par 20 | C9: AutoCAD | D9: AutoCAD | E9: 7.96 | G9: Parede Par 2 (Horizontal) | H9: 2 | I9: 0.023 | J9: 3.69 | K9: =ROUND(H9*I9*J9,2) -> 0.17
B10: Parede Par 21 e Par 121 | C10: AutoCAD | D10: AutoCAD | E10: =(64.29-2.45-2.44)+(27.72-2.91-2.64) -> 81.57 | G10: Parede Par 2 (Horizontal) | H10: 1 | I10: 0.023 | J10: 5 | K10: =ROUND(H10*I10*J10,2) -> 0.12
B11: TOTAL | E11: =SUM(E4:E10) -> 246.48 | G11: Parede Par 11 (Vertical) | H11: 39 | I11: 0.0219 | J11: 2.2 | K11: =ROUND(H11*I11*J11,2) -> 1.88
G12: Parede Par 11 (Horizontal) | H12: 1 | I12: 0.023 | J12: 8.9 | K12: =ROUND(H12*I12*J12,2) -> 0.2
G13: Parede Par 11 (Horizontal) | H13: 1 | I13: 0.023 | J13: 1.39 | K13: =ROUND(H13*I13*J13,2) -> 0.03
G14: Parede Par 11 (Horizontal) | H14: 2 | I14: 0.023 | J14: 3.7 | K14: =ROUND(H14*I14*J14,2) -> 0.17
G15: Parede Par 11 (Horizontal) | H15: 2 | I15: 0.023 | J15: 4.19 | K15: =ROUND(H15*I15*J15,2) -> 0.19
G16: Parede Par 111 (Vertical) | H16: 6 | I16: 0.0219 | J16: 2.2 | K16: =ROUND(H16*I16*J16,2) -> 0.29
G17: Parede Par 111 (Horizontal) | H17: 2 | I17: 0.023 | J17: 3.59 | K17: =ROUND(H17*I17*J17,2) -> 0.17
G18: Platibanda 111 (Vertical) | H18: 4 | I18: 0.0219 | J18: =ROUND((0.2+0.8+1.4+1.6)/4,2) -> 1 | K18: =ROUND(H18*I18*J18,2) -> 0.09
G19: Platibanda 111 (Horizontal) | H19: 1 | I19: 0.023 | J19: =2.19+0.45 -> 2.64 | K19: =ROUND(H19*I19*J19,2) -> 0.06
G20: Parede Par 13 (Vertical) | H20: 18 | I20: 0.0219 | J20: 2.2 | K20: =ROUND(H20*I20*J20,2) -> 0.87
G21: Parede Par 13 (Vertical) | H21: 15 | I21: 0.0219 | J21: 0.2 | K21: =ROUND(H21*I21*J21,2) -> 0.07
G22: Parede Par 13 (Vertical) | H22: 10 | I22: 0.0219 | J22: 0.6 | K22: =ROUND(H22*I22*J22,2) -> 0.13
G23: Parede Par 13 (Horizontal) | H23: 1 | I23: 0.023 | J23: 6.61 | K23: =ROUND(H23*I23*J23,2) -> 0.15
G24: Parede Par 13 (Horizontal) | H24: 1 | I24: 0.023 | J24: 1.15 | K24: =ROUND(H24*I24*J24,2) -> 0.03
G25: Parede Par 13 (Horizontal) | H25: 2 | I25: 0.023 | J25: 2.44 | K25: =ROUND(H25*I25*J25,2) -> 0.11
G26: Parede Par 13 (Horizontal) | H26: 2 | I26: 0.023 | J26: 2 | K26: =ROUND(H26*I26*J26,2) -> 0.09
G27: Parede Par 13 (Horizontal) | H27: 2 | I27: 0.023 | J27: 1.64 | K27: =ROUND(H27*I27*J27,2) -> 0.08
G28: Parede Par 113 (Vertical) | H28: 4 | I28: 0.0219 | J28: 2.2 | K28: =ROUND(H28*I28*J28,2) -> 0.19
G29: Parede Par 113 (Vertical) | H29: 20 | I29: 0.0219 | J29: 1.2 | K29: =ROUND(H29*I29*J29,2) -> 0.53
G30: Parede Par 113 (Vertical) | H30: 3 | I30: 0.0122 | J30: 1.2 | K30: =ROUND(H30*I30*J30,2) -> 0.04
G31: Parede Par 17 (Vertical) | H31: 9 | I31: 0.0219 | J31: 2.2 | K31: =ROUND(H31*I31*J31,2) -> 0.43
... G49: Parede Par 121 (Horizontal) | H49: 2 | I49: 0.023 | J49: 8.3 | K49: =ROUND(H49*I49*J49,2) -> 0.38
G50: TOTAL | K50: =SUM(K4:K49) -> 17.91
K52: =K50+K150 -> 48.18
B55: ALVENARIA ESTRUTURAL - Família M15 | G55: GRAUTEAMENTO - Família M15
B56: Local | C56: Perímetro [m] | D56: Altura [m] | E56: Alvenaria [m²] | G56: Local | H56: Quant. [un] | I56: Área Unit. [m²] | J56: Comp. [m] | K56: Graute [m³]
B57: Parede Par 3 | C57: 3.9 | D57: 2.8 | E57: =ROUND(C57*D57,2) -> 10.92 | G57: Parede Par 3 (Vertical) | H57: 1 | I57: 0.079 | J57: 2.2 | K57: =ROUND(H57*I57*J57,2) -> 0.17
B58: Parede Par 4 | C58: =2.4+0.05+0.81 -> 3.26 | D58: 2.8 | E58: =ROUND(C58*D58,2) -> 9.13 | G58: Parede Par 3 (Vertical) | H58: 5 | I58: 0.014 | J58: 2.2 | K58: =ROUND(H58*I58*J58,2) -> 0.15
B59: Parede Par 5 | C59: =3.26+1.09+0.81+2 -> 7.16 | D59: 2.8 | E59: =ROUND(C59*D59,2) -> 20.05 | G59: Parede Par 3 (Horizontal) | H59: 3 | I59: 0.0148 | J59: 3.9 | K59: =ROUND(H59*I59*J59,2) -> 0.17
B60: Parede Par 6 | C60: 3.26 | D60: 2.8 | E60: =ROUND(C60*D60,2) -> 9.13 | G60: Parede Par 4 (Vertical) | H60: 2 | I60: 0.014 | J60: 2.2 | K60: =ROUND(H60*I60*J60,2) -> 0.06
B61: Parede Par 7 e Par 107 | C61: AutoCAD | D61: AutoCAD | E61: =9.13+0.96+10.53+6.17+14.73+8.66 -> 50.18 | G61: Parede Par 4 (Vertical) | H61: 1 | I61: 0.014 | J61: 2 | K61: =ROUND(H61*I61*J61,2) -> 0.03
B62: Parede Par 8 e Par 108 | C62: AutoCAD | D62: AutoCAD | E62: =9.13+0.96+10.53+8.84+8.67+4.37 -> 42.5 | G62: Parede Par 4 (Horizontal) | H62: 2 | I62: 0.0148 | J62: 2.4 | K62: =ROUND(H62*I62*J62,2) -> 0.07
B63: Parede Par 9 e Par 109 | C63: AutoCAD | D63: AutoCAD | E63: =7.25+8.74+9.48+4.54+4.37 -> 34.38 | G63: Parede Par 4 (Horizontal) | H63: 1 | I63: 0.0148 | J63: 1.19 | K63: =ROUND(H63*I63*J63,2) -> 0.02
B64: Parede Par 10 | C64: 3.26 | D64: 2.8 | E64: =ROUND(C64*D64,2) -> 9.13 | G64: Parede Par 4 (Horizontal) | H64: 1 | I64: 0.0148 | J64: 3.4 | K64: =ROUND(H64*I64*J64,2) -> 0.05
B65: Parede Par 12 | C65: 2.15 | D65: 2.8 | E65: =ROUND(C65*D65,2) -> 6.02 | G65: Parede Par 5 (Vertical) | H65: 7 | I65: 0.014 | J65: 2.2 | K65: =ROUND(H65*I65*J65,2) -> 0.22
B66: Parede Par 14 | C66: 2.15 | D66: 2.8 | E66: =ROUND(C66*D66,2) -> 6.02 | G66: Parede Par 5 (Vertical) | H66: 1 | I66: 0.079 | J66: 2 | K66: =ROUND(H66*I66*J66,2) -> 0.16
B67: Parede Par 15 | C67: AutoCAD | D67: AutoCAD | E67: =11.97-3.25 -> 8.72 | G67: Parede Par 5 (Vertical) | H67: 2 | I67: 0.014 | J67: 2 | K67: =ROUND(H67*I67*J67,2) -> 0.06
B68: Parede Par 16 e Par 116 | C68: 3.59 | D68: 4.8 | E68: =ROUND(C68*D68,2) -> 17.23 | G68: Parede Par 5 (Horizontal) | H68: 2 | I68: 0.0148 | J68: 3.26 | K68: =ROUND(H68*I68*J68,2) -> 0.1
B69: Parede Par 17 e Par 117 | C69: AutoCAD | D69: AutoCAD | E69: =16.38+15.85-2.03-2.83+4.16 -> 31.53 | G69: Parede Par 5 (Horizontal) | H69: 2 | I69: 0.0148 | J69: 1.09 | K69: =ROUND(H69*I69*J69,2) -> 0.03
B70: Parede Par 18 | C70: AutoCAD | D70: AutoCAD | E70: 10.65 | G70: Parede Par 5 (Horizontal) | H70: 2 | I70: 0.0148 | J70: 2 | K70: =ROUND(H70*I70*J70,2) -> 0.06
B71: Parede Par 19 e Par 119 | C71: AutoCAD | D71: AutoCAD | E71: =5.78+1.19+47.2+21.47+3.84+9.69+22.95+13.05 -> 125.17 | G71: Parede Par 5 (Horizontal) | H71: 1 | I71: 0.0148 | J71: 1.55 | K71: =ROUND(H71*I71*J71,2) -> 0.02
B72: Parede Par 20 | C72: AutoCAD | D72: AutoCAD | E72: 33.25 | G72: Parede Par 5 (Horizontal) | H72: 1 | I72: 0.0148 | J72: 1.19 | K72: =ROUND(H72*I72*J72,2) -> 0.02
B73: TOTAL | E73: =SUM(E57:E72) -> 424.01 | G73: Parede Par 5 (Horizontal) | H73: 1 | I73: 0.0148 | J73: 8.9 | K73: =ROUND(H73*I73*J73,2) -> 0.13
G74: Parede Par 6 (Vertical) | H74: 2 | I74: 0.014 | J74: 2.2 | K74: =ROUND(H74*I74*J74,2) -> 0.06
G75: Parede Par 6 (Vertical) | H75: 1 | I75: 0.014 | J75: 2 | K75: =ROUND(H75*I75*J75,2) -> 0.03
G76: Parede Par 6 (Horizontal) | H76: 1 | I76: 0.0148 | J76: 3.4 | K76: =ROUND(H76*I76*J76,2) -> 0.05
G77: Parede Par 6 (Horizontal) | H77: 1 | I77: 0.0148 | J77: 1.19 | K77: =ROUND(H77*I77*J77,2) -> 0.02
G78: Parede Par 6 (Horizontal) | H78: 2 | I78: 0.0148 | J78: 2.4 | K78: =ROUND(H78*I78*J78,2) -> 0.07
G79: Parede Par 7 (Vertical) | H79: 10 | I79: 0.014 | J79: 2.2 | K79: =ROUND(H79*I79*J79,2) -> 0.31
G80: Parede Par 7 (Vertical) | H80: 1 | I80: 0.079 | J80: 2.2 | K80: =ROUND(H80*I80*J80,2) -> 0.17
G81: Parede Par 7 (Horizontal) | H81: 1 | I81: 0.0148 | J81: 8.24 | K81: =ROUND(H81*I81*J81,2) -> 0.12
G82: Parede Par 7 (Horizontal) | H82: 1 | I82: 0.0148 | J82: 1.19 | K82: =ROUND(H82*I82*J82,2) -> 0.02
G83: Parede Par 7 (Horizontal) | H83: 2 | I83: 0.0148 | J83: 3.45 | K83: =ROUND(H83*I83*J83,2) -> 0.1
G84: Parede Par 7 (Horizontal) | H84: 2 | I84: 0.0148 | J84: 4.01 | K84: =ROUND(H84*I84*J84,2) -> 0.12
G85: Parede Par 117 (Vertical) | H85: 8 | I85: 0.014 | J85: 2.2 | K85: =ROUND(H85*I85*J85,2) -> 0.25
G86: Parede Par 117 (Vertical) | H86: 3 | I86: 0.014 | J86: 1.4 | K86: =ROUND(H86*I86*J86,2) -> 0.06
G87: Platibanda 117 (Vertical) | H87: 7 | I87: 0.014 | J87: =ROUND((2.6+2+2+1.6+1.2+0.8+0.8)/7,1) -> 1.6 | K87: =ROUND(H87*I87*J87,2) -> 0.16
G88: Parede Par 117 (Horizontal) | H88: 1 | I88: 0.0148 | J88: 5.46 | K88: =ROUND(H88*I88*J88,2) -> 0.08
G89: Parede Par 117 (Horizontal) | H89: 1 | I89: 0.0148 | J89: 7.31 | K89: =ROUND(H89*I89*J89,2) -> 0.11
G90: Parede Par 117 (Horizontal) | H90: 1 | I90: 0.0148 | J90: 8.52 | K90: =ROUND(H90*I90*J90,2) -> 0.13
G91: Platibanda 117 (Horizontal) | H91: 1 | I91: 0.0148 | J91: 2.2 | K91: =ROUND(H91*I91*J91,2) -> 0.03
G92: Platibanda 117 (Horizontal) | H92: 1 | I92: 0.0148 | J92: 4 | K92: =ROUND(H92*I92*J92,2) -> 0.06
G93: Parede Par 8 (Vertical) | H93: 5 | I93: 0.014 | J93: 2.2 | K93: =ROUND(H93*I93*J93,2) -> 0.15
G94: Parede Par 8 (Vertical) | H94: 1 | I94: 0.079 | J94: 2.2 | K94: =ROUND(H94*I94*J94,2) -> 0.17
G95: Parede Par 8 (Horizontal) | H95: 1 | I95: 0.0148 | J95: 5.12 | K95: =ROUND(H95*I95*J95,2) -> 0.08
G96: Parede Par 8 (Horizontal) | H96: 2 | I96: 0.0148 | J96: 3.76 | K96: =ROUND(H96*I96*J96,2) -> 0.11
G97: Parede Par 118 (Vertical) | H97: 7 | I97: 0.014 | J97: 2.2 | K97: =ROUND(H97*I97*J97,2) -> 0.22
G98: Parede Par 118 (Vertical) | H98: 1 | I98: 0.079 | J98: 2.2 | K98: =ROUND(H98*I98*J98,2) -> 0.17
G99: Parede Par 118 (Horizontal) | H99: 2 | I99: 0.0148 | J99: =3.76+1.22 -> 4.98 | K99: =ROUND(H99*I99*J99,2) -> 0.15
G100: Parede Par 118 (Horizontal) | H100: 1 | I100: 0.0148 | J100: 3.76 | K100: =ROUND(H100*I100*J100,2) -> 0.06
G101: Platibanda 118 (Horizontal) | H101: 1 | I101: 0.0148 | J101: 2.2 | K101: =ROUND(H101*I101*J101,2) -> 0.03
G102: Platibanda 118 (Horizontal) | H102: 1 | I102: 0.0148 | J102: 4 | K102: =ROUND(H102*I102*J102,2) -> 0.06
G103: Platibanda 118 (Vertical) | H103: 6 | I103: 0.014 | J103: =ROUND((2.6+2+1.6+1.2+0.8+0.8)/6,2) -> 1.5 | K103: =ROUND(H103*I103*J103,2) -> 0.13
G104: Parede Par 9 (Vertical) | H104: 7 | I104: 0.014 | J104: 2.2 | K104: =ROUND(H104*I104*J104,2) -> 0.22
G105: Parede Par 9 (Horizontal) | H105: 1 | I105: 0.0148 | J105: =3.26+1.22+3.76 -> 8.24 | K105: =ROUND(H105*I105*J105,2) -> 0.12
G106: Parede Par 9 (Horizontal) | H106: 2 | I106: 0.0148 | J106: 1.05 | K106: =ROUND(H106*I106*J106,2) -> 0.03
G107: Parede Par 9 (Horizontal) | H107: 2 | I107: 1.0148 | J107: 2.4 | K107: =ROUND(H107*I107*J107,2) -> 4.87
G108: Parede Par 9 (Horizontal) | H108: 2 | I108: 2.0148 | J108: 2.95 | K108: =ROUND(H108*I108*J108,2) -> 11.89
G109: Parede Par 119 (Vertical) | H109: 4 | I109: 0.014 | J109: 2.2 | K109: =ROUND(H109*I109*J109,2) -> 0.12
G110: Parede Par 119 (Horizontal) | H110: 3 | I110: 0.014 | J110: 3.4 | K110: =ROUND(H110*I110*J110,2) -> 0.14
G111: Platibanda 119 (Vertical) | H111: 8 | I111: 0.014 | J111: =ROUND((0.4+0.8+1.4+2.6+2+1.6+0.8+0.4)/8,2) -> 1.25 | K111: =ROUND(H111*I111*J111,2) -> 0.14
G112: Platibanda 119 (Horizontal) | H112: 1 | I112: 0.0148 | J112: 6.2 | K112: =ROUND(H112*I112*J112,2) -> 0.09
G113: Platibanda 119 (Horizontal) | H113: 1 | I113: 0.0148 | J113: 2.8 | K113: =ROUND(H113*I113*J113,2) -> 0.04
G114: Parede Par 10 (Vertical) | H114: 4 | I114: 0.014 | J114: 2.2 | K114: =ROUND(H114*I114*J114,2) -> 0.12
G115: Parede Par 10 (Horizontal) | H115: 3 | I115: 0.0148 | J115: 3.26 | K115: =ROUND(H115*I115*J115,2) -> 0.14
G116: Parede Par 12 (Vertical) | H116: 4 | I116: 0.014 | J116: 2.2 | K116: =ROUND(H116*I116*J116,2) -> 0.12
G117: Parede Par 12 (Horizontal) | H117: 3 | I117: 0.0148 | J117: 2.15 | K117: =ROUND(H117*I117*J117,2) -> 0.1
G118: Parede Par 14 (Vertical) | H118: 4 | I118: 0.014 | J118: 2.2 | K118: =ROUND(H118*I118*J118,2) -> 0.12
G119: Parede Par 14 (Horizontal) | H119: 3 | I119: 0.0148 | J119: 2.15 | K119: =ROUND(H119*I119*J119,2) -> 0.1
G120: Parede Par 15 (Vertical) | H120: 11 | I120: 0.014 | J120: 2.2 | K120: =ROUND(H120*I120*J120,2) -> 0.34
G121: Parede Par 15 (Horizontal) | H121: 1 | I121: 0.0148 | J121: 5.45 | K121: =ROUND(H121*I121*J121,2) -> 0.08
...

Sheet REVESTIMENTOS
B2: PORCELANATO | G2: ARGAMASSA DE REGULARIZAÇÃO | L2: RODAPÉ
B3: Local | C3: Comp./Perímetro [m] | D3: Larg./Altura [m] | E3: Área [m²] | G3: Local | H3: Área [m²] | I3: Altura [m] | J3: Volume [m³] | L3: Local | M3: Perímetro [m]
B4: Área de Serviço (Piso) | C4: =1.2+4.8 -> 6 | D4: AutoCAD | E4: 6.04 | G4: Área de Serviço (Piso) | H4: =E4 -> 6.04 | I4: 0.02 | J4: =ROUND(H4*I4,2) -> 0.12 | L4: Área de Serviço | M4: =1.2+4.8 -> 6
B5: Área de Serviço (Paredes) | C5: =4.65+1.3 -> 5.95 | D5: 3 | E5: =ROUND(C5*D5,2) -> 17.85 | G5: Área de Serviço (Paredes) | H5: =E5 -> 17.85 | I5: 0.02 | J5: =ROUND(H5*I5,2) -> 0.36 | L5: Dormitório Masculino | M5: 14.2
B6: Dormitório Masculino | C6: AutoCAD | D6: AutoCAD | E6: 12.58 | G6: Dormitório Masculino | H6: =E6 -> 12.58 | I6: 0.02 | J6: =ROUND(H6*I6,2) -> 0.25 | L6: Dormitório Comandante | M6: 12.3
B7: Dormitório Comandante | C7: AutoCAD | D7: AutoCAD | E7: 9.42 | G7: Dormitório Comandante | H7: =E7 -> 9.42 | I7: 0.02 | J7: =ROUND(H7*I7,2) -> 0.19 | L7: Circulação 2 | M7: 20.8
B8: Circulação 2 | C8: AutoCAD | D8: AutoCAD | E8: 11.04 | G8: Circulação 2 | H8: =E8 -> 11.04 | I8: 0.02 | J8: =ROUND(H8*I8,2) -> 0.22 | L8: Dormitório Feminino | M8: 12.6
B9: Banheiro Masculino (Piso) | C9: AutoCAD | D9: AutoCAD | E9: 9 | G9: Banheiro Masculino (Piso) | H9: =E9 -> 9 | I9: 0.02 | J9: =ROUND(H9*I9,2) -> 0.18 | L9: Circulação 1 | M9: 17.4
B10: Banheiro Masculino (Paredes) | C10: 12.3 | D10: 3 | E10: =ROUND(C10*D10,2) -> 36.9 | G10: Banheiro Masculino (Paredes) | H10: =E10 -> 36.9 | I10: 0.02 | J10: =ROUND(H10*I10,2) -> 0.74 | L10: Arquivo 1 | M10: 11.16
B11: Banheiro Comandante (Piso) | C11: AutoCAD | D11: AutoCAD | E11: 4.55 | G11: Banheiro Comandante (Piso) | H11: =E11 -> 4.55 | I11: 0.02 | J11: =ROUND(H11*I11,2) -> 0.09 | L11: Despensa | M11: 9.3
B12: Banheiro Comandante (Paredes) | C12: 9.3 | D12: 3 | E12: =ROUND(C12*D12,2) -> 27.9 | G12: Banheiro Comandante (Paredes) | H12: =E12 -> 27.9 | I12: 0.02 | J12: =ROUND(H12*I12,2) -> 0.56 | L12: Sala de Comando | M12: 14.2
B13: Dormitório Feminino | C13: AutoCAD | D13: AutoCAD | E13: 9.91 | G13: Dormitório Feminino | H13: =E13 -> 9.91 | I13: 0.02 | J13: =ROUND(H13*I13,2) -> 0.2 | L13: Reserva de Armamento | M13: 10.1
B14: Vestiário Masculino (Piso) | C14: AutoCAD | D14: AutoCAD | E14: 17.25 | G14: Vestiário Masculino (Piso) | H14: =E14 -> 17.25 | I14: 0.02 | J14: =ROUND(H14*I14,2) -> 0.35 | L14: Recepção 1 | M14: 16.8
B15: Vestiário Masculino (Paredes) | C15: 16.7 | D15: 3 | E15: =ROUND(C15*D15,2) -> 50.1 | G15: Vestiário Masculino (Paredes) | H15: =E15 -> 50.1 | I15: 0.02 | J15: =ROUND(H15*I15,2) -> 1 | L15: Arquivo 2 | M15: 6.8
B16: Banheiro Feminino (Piso) | C16: AutoCAD | D16: AutoCAD | E16: 4.55 | G16: Banheiro Feminino (Piso) | H16: =E16 -> 4.55 | I16: 0.02 | J16: =ROUND(H16*I16,2) -> 0.09 | L16: Ante Câmara | M16: 7.3
B17: Banheiro Feminino (Paredes) | C17: 9.3 | D17: 3 | E17: =ROUND(C17*D17,2) -> 27.9 | G17: Banheiro Feminino (Paredes) | H17: =E17 -> 27.9 | I17: 0.02 | J17: =ROUND(H17*I17,2) -> 0.56 | L17: Recepção 2 | M17: =2+5.25 -> 7.25
B18: Refeitório (Piso) | C18: AutoCAD | D18: AutoCAD | E18: 13 | G18: Refeitório (Piso) | H18: =E18 -> 13 | I18: 0.02 | J18: =ROUND(H18*I18,2) -> 0.26 | L18: Varanda | M18: =5.3+1.5 -> 6.8
B19: Refeitório (Paredes) | C19: 14.5 | D19: 3 | E19: =ROUND(C19*D19,2) -> 43.5 | G19: Refeitório (Paredes) | H19: =E19 -> 43.5 | I19: 0.02 | J19: =ROUND(H19*I19,2) -> 0.87 | L19: SUBTOTAL 1 | M19: =SUBTOTAL(9,M4:M18) -> 173.01
B20: Circulação 1 | C20: AutoCAD | D20: AutoCAD | E20: 9 | G20: Circulação 1 | H20: =E20 -> 9 | I20: 0.02 | J20: =ROUND(H20*I20,2) -> 0.18 | L20: PISO SUPERIOR
B21: Arquivo 1 | C21: AutoCAD | D21: AutoCAD | E21: 6.86 | G21: Arquivo 1 | H21: =E21 -> 6.86 | I21: 0.02 | J21: =ROUND(H21*I21,2) -> 0.14 | L21: Sala de Reunião | M21: 25.26
B22: Despensa | C22: AutoCAD | D22: AutoCAD | E22: 4.55 | G22: Despensa | H22: =E22 -> 4.55 | I22: 0.02 | J22: =ROUND(H22*I22,2) -> 0.09 | L22: Depósito de Evidências Criminais | M22: 17.98
B23: Sala de Comando | C23: AutoCAD | D23: AutoCAD | E23: 12.56 | G23: Sala de Comando | H23: =E23 -> 12.56 | I23: 0.02 | J23: =ROUND(H23*I23,2) -> 0.25 | L23: Hall da Escada | M23: 2.62
B24: Reserva de Armamento | C24: AutoCAD | D24: AutoCAD | E24: 5.85 | G24: Reserva de Armamento | H24: =E24 -> 5.85 | I24: 0.02 | J24: =ROUND(H24*I24,2) -> 0.12 | L24: SUBTOTAL 2 | M24: =SUBTOTAL(9,M21:M23) -> 45.86
B25: Recepção 1 | C25: AutoCAD | D25: AutoCAD | E25: 12.8 | G25: Recepção 1 | H25: =E25 -> 12.8 | I25: 0.02 | J25: =ROUND(H25*I25,2) -> 0.26 | L25: TOTAL | M25: =M19+M24 -> 218.87
B26: Arquivo 2 | C26: AutoCAD | D26: AutoCAD | E26: 2.8 | G26: Arquivo 2 | H26: =E26 -> 2.8 | I26: 0.02 | J26: =ROUND(H26*I26,2) -> 0.06
B27: Sanitário Masculino 1 (Piso) | C27: AutoCAD | D27: AutoCAD | E27: 4 | G27: Sanitário Masculino 1 (Piso) | H27: =E27 -> 4 | I27: 0.02 | J27: =ROUND(H27*I27,2) -> 0.08
B28: Sanitário Masculino 1 (Paredes) | C28: 8 | D28: 3 | E28: =ROUND(C28*D28,2) -> 24 | G28: Sanitário Masculino 1 (Paredes) | H28: =E28 -> 24 | I28: 0.02 | J28: =ROUND(H28*I28,2) -> 0.48
B29: Sanitário Feminino 1 (Piso) | C29: AutoCAD | D29: AutoCAD | E29: 4 | G29: Sanitário Feminino 1 (Piso) | H29: =E29 -> 4 | I29: 0.02 | J29: =ROUND(H29*I29,2) -> 0.08
B30: Sanitário Feminino 1 (Paredes) | C30: 8 | D30: 3 | E30: =ROUND(C30*D30,2) -> 24 | G30: Sanitário Feminino 1 (Paredes) | H30: =E30 -> 24 | I30: 0.02 | J30: =ROUND(H30*I30,2) -> 0.48
B31: Ante Câmara | C31: AutoCAD | D31: AutoCAD | E31: 4.03 | G31: Ante Câmara | H31: =E31 -> 4.03 | I31: 0.02 | J31: =ROUND(H31*I31,2) -> 0.08
B32: Recepção 2 (Piso) | C32: AutoCAD | D32: AutoCAD | E32: 10.5 | G32: Recepção 2 (Piso) | H32: =E32 -> 10.5 | I32: 0.02 | J32: =ROUND(H32*I32,2) -> 0.21
B33: Recepção 2 (Parede Frontal) | C33: 6.4 | D33: 3 | E33: =ROUND(C33*D33,2) -> 19.2 | G33: Recepção 2 (Parede Frontal) | H33: =E33 -> 19.2 | I33: 0.02 | J33: =ROUND(H33*I33,2) -> 0.38
B34: SUBTOTAL TÉRREO | E34: =SUM(E4:E33) -> 445.64 | G34: SUBTOTAL TÉRREO | J34: =SUM(J4:J33) -> 8.93
B35: PISO SUPERIOR | G35: PISO SUPERIOR
B36: Local | C36: Comp./Perímetro [m] | D36: Larg./Altura [m] | E36: Área [m²] | G36: Local | H36: Área [m²] | I36: Altura [m] | J36: Volume [m³]
B37: Hall da Escada (Piso) | C37: AutoCAD | D37: AutoCAD | E37: 6.04 | G37: Hall da Escada (Piso) | H37: =E37 -> 6.04 | I37: 0.02 | J37: =ROUND(H37*I37,2) -> 0.12
B38: Hall da Escada (Paredes) | C38: 2.03 | D38: 4 | E38: =ROUND(C38*D38,2) -> 8.12 | G38: Hall da Escada (Paredes) | H38: =E38 -> 8.12 | I38: 0.02 | J38: =ROUND(H38*I38,2) -> 0.16
B39: Sala de Reunião | C39: 7.51 | D39: 5.12 | E39: =ROUND(C39*D39,2) -> 38.45 | G39: Sala de Reunião | H39: =E39 -> 38.45 | I39: 0.02 | J39: =ROUND(H39*I39,2) -> 0.77
B40: Sanitários Piso Superior (Piso) | C40: 3.36 | D40: 3.26 | E40: =ROUND(C40*D40,2) -> 10.95 | G40: Sanitários Piso Superior (Piso) | H40: =E40 -> 10.95 | I40: 0.02 | J40: =ROUND(H40*I40,2) -> 0.22
B41: Sanitário Masculino 2 (Paredes) | C41: 10.44 | D41: 3 | E41: =ROUND(C41*D41,2) -> 31.32 | G41: Sanitário Masculino 2 (Paredes) | H41: =E41 -> 31.32 | I41: 0.02 | J41: =ROUND(H41*I41,2) -> 0.63
B42: Sanitário Feminino 2 (Paredes) | C42: 6.52 | D42: 3 | E42: =ROUND(C42*D42,2) -> 19.56 | G42: Sanitário Feminino 2 (Paredes) | H42: =E42 -> 19.56 | I42: 0.02 | J42: =ROUND(H42*I42,2) -> 0.39
B43: Depósito Evidências Criminais (Piso) | C43: 5.7 | D43: 3.29 | E43: =ROUNDUP(C43*D43,2) -> 18.76 | G43: Depósito Evidências Criminais (Piso) | H43: =E43 -> 18.76 | I43: 0.02 | J43: =ROUNDUP(H43*I43,2) -> 0.38
B44: SUBTOTAL PISO SUPERIOR | E44: =SUM(E37:E43) -> 133.2 | G44: SUBTOTAL PISO SUPERIOR | J44: =SUM(J37:J43) -> 2.67
B45: TOTAL | E45: =E34+E44 -> 578.84 | G45: TOTAL | J45: =J34+J44 -> 11.6
B47: PORCELANATO TÉCNICO NATURAL
B48: Local | C48: Perímetro [m] | D48: Altura [m] | E48: Área [m²]
B49: Fachada Frontal | C49: 5.6 | D49: 5.2 | E49: =ROUND(C49*D49,2) -> 29.12
B50: Pilares | C50: =1.36+1.54+1.32+0.68 -> 4.9 | D50: 3 | E50: =ROUND(C50*D50,2) -> 14.7
B51: TOTAL | E51: =E40+E50 -> 25.65
L54: SOLEIRAS EM GRANITO E = 2 cm | O54: PINTURA LÁTEX | T54: PINTURA ACRÍLICA
L55: Local | M55: Comprim. [m] | O55: Local | P55: Comp./Perímetro [m] | Q55: Larg./Altura [m] | R55: Área [m²] | T55: Local | U55: Perímetro [m] | V55: Altura [m] | W55: Área [m²]
L56: Área de Serviço | M56: =1.2+1.35+2.8 -> 5.35 | O56: Dormitório Comandante (Teto) | P56: 3.25 | Q56: 2.9 | R56: =ROUNDDOWN(P56*Q56,2) -> 9.42 | T56: Piso Inferior | U56: 68.3 | V56: 3.2 | W56: =ROUNDDOWN(U56*V56,2) -> 218.56
L57: Dormitório do Comandante | M57: 0.8 | O57: Dormitório Comandante (Paredes) | P57: =3.25*2+2.9*2 -> 12.3 | Q57: 3 | R57: =ROUNDDOWN(P57*Q57,2) -> 36.9 | T57: Piso Superior | U57: 41.59 | V57: 3.2 | W57: =ROUNDDOWN(U57*V57,2) -> 133.08
L58: Banheiro do Comandante | M58: 0.8 | O58: Dormitório Masculino (Teto) | P58: 3.7 | Q58: 3.4 | R58: =ROUNDDOWN(P58*Q58,2) -> 12.58 | T58: Platibanda 107 | U58: AutoCAD | V58: AutoCAD | W58: 9.96
L59: Dormitório Masculino | M59: 0.8 | O59: Dormitório Masculino (Paredes) | P59: 14.2 | Q59: 3 | R59: =ROUNDDOWN(P59*Q59,2) -> 42.6 | T59: Platibanda 109 | U59: AutoCAD | V59: AutoCAD | W59: 4.43
L60: Circulação 2 | M60: 1.9 | O60: Banheiro Comandante (Teto) | P60: 3.25 | Q60: 1.4 | R60: =ROUNDDOWN(P60*Q60,2) -> 4.55 | T60: Platibanda 103 | U60: AutoCAD | V60: AutoCAD | W60: 9.96
L61: Banheiro Masculino | M61: 0.8 | O61: Banheiro Masculino (Teto) | P61: 3.75 | Q61: 2.4 | R61: =ROUNDDOWN(P61*Q61,2) -> 9 | T61: Platibanda 117 | U61: AutoCAD | V61: AutoCAD | W61: 5.45
L62: Vestiário Masculino | M62: 0.8 | O62: Vestiário Masculino (Teto) | P62: 4.6 | Q62: 3.75 | R62: =ROUNDDOWN(P62*Q62,2) -> 17.25 | T62: Platibanda 119 | U62: AutoCAD | V62: AutoCAD | W62: =14.8+17.8 -> 32.6
L63: Dormitório Feminino | M63: 0.8 | O63: Dormitório Feminino (Teto) | P63: 3.25 | Q63: 3.05 | R63: =ROUNDDOWN(P63*Q63,2) -> 9.91 | T63: Muro Divisa Direita* | U63: =2*30.5 -> 61 | V63: 2.8 | W63: =ROUNDDOWN(U63*V63,2) -> 170.8
L64: Banheiro Feminino | M64: 0.8 | O64: Dormitório Feminino (Paredes) | P64: 12.6 | Q64: 3 | R64: =ROUNDDOWN(P64*Q64,2) -> 37.8 | T64: Muro Divisa Fundos | U64: 16 | V64: 2 | W64: =ROUNDDOWN(U64*V64,2) -> 32
L65: Circulação 1 | M65: 0.9 | O65: Banheiro Feminino (Teto) | P65: 3.25 | Q65: 1.4 | R65: =ROUNDDOWN(P65*Q65,2) -> 4.55 | T65: Muro Divisa Esquerda | U65: 54.75 | V65: 2.8 | W65: =ROUNDDOWN(U65*V65,2) -> 153.3
L66: Escada | M66: 1.8 | O66: Circulação 2 (Teto) | P66: 9.2 | Q66: 1.2 | R66: =ROUNDDOWN(P66*Q66,2) -> 11.04 | T66: TOTAL | W66: =SUM(W56:W65) -> 770.14
L67: Refeitório | M67: 2.8 | O67: Circulação 2 (Paredes) | P67: 20.8 | Q67: 3 | R67: =ROUNDDOWN(P67*Q67,2) -> 62.4
L68: Despensa | M68: 0.8 | O68: Circulação 1 (Teto) | P68: 7.5 | Q68: 1.2 | R68: =ROUNDDOWN(P68*Q68,2) -> 9
L69: Reserva de Armamento | M69: 0.8 | O69: Circulação 1 (Paredes) | P69: 17.4 | Q69: 3 | R69: =ROUNDDOWN(P69*Q69,2) -> 52.2
L70: Arquivo 1 | M70: 0.8 | O70: Despensa (Teto) | P70: 3.25 | Q70: 1.4 | R70: =ROUNDDOWN(P70*Q70,2) -> 4.55
L71: Sala de Comando | M71: 0.8 | O71: Despensa (Paredes) | P71: 9.3 | Q71: 3 | R71: =ROUNDDOWN(P71*Q71,2) -> 27.9
L72: Recepção 1 | M72: 0.9 | O72: Reserva Armamentos (Teto) | P72: 3.25 | Q72: 1.8 | R72: =ROUNDDOWN(P72*Q72,2) -> 5.85
L73: Arquivo 2 | M73: 0.7 | O73: Reserva Armamentos (Paredes) | P73: 10.1 | Q73: 3 | R73: =ROUNDDOWN(P73*Q73,2) -> 30.3
L74: Sanitário Masculino | M74: 0.9 | O74: Escada (Fundo) | P74: AutoCAD | Q74: AutoCAD | R74: 6.3
L75: Sanitário Feminino | M75: 0.9 | O75: Escada (Paredes) | P75: 9.74 | Q75: 6.2 | R75: =ROUNDDOWN(P75*Q75,2) -> 60.38
L76: Recepção 2 | M76: =3.3 -> 3.3 | O76: Arquivo 1 (Teto) | P76: 3.75 | Q76: 1.833 | R76: 6.86
L77: Hall da Escada | M77: 0.9 | O77: Arquivo 1 (Paredes) | P77: 11.16 | Q77: 3 | R77: =ROUNDDOWN(P77*Q77,2) -> 33.48
L78: Sanitários | M78: 0.8 | O78: Sala de Comando (Teto) | P78: 3.75 | Q78: 3.35 | R78: =ROUNDDOWN(P78*Q78,2) -> 12.56
L79: Depósito de Evidências Criminais | M79: 0.8 | O79: Sala de Comando (Paredes) | P79: 14.2 | Q79: 3 | R79: =ROUNDDOWN(P79*Q79,2) -> 42.6
L80: TOTAL | M80: =SUM(M56:M79) -> 30.75 | O80: Recepção 1 (Teto) | P80: 6.4 | Q80: 2 | R80: =ROUNDDOWN(P80*Q80,2) -> 12.8
O81: Recepção 1 (Paredes) | P81: 16.8 | Q81: 3 | R81: =ROUNDDOWN(P81*Q81,2) -> 50.4
O82: Recepção 2 (Paredes) | P82: 12.5 | Q82: 3.8 | R82: =ROUNDDOWN(P82*Q82,2) -> 47.5
O83: Arquivo 2 (Teto) | P83: 2 | Q83: 1.4 | R83: =ROUNDDOWN(P83*Q83,2) -> 2.8
O84: Arquivo 2 (Paredes) | P84: 6.8 | Q84: 3 | R84: =ROUNDDOWN(P84*Q84,2) -> 20.4
O85: Sanitário Masculino 1 (Piso) | P85: 2 | Q85: 2 | R85: =ROUNDDOWN(P85*Q85,2) -> 4
O86: Sanitário Feminino 1 (Piso) | P86: 2 | Q86: 2 | R86: =ROUNDDOWN(P86*Q86,2) -> 4
O87: SUBTOTAL TÉRREO | R87: =SUM(R56:R86) -> 691.88
O88: PISO SUPERIOR
O89: Local | P89: Comp./Perímetro [m] | Q89: Larg./Altura [m] | R89: Área [m²]
